Workbook

Sheet XXXX

Sheet pagecouvert.
A6: Banque de la République d’Haïti
A19: RAPPORT "STATISTIQUES" ET INDICATEURS FINANCIERS
A27: DONNÉES FINANCIÈRES TRIMESTRIELLES
A28: DES ÉTABLISSEMENTS BANCAIRES
L37: TRIM 1 2015
J38: (1er octobre au 30 décembre 2014)

Sheet tabmat
A1: TABLE DES MATIÈRES
B3: NOTE AUX UTILISATEURS | N3: i
A5: SECTION 1 | B5: GRAPHES ET TABLEAUX
B6: Évolution du bilan | N6: 5
B7: Évolution des résultats | N7: 12
B8: Évolution du nombre d'employés | N8: 18
B9: Évolution du nombre de prêts | N9: 19
B10: Évolution du nombre de dépôts | N10: 20
A12: SECTION 2 | B12: SOMMAIRE FINANCIER - SYSTÈME BANCAIRE
B13: Indicateurs financiers | N13: 26
B14: Parts de marché | N14: 27
B15: Bilan
B16: Analyse des variations | N16: 32
B17: Analyse de la composition | N17: 33
B18: Devises et Gourdes | N18: 34
B19: Résultats
B20: Analyse des variations trimestrielles | N20: 35
B21: Analyse des variations annuelles | N21: 36
A23: SECTION 3 | B23: SOMMAIRE FINANCIER DÉTAILLÉ - SYSTÈME BANCAIRE
B24: Faits saillants financiers | N24: 38
B25: Ratios financiers clés décembre 2014 | N25: 39
B26: Ratios financiers clés septembre 2014 | N26: 40
B27: Ratios financiers clés juin 2014 | N27: 41
B28: Ratios financiers clés mars 2014 | N28: 42
B29: Ratios financiers clés décembre 2013 | N29: 43
B30: Ratios financiers clés septembre 2013 | N30: 44
B31: Ratios financiers clés juin 2013 | N31: 45
B32: Ratios financiers clés mars 2013 | N32: 46
B33: Ratios financiers clés décembre 2012 | N33: 47
B34: Bilan au 31 décembre 2014
B35: Gourdes et devises | N35: 48
B36: Gourdes seulement | N36: 49
B37: Devises seulement | N37: 50
B38: Bilan au 30 septembre 2014 | N38: 51
B39: Bilan au 30 juin 2014 | N39: 52
B40: Bilan au 31 mars 2014 | N40: 53
B41: Bilan au 31 décembre 2013 | N41: 54
B42: Bilan au 30 juin 2013 | N42: 55
B43: Bilan au 31 mars 2013 | N43: 56
B44: Bilan au 31 décembre 2012 | N44: 57
B45: Bilan au 30 septembre 2013 | N45: 58
B46: Bilan au 30 septembre 2012 | N46: 59
... B50: Résultats (Cumul oct. 2013 - sept. 2014 / Cumul oct. 2012 - sept. 2013) | N50: 63
A52: SECTION 4 | B52: STATISTIQUES PAR BANQUE
B53: BNC (Banque Nationale de Crédit) | N53: 65
B54: BPH (Banque Populaire Haïtienne) | N54: 71
B55: BUH (Banque de l'Union Haïtienne) | N55: 77
B56: CAPITALBK (Capital Bank) | N56: 83
B57: CBNA (Citibank N.A.) | N57: 89
B58: SCOTIA (Scotia Bank) | N58: 95
B59: SOGEBK (Société Générale Haïtienne de Banque) | N59: 101
B60: SOGEBL (Société Générale Haïtienne de Banque d'Epargne et de Logement) | N60: 107
B61: UNIBK (Unibank) | N61: 113
A63: SECTION 5 | B63: RESPECT DES NORMES PRUDENTIELLES
B64: Limite relative à la position nette de change des banques | N64: 120
B65: Limites relatives à la concentration des risques de crédit | N65: 121
A66: ANNEXE 1 | B66: Suffisance des fonds propres | N66: 161
B68: Information sur le calcul des ratios financiers clés | N68: 163

Sheet Noteutili
A1: NOTE AUX UTILISATEURS
C4: Ce rapport a été préparé par la Direction de la Supervision de la Banque de la République d'Haïti (BRH) à partir des
C5: informations périodiques soumises par les établissements bancaires.
C7: Ce rapport ne constitue pas une analyse de la performance financière des établissements bancaires effectuée par la BRH.
C8: Toute conclusion tirée de ce rapport n'engage que l'utilisateur et ne saurait en aucune manière être attribuée à la BRH.
C10: Ce rapport comporte les cinq sections suivantes :
C11: Section 1 : Graphes et tableaux
C12: Section 2 : Sommaire financier (sommaire consolidé de l'ensemble des banques)
C13: Section 3 : Sommaire financier détaillé (sommaire détaillé banque par banque)
C14: Section 4 : Statistiques par banque ( données financières et indicateurs financiers banque par banque)
C15: Section 5 : Respect des normes prudentielles
C17: Les périodes TRIM 1 2015 et TRIM 1 2014 doivent être lues comme premier trimestre de l'exercice fiscal 2014-2015
C18: (1er octobre au 31 décembre 2014) et premier trimestre de l'exercice fiscal 2013-2014 (1er octobre au 31 décembre 2013).
... C22: 1er octobre 2014 au 31 décembre 2014 et période cumulative allant du 1er octobre 2013 au 31 décembre 2013.

Sheet pageint.sect1
A16: SECTION 1
A19: SOMMAIRE FINANCIER EN GRAPHES

Sheet actifs

Sheet dispo.

Sheet bonsbrh

Sheet prêts nets

Sheet dépôts

Sheet dépôts us

Sheet av.desact.

Sheet revint.

Sheet m.net%revint

Sheet aut.rev.

Sheet fraisd'expl.

Sheet f.d'exp%pnb

Sheet bénef.net

Sheet employés
A2: SOMMAIRE FINANCIER EN GRAPHES
A3: NOMBRE D'EMPLOYÉS PAR BANQUE
C6: BICH | E6: BNC | G6: BPH | I6: BUH | K6: PROMOBK | M6: SOCABK | O6: SOCABL | Q6: SOGEBK | S6: UNIBK | U6: CAPITALBK | W6: SOGEBL | X6: BHD | Z6: CBNA | AB6: SCOTIA | AC6: TOTAL
A8: Sept. 1998 | C8: 10 | E8: 543 | G8: 102 | I8: 335 | K8: 165 | M8: 144 | O8: 0 | Q8: 515 | S8: 326 | U8: 94 | W8: 44 | X8: 0 | Z8: 53 | AB8: 80 | AC8: =SUM(C8:AB8) -> 2411
A10: Déc. 1998 | C10: 10 | E10: 452 | G10: 111 | I10: 364 | K10: 163 | M10: 150 | O10: 0 | Q10: 514 | S10: 368 | U10: 97 | W10: 46 | X10: 0 | Z10: 54 | AB10: 81 | AC10: 2591
A12: Mars 1999 | C12: 10 | E12: 454 | G12: 105 | I12: 371 | K12: 161 | M12: 152 | O12: 0 | Q12: 543 | S12: 392 | U12: 120 | W12: 49 | X12: 0 | Z12: 56 | AB12: 82 | AC12: 2670
A14: Juin 1999 | C14: 10 | E14: 452 | G14: 106 | I14: 376 | K14: 160 | M14: 164 | O14: 0 | Q14: 694 | S14: 381 | U14: 124 | W14: 49 | X14: 0 | Z14: 56 | AB14: 82 | AC14: 2654
A16: Sept. 1999 | C16: 10 | E16: 316 | G16: 107 | I16: 383 | K16: 164 | M16: 177 | O16: 0 | Q16: 750 | S16: 412 | U16: 157 | W16: 48 | X16: 0 | Z16: 51 | AB16: 84 | AC16: 2659
A18: Déc. 1999 | C18: 9 | E18: 233 | G18: 111 | I18: 385 | K18: 164 | M18: 188 | O18: 0 | Q18: 806 | S18: 455 | U18: 146 | W18: 50 | X18: 22 | Z18: 59 | AB18: 84 | AC18: 2712
A20: Mars 2000 | C20: 10 | E20: 233 | G20: 110 | I20: 389 | K20: 164 | M20: 206 | O20: 0 | Q20: 826 | S20: 492 | U20: 146 | W20: 56 | X20: 23 | Z20: 60 | AB20: 84 | AC20: 2799
A22: Juin 2000 | C22: 10 | E22: 195 | G22: 105 | I22: 377 | K22: 165 | M22: 218 | O22: 0 | Q22: 890 | S22: 547 | U22: 154 | W22: 55 | X22: 18 | Z22: 59 | AB22: 87 | AC22: 2880
A24: Sept. 2000 | C24: 10 | E24: 213 | G24: 103 | I24: 310 | K24: 168 | M24: 230 | O24: 0 | Q24: 969 | S24: 570 | U24: 190 | W24: 55 | X24: 22 | Z24: 60 | AB24: 89 | AC24: =+C24+E24+G24+I24+K24+M24+Q24+S24+U24+W24+X24+Z24+AB24 -> 2989
A26: Déc. 2000 | C26: 11 | E26: 213 | G26: 102 | I26: 306 | K26: 174 | M26: 236 | O26: 0 | Q26: 986 | R26: * | S26: 596 | U26: 184 | W26: 56 | X26: 30 | Z26: 63 | AB26: 90 | AC26: =+C26+E26+G26+I26+K26+M26+Q26+S26+U26+X26+Z26+AB26 -> 2991
A28: Mars 2001 | C28: 11 | E28: 238 | G28: 100 | I28: 281 | K28: 181 | M28: 262 | O28: 0 | Q28: 1130 | R28: * | S28: 597 | U28: 195 | W28: 58 | X28: 29 | Z28: 65 | AB28: 90 | AC28: =+C28+E28+G28+I28+K28+M28+Q28+S28+U28+X28+Z28+AB28 -> 3179
A30: Juin 2001 | C30: 10 | E30: 214 | G30: 98 | I30: 287 | K30: 182 | M30: 277 | O30: 0 | Q30: 997 | S30: 621 | U30: 203 | W30: 61 | X30: 33 | Z30: 65 | AB30: 90 | AC30: =+C30+E30+G30+I30+K30+M30+Q30+S30+U30+X30+Z30+AB30 -> 3077
A32: Sept. 2001 | C32: 10 | E32: 208 | G32: 96 | I32: 257 | K32: 186 | M32: 290 | O32: 0 | Q32: 1100 | S32: 688 | U32: 216 | W32: 58 | X32: 28 | Z32: 66 | AB32: 90 | AC32: =+C32+E32+G32+I32+K32+M32+Q32+S32+U32+W32+X32+Z32+AB32+W32 -> 3351
A34: Déc. 2001 | C34: 10 | E34: 194 | G34: 99 | I34: 263 | K34: 195 | M34: 302 | O34: 0 | Q34: 1042 | S34: 720 | U34: 225 | W34: 59 | X34: 31 | Z34: 62 | AB34: 90 | AC34: =+C34+E34+G34+I34+K34+M34+Q34+S34+U34+W34+X34+Z34+AB34+W34 -> 3351
A36: Mars 2002 | C36: 10 | E36: 215 | G36: 99 | I36: 249 | K36: 168 | M36: 315 | O36: 0 | Q36: 1055 | S36: 830 | U36: 227 | W36: 60 | X36: 0 | Z36: 58 | AB36: 88 | AC36: =+C36+E36+G36+I36+K36+M36+Q36+S36+U36+W36+Z36+AB36+W36 -> 3434
A38: Juin 2002 | C38: 10 | E38: 231 | G38: 104 | I38: 244 | K38: 165 | M38: 326 | O38: 20 | Q38: 988 | S38: 749 | U38: 222 | W38: 59 | X38: 0 | Z38: 57 | AB38: 90 | AC38: =+C38+E38+G38+I38+K38+M38+O38+Q38+S38+U38+W38+Z38+AB38+W38 -> 3324
A40: Sept. 2002 | C40: 10 | E40: 237 | G40: 109 | I40: 249 | K40: 170 | M40: 321 | O40: 20 | Q40: 972 | S40: 753 | U40: 216 | W40: 60 | X40: 0 | Z40: 60 | AB40: 88 | AC40: =+C40+E40+G40+I40+K40+M40+O40+Q40+S40+U40+W40+Z40+AB40 -> 3265
A42: Déc. 2002 | C42: 9 | E42: 243 | G42: 112 | I42: 358 | K42: 176 | M42: 329 | O42: 20 | Q42: 836 | S42: 662 | U42: 237 | W42: 58 | X42: 0 | Z42: 57 | AB42: 88 | AC42: =+C42+E42+G42+I42+K42+M42+O42+Q42+S42+U42+W42+Z42+AB42 -> 3185
A44: Mars 2003 | C44: 10 | E44: 261 | G44: 119 | I44: 343 | K44: 172 | M44: 350 | O44: 20 | Q44: 831 | S44: 676 | U44: 220 | W44: 60 | X44: 0 | Z44: 50 | AB44: 88 | AC44: =+C44+E44+G44+I44+K44+M44+O44+Q44+S44+U44+W44+Z44+AB44 -> 3200
A46: Juin 2003 | C46: 9 | E46: 260 | G46: 116 | I46: 345 | K46: 175 | M46: 375 | O46: 23 | Q46: 831 | S46: 686 | U46: 231 | W46: 61 | X46: 0 | Z46: 48 | AB46: 90 | AC46: =+C46+E46+G46+I46+K46+M46+O46+Q46+S46+U46+W46+Z46+AB46 -> 3250
A48: Sept. 2003 | C48: 10 | E48: 269 | G48: 131 | I48: 362 | K48: 181 | M48: 358 | O48: 23 | Q48: 841 | S48: 695 | U48: 247 | W48: 57 | X48: 0 | Z48: 48 | AB48: 83 | AC48: =+C48+E48+G48+I48+K48+M48+O48+Q48+S48+U48+W48+Z48+AB48 -> 3305
A50: Déc. 2003 | C50: 10 | E50: 270 | G50: 120 | I50: 365 | K50: 182 | M50: 377 | O50: 23 | Q50: 868 | S50: 741 | U50: 264 | W50: 61 | X50: 0 | Z50: 48 | AB50: 88 | AC50: =+C50+E50+G50+I50+K50+M50+O50+Q50+S50+U50+W50+Z50+AB50 -> 3417
A52: Mars 2004 | C52: 8 | E52: 287 | G52: 118 | I52: 371 | K52: 198 | M52: 362 | O52: 23 | Q52: 863 | S52: 751 | U52: 268 | W52: 61 | X52: 0 | Z52: 49 | AB52: 88 | AC52: =+C52+E52+G52+I52+K52+M52+O52+Q52+S52+U52+W52+Z52+AB52 -> 3447
A54: Juin 2004 | C54: 9 | E54: 293 | G54: 119 | I54: 379 | K54: 201 | M54: 360 | O54: 23 | Q54: 820 | S54: 756 | U54: 271 | W54: 59 | X54: 0 | Z54: 45 | AB54: 83 | AC54: =+C54+E54+G54+I54+K54+M54+O54+Q54+S54+U54+W54+Z54+AB54 -> 3418
A56: Sept. 2004 | C56: 9 | E56: 293 | G56: 118 | I56: 376 | K56: 198 | M56: 367 | O56: 23 | Q56: 898 | S56: 762 | U56: 299 | W56: 62 | X56: 0 | Z56: 47 | AB56: 80 | AC56: =+C56+E56+G56+I56+K56+M56+O56+Q56+S56+U56+W56+Z56+AB56 -> 3532
A58: Déc. 2004 | C58: 10 | E58: 308 | G58: 119 | I58: 390 | K58: 200 | M58: 392 | O58: 25 | Q58: 911 | S58: 726 | U58: 280 | W58: 55 | X58: 0 | Z58: 49 | AB58: 84 | AC58: =+C58+E58+G58+I58+K58+M58+O58+Q58+S58+U58+W58+Z58+AB58 -> 3549
A60: Mars 2005 | C60: 10 | E60: 308 | G60: 118 | I60: 384 | K60: 202 | M60: 404 | O60: 24 | Q60: 912 | S60: 754 | U60: 294 | W60: 54 | X60: 0 | Z60: 46 | AB60: 91 | AC60: =+C60+E60+G60+I60+K60+M60+O60+Q60+S60+U60+W60+Z60+AB60 -> 3601
A62: Juin 2005 | C62: 9 | E62: 350 | G62: 117 | I62: 391 | K62: 198 | M62: 378 | O62: 25 | Q62: 922 | S62: 748 | U62: 279 | W62: 55 | X62: 0 | Z62: 47 | AB62: 97 | AC62: =+C62+E62+G62+I62+K62+M62+O62+Q62+S62+U62+W62+Z62+AB62 -> 3616
... A68: Mars 2006 | C68: 9 | E68: 306 | G68: 124 | I68: 486 | K68: 180 | M68: 454 | O68: 16 | Q68: 956 | S68: 817 | U68: 284 | W68: 55 | X68: 0 | Z68: 45 | AB68: 97 | AC68: =+C68+E68+G68+I68+K68+M68+O68+Q68+S68+U68+W68+Z68+AB68 -> 3829
A70: Juin 2006 | C70: 0 | E70: 329 | G70: 125 | I70: 476 | K70: 177 | M70: 428 | O70: N/A | Q70: 975 | S70: 842 | U70: 277 | W70: 52 | X70: 0 | Z70: 41 | AB70: 90 | AC70: =+C70+E70+G70+I70+K70+M70+Q70+S70+U70+W70+Z70+AB70 -> 3812
A72: Sept. 2006 | C72: 0 | E72: 314 | G72: 126 | I72: 348 | K72: N/A | M72: 413 | O72: N/A | Q72: 1192 | S72: 874 | U72: 281 | W72: 57 | X72: 0 | Z72: 47 | AB72: 97 | AC72: =+C72+E72+G72+I72+M72+Q72+S72+U72+W72+Z72+AB72 -> 3749
A74: Déc. 2006 | C74: 0 | E74: 323 | G74: 128 | I74: 328 | K74: N/A | M74: 424 | O74: N/A | Q74: 1216 | S74: 919 | U74: 280 | W74: 57 | X74: 0 | Z74: 46 | AB74: 97 | AC74: =+C74+E74+G74+I74+M74+Q74+S74+U74+W74+Z74+AB74 -> 3818
A76: Mars 2007 | C76: 0 | E76: 737 | G76: 132 | I76: 354 | K76: N/A | M76: N/A | O76: N/A | Q76: 1192 | S76: 920 | U76: 295 | W76: 58 | X76: 0 | Z76: 46 | AB76: 97 | AC76: =+C76+E76+G76+I76+Q76+S76+U76+W76+Z76+AB76 -> 3831
A78: Juin 2007 | C78: 0 | E78: 677 | G78: 128 | I78: 360 | K78: N/A | M78: N/A | O78: N/A | Q78: 1212 | S78: 929 | U78: 302 | W78: 60 | X78: 0 | Z78: 44 | AB78: 97 | AC78: =+C78+E78+G78+I78+Q78+S78+U78+W78+Z78+AB78 -> 3809
A80: Sept. 2007 | C80: 0 | E80: 884 | G80: 126 | I80: 380 | K80: N/A | M80: N/A | O80: N/A | Q80: 1168 | S80: 994 | U80: 309 | W80: 59 | X80: 0 | Z80: 46 | AB80: 97 | AC80: =+C80+E80+G80+I80+Q80+S80+U80+W80+Z80+AB80 -> 4063
A82: Déc. 2007 | C82: 0 | E82: 526 | G82: 133 | I82: 513 | K82: N/A | M82: N/A | O82: N/A | Q82: 1155 | S82: 1073 | U82: 312 | W82: 60 | X82: 0 | Z82: 47 | AB82: 90 | AC82: =+C82+E82+G82+I82+Q82+S82+U82+W82+Z82+AB82 -> 3909
A84: Mars 2008 | C84: 0 | E84: 526 | G84: 135 | I84: 365 | K84: N/A | M84: N/A | O84: N/A | Q84: 1214 | S84: 1122 | U84: 317 | W84: 63 | X84: 0 | Z84: 44 | AB84: 90 | AC84: =+C84+E84+G84+I84+Q84+S84+U84+W84+Z84+AB84 -> 3876
A86: Juin 2008 | C86: 0 | E86: 494 | G86: 131 | I86: 356 | K86: N/A | M86: N/A | O86: N/A | Q86: 1246 | S86: 1116 | U86: 349 | W86: 61 | X86: 0 | Z86: 44 | AB86: 91 | AC86: =+C86+E86+G86+I86+Q86+S86+U86+W86+Z86+AB86 -> 3888
A88: Sept. 2008 | C88: 0 | E88: 545 | G88: 138 | I88: 353 | K88: N/A | M88: N/A | O88: N/A | Q88: 1245 | S88: 1120 | U88: 314 | W88: 62 | X88: 0 | Z88: 41 | AB88: 91 | AC88: =+C88+E88+G88+I88+Q88+S88+U88+W88+Z88+AB88 -> 3909
A90: Déc. 2008 | C90: 0 | E90: 525 | G90: 139 | I90: 307 | K90: N/A | M90: N/A | O90: N/A | Q90: 1264 | S90: 1159 | U90: 345 | W90: 63 | X90: 0 | Z90: 41 | AB90: 91 | AC90: =+C90+E90+G90+I90+Q90+S90+U90+W90+Z90+AB90 -> 3934
A92: Mars 2009 | C92: 0 | E92: 518 | G92: 138 | I92: 295 | K92: N/A | M92: N/A | O92: N/A | Q92: 1263 | S92: 1156 | U92: 346 | W92: 59 | X92: 0 | Z92: 38 | AB92: 88 | AC92: =+C92+E92+G92+I92+Q92+S92+U92+W92+Z92+AB92 -> 3901
A94: Juin 2009 | C94: 0 | E94: 570 | G94: 137 | I94: 289 | K94: N/A | M94: N/A | O94: N/A | Q94: 1256 | S94: 1125 | U94: 368 | W94: 61 | X94: 0 | Z94: 42 | AB94: 88 | AC94: =+C94+E94+G94+I94+Q94+S94+U94+W94+Z94+AB94 -> 3936
A96: Sept. 2009 | C96: 0 | E96: 560 | G96: 135 | I96: 270 | K96: N/A | M96: N/A | O96: N/A | Q96: 1272 | S96: 1111 | U96: 379 | W96: 60 | X96: 0 | Z96: 44 | AB96: 88 | AC96: =+C96+E96+G96+I96+Q96+S96+U96+W96+Z96+AB96 -> 3919
A98: Déc. 2009 | C98: 0 | E98: 560 | G98: 137 | I98: 272 | K98: N/A | M98: N/A | O98: N/A | Q98: 1304 | S98: 1084 | U98: 382 | W98: 62 | X98: 0 | Z98: 44 | AB98: 97 | AC98: =+C98+E98+G98+I98+Q98+S98+U98+W98+Z98+AB98 -> 3942
... A138: Déc. 2014 | C138: 0 | E138: 647 | G138: 155 | I138: 192 | K138: N/A | M138: N/A | O138: N/A | Q138: 1454 | S138: 1124 | U138: 531 | W138: 68 | X138: 0 | Z138: 32 | AB138: 85 | AC138: =+C138+E138+G138+I138+Q138+S138+U138+W138+Z138+AB138 -> 4288

Sheet nbre de prêts
A3: SOMMAIRE FINANCIER EN GRAPHES
A4: EVOLUTION DU NOMBRE DE PRÊTS PAR BANQUE
B7: BICH | D7: BNC | F7: BPH | H7: BUH | J7: PROMOBK | L7: SOCABK | N7: SOCABL | P7: SOGEBK | R7: UNIBK | T7: CAPITALBK | V7: SOGEBL | W7: BHD | Y7: CBNA | AA7: SCOTIA | AB7: TOTAL
A9: Déc. 1998 | B9: 160 | D9: =8476+50 -> 8526 | F9: =1353+314 -> 1667 | H9: 2858 | J9: =1017+503 -> 1520 | L9: =416+299 -> 715 | N9: 0 | P9: =651+1041 -> 1692 | R9: =624+350 -> 974 | T9: =624+63 -> 687 | V9: =547+16 -> 563 | W9: 0 | Y9: =156+69 -> 225 | AA9: =1290+193 -> 1483 | AB9: =SUM(B9:AA9) -> 21070
A11: Mars 1999 | B11: 0 | D11: =7299+50 -> 7349 | F11: =1374+318 -> 1692 | H11: =2475+767 -> 3242 | J11: =1035+516 -> 1551 | L11: =476+302 -> 778 | N11: 0 | P11: =662+942 -> 1604 | R11: =621+402 -> 1023 | T11: =564+109 -> 673 | V11: =505+15 -> 520 | W11: 0 | Y11: =152+68 -> 220 | AA11: =1461+196 -> 1657 | AB11: =SUM(B11:AA11) -> 20309
A13: Juin 1999 | B13: 0 | D13: =5962+50 -> 6012 | F13: =1472+331 -> 1803 | H13: =686+2533 -> 3219 | J13: =932+533 -> 1465 | L13: =531+267 -> 798 | N13: 0 | P13: =1214+1070 -> 2284 | R13: =573+402 -> 975 | T13: =1306+134 -> 1440 | V13: =495+13 -> 508 | W13: 0 | Y13: =256+76 -> 332 | AA13: =1425+200 -> 1625 | AB13: =SUM(B13:AA13) -> 20461
A15: Sept. 1999 | B15: 232 | D15: =3906+50 -> 3956 | F15: =1528+304 -> 1832 | H15: =580+3149 -> 3729 | J15: =1095+497 -> 1592 | L15: =577+258 -> 835 | N15: 0 | P15: =1181+428 -> 1609 | R15: =622+434 -> 1056 | T15: =712+110 -> 822 | V15: =552+14 -> 566 | W15: 0 | Y15: =175+81 -> 256 | AA15: =1450+200 -> 1650 | AB15: =SUM(B15:AA15) -> 18135
A17: Déc. 1999 | B17: =226+4 -> 230 | D17: =3717+50 -> 3767 | F17: =1542+310 -> 1852 | H17: =783+2969 -> 3752 | J17: 0 | L17: =610+250 -> 860 | N17: 0 | P17: =1173+395 -> 1568 | R17: =660+457 -> 1117 | T17: =736+114 -> 850 | V17: =542+16 -> 558 | W17: 6 | Y17: =185+81 -> 266 | AA17: =1418+190 -> 1608 | AB17: =SUM(B17:AA17) -> 16434
A19: Mars 2000 | B19: 239 | D19: 3767 | F19: 1802 | H19: 3752 | J19: 0 | L19: 933 | N19: 0 | P19: 1598 | R19: 1257 | T19: 755 | V19: 556 | W19: 11 | Y19: 271 | AA19: 1605 | AB19: =SUM(B19:AA19) -> 16546
A21: Juin 2000 | B21: 247 | D21: 3511 | F21: 1803 | H21: 4449 | J21: 0 | L21: 1074 | N21: 0 | P21: 1556 | R21: 1491 | T21: 813 | V21: 545 | W21: 17 | Y21: 280 | AA21: 1580 | AB21: =SUM(B21:AA21) -> 17366
A23: Sept. 2000 | B23: 70 | D23: 3443 | F23: 1773 | H23: 4999 | J23: 0 | L23: 1458 | N23: 0 | P23: 1499 | R23: 1512 | T23: 980 | V23: 529 | W23: 28 | Y23: 266 | AA23: 1586 | AB23: =SUM(B23:AA23) -> 18143
A25: Déc. 2000 | B25: 82 | D25: 1705 | F25: 1768 | H25: =4693+180 -> 4873 | J25: 490 | L25: =897+253 -> 1150 | N25: 0 | P25: =1215+347 -> 1562 | R25: =1088+571 -> 1659 | T25: 907 | V25: 522 | W25: 39 | Y25: 242 | AA25: =1426+130 -> 1556 | AB25: =SUM(B25:AA25) -> 16555
A27: Mars 2001 | B27: =67+5 -> 72 | D27: =3000+50 -> 3050 | F27: =1434+327 -> 1761 | H27: =5000+177 -> 5177 | J27: =1017+503 -> 1520 | L27: =867+258 -> 1125 | N27: 0 | P27: =1262+355 -> 1617 | R27: =1267+523 -> 1790 | T27: =666+134 -> 800 | V27: =504+15 -> 519 | W27: 42 | Y27: =150+74 -> 224 | AA27: =1430+131 -> 1561 | AB27: =SUM(B27:AA27) -> 19258
A29: Juin 2001 | B29: =65+5 -> 70 | D29: =2910+50 -> 2960 | F29: =1239+332 -> 1571 | H29: =4700+163 -> 4863 | J29: N/A | L29: =845+247 -> 1092 | N29: 0 | P29: =1354+363 -> 1717 | R29: =1294+535 -> 1829 | T29: =703+142 -> 845 | V29: =479+16 -> 495 | W29: =48+13 -> 61 | Y29: =152+69 -> 221 | AA29: 1445.134 | AB29: =SUM(B29:AA29) -> 17169.134
A31: Sept. 2001 | B31: =81+5 -> 86 | D31: =2831+50 -> 2881 | F31: =1234+322 -> 1556 | H31: =4471+174 -> 4645 | J31: =305+106 -> 411 | L31: =801+251 -> 1052 | N31: 0 | P31: =1325+354 -> 1679 | R31: =1677+521 -> 2198 | T31: =642+146 -> 788 | V31: =478+18 -> 496 | W31: 67 | Y31: =144+65 -> 209 | AA31: =1450+132 -> 1582 | AB31: =SUM(B31:AA31) -> 17650
A33: Déc. 2001 | B33: =92+5 -> 97 | D33: =1974+50 -> 2024 | F33: =1226+324 -> 1550 | H33: =3696+188 -> 3884 | J33: =312+122 -> 434 | L33: =765+264 -> 1029 | N33: 0 | P33: =1387+367 -> 1754 | R33: =1782+572 -> 2354 | T33: =301+114 -> 415 | V33: =475+17 -> 492 | W33: 69 | Y33: =146+55 -> 201 | AA33: 1379 | AB33: =SUM(B33:AA33) -> 15682
A35: Mars 2002 | B35: 0 | D35: 2175 | F35: =1455+270 -> 1725 | H35: =3209+112 -> 3321 | J35: =309+137 -> 446 | L35: =701+254 -> 955 | N35: 0 | P35: =1428+362 -> 1790 | R35: =835+485 -> 1320 | T35: =305+120 -> 425 | V35: =472+17 -> 489 | W35: ** | Y35: =107+60 -> 167 | AA35: =1230+129 -> 1359 | AB35: =SUM(B35:AA35) -> 14172
A37: Juin 2002 | B37: =57+5 -> 62 | D37: 2054 | F37: =1599+274 -> 1873 | H37: =2276+111 -> 2387 | J37: =313+151 -> 464 | L37: =630+241 -> 871 | N37: =8+2 -> 10 | P37: =1579+346 -> 1925 | R37: =815+475 -> 1290 | T37: =330+123 -> 453 | V37: =473+14 -> 487 | W37: ** | Y37: =118+61 -> 179 | AA37: =1283+136 -> 1419 | AB37: =SUM(B37:AA37) -> 13474
A39: Sept. 2002 | B39: =52+2 -> 54 | D39: 2054 | F39: =1216+217 -> 1433 | H39: =1583+108 -> 1691 | J39: =310+166 -> 476 | L39: =586+242 -> 828 | N39: 10 | P39: =1724+322 -> 2046 | R39: =4554+500 -> 5054 | T39: =356+112 -> 468 | V39: =478+13 -> 491 | W39: ** | Y39: =126+62 -> 188 | AA39: =1303+137 -> 1440 | AB39: =SUM(B39:AA39) -> 16233
A41: Déc. 2002 | B41: =56+2 -> 58 | D41: 6362 | F41: =1743+217 -> 1960 | H41: =1269+101 -> 1370 | J41: =320+209 -> 529 | L41: =579+231 -> 810 | N41: =49+4 -> 53 | P41: =1999+354 -> 2353 | R41: =840+575 -> 1415 | T41: =325+134 -> 459 | V41: =464+12 -> 476 | W41: ** | Y41: =119+68 -> 187 | AA41: =1312+137 -> 1449 | AB41: =SUM(B41:AA41) -> 17481
A43: Mars 2003 | B43: =35+3 -> 38 | D43: 9881 | F43: =1736+229 -> 1965 | H43: =1367+98 -> 1465 | J43: =805+387 -> 1192 | L43: =542+227 -> 769 | N43: =49+4 -> 53 | P43: =2290+364 -> 2654 | R43: =893+557 -> 1450 | T43: =331+129 -> 460 | V43: =472+13 -> 485 | W43: ** | Y43: =112+64 -> 176 | AA43: =1344+139 -> 1483 | AB43: =SUM(B43:AA43) -> 22071
A45: Juin 2003 | B45: =37+3 -> 40 | D45: 10777 | F45: =1782+227 -> 2009 | H45: =1285+96 -> 1381 | J45: =730+363 -> 1093 | L45: =544+229 -> 773 | N45: =77+7 -> 84 | P45: =2522+420 -> 2942 | R45: =908+532 -> 1440 | T45: =361+122 -> 483 | V45: =475+13 -> 488 | W45: ** | Y45: =116+63 -> 179 | AA45: =1362+139 -> 1501 | AB45: =SUM(B45:AA45) -> 23190
A47: Sept. 2003 | B47: =36+3 -> 39 | D47: 11572 | F47: =1855+198 -> 2053 | H47: =1597+102 -> 1699 | J47: =772+383 -> 1155 | L47: =552+227 -> 779 | N47: =83+8 -> 91 | P47: =2671+458 -> 3129 | R47: =877+536 -> 1413 | T47: =371+129 -> 500 | V47: =469+13 -> 482 | W47: ** | Y47: =93+52 -> 145 | AA47: 0 | AB47: =SUM(B47:AA47) -> 23057
A49: Déc. 2003 | B49: =38+1 -> 39 | D49: 11436 | F49: =1627+223 -> 1850 | H49: =1749+89 -> 1838 | J49: =868+446 -> 1314 | L49: =538+230 -> 768 | N49: =83+9 -> 92 | P49: =2830+525 -> 3355 | R49: =1355+396 -> 1751 | T49: =424+146 -> 570 | V49: =480+12 -> 492 | W49: ** | Y49: 0 | AA49: =1498+143 -> 1641 | AB49: =SUM(B49:AA49) -> 25146
A51: Mars 2004 | B51: =37+2 -> 39 | D51: 9683 | F51: =1724+264 -> 1988 | H51: =1978+82 -> 2060 | J51: =795+401 -> 1196 | L51: =519+239 -> 758 | N51: =82+10 -> 92 | P51: =2914+561 -> 3475 | R51: =1364+408 -> 1772 | T51: =452+155 -> 607 | V51: =465+11 -> 476 | W51: ** | Y51: =68+44 -> 112 | AA51: =1101+79 -> 1180 | AB51: =SUM(B51:AA51) -> 23438
A53: Juin 2004 | B53: =34+4 -> 38 | D53: 7539 | F53: =1413+251 -> 1664 | H53: =2529+91 -> 2620 | J53: =657+375 -> 1032 | L53: =587+230 -> 817 | N53: =85+11 -> 96 | P53: =3109+643 -> 3752 | R53: =1367+472 -> 1839 | T53: =488+180 -> 668 | V53: =455+10 -> 465 | W53: ** | Y53: =44+92 -> 136 | AA53: =755+88 -> 843 | AB53: =SUM(B53:AA53) -> 21509
A55: Sept. 2004 | B55: =41+2 -> 43 | D55: 7539 | F55: =1376+250 -> 1626 | H55: =2656+76 -> 2732 | J55: =602+348 -> 950 | L55: =657+262 -> 919 | N55: =91+10 -> 101 | P55: =3439+618 -> 4057 | R55: =1443+493 -> 1936 | T55: =508+168 -> 676 | V55: =471+13 -> 484 | W55: ** | Y55: =40+82 -> 122 | AA55: =792+330 -> 1122 | AB55: =SUM(B55:AA55) -> 22307
A57: Déc. 2004 | B57: =33+2 -> 35 | D57: 4572 | F57: =1016+260 -> 1276 | H57: =2275+60 -> 2335 | J57: =635+373 -> 1008 | L57: =674+276 -> 950 | N57: =89+10 -> 99 | P57: =2780+894 -> 3674 | R57: =1089+385 -> 1474 | T57: =513+210 -> 723 | V57: =458+14 -> 472 | W57: ** | Y57: =53+94 -> 147 | AA57: =700+321 -> 1021 | AB57: =SUM(B57:AA57) -> 17786
A59: Mars 2005 | B59: =36+2 -> 38 | D59: 5695 | F59: =990+256 -> 1246 | H59: =2588+70 -> 2658 | J59: =573+288 -> 861 | L59: =662+279 -> 941 | N59: =87+11 -> 98 | P59: =2863+915 -> 3778 | R59: =1393+509 -> 1902 | T59: =531+224 -> 755 | V59: =464+13 -> 477 | W59: ** | Y59: =44+86 -> 130 | AA59: =691+317 -> 1008 | AB59: =SUM(B59:AA59) -> 19587
A61: Juin 2005 | B61: =35+1 -> 36 | D61: 8211 | F61: =1237+161 -> 1398 | H61: =3485+76 -> 3561 | J61: =466+264 -> 730 | L61: =653+128 -> 781 | N61: =91+14 -> 105 | P61: =2863+915 -> 3778 | R61: =1419+496 -> 1915 | T61: =531+234 -> 765 | V61: =467+12 -> 479 | W61: ** | Y61: =47+88 -> 135 | AA61: =737+309 -> 1046 | AB61: =SUM(B61:AA61) -> 22940
A63: Sept. 2005 | B63: =34+1 -> 35 | D63: 8211 | F63: =1377+185 -> 1562 | H63: =4132+76 -> 4208 | J63: =454+270 -> 724 | L63: =606+107 -> 713 | N63: 122 | P63: =2851+890 -> 3741 | R63: =1550+531 -> 2081 | T63: =539+227 -> 766 | V63: =471+11 -> 482 | W63: ** | Y63: =47+88 -> 135 | AA63: =719+305 -> 1024 | AB63: =SUM(B63:AA63) -> 23804
A65: Déc. 2005 | B65: =33+1 -> 34 | D65: =9760+676 -> 10436 | F65: =1515+194 -> 1709 | H65: =4155+88 -> 4243 | J65: =400+262 -> 662 | L65: =542+105 -> 647 | N65: =104+17 -> 121 | P65: =10278+752 -> 11030 | R65: =1534+517 -> 2051 | T65: =527+224 -> 751 | V65: =478+14 -> 492 | W65: ** | Y65: =44+91 -> 135 | AA65: =715+305 -> 1020 | AB65: =SUM(B65:AA65) -> 33331
A67: Mars 2006 | B67: =36+1 -> 37 | D67: =9904+290 -> 10194 | F67: =1483+189 -> 1672 | H67: =3864+87 -> 3951 | J67: =429+256 -> 685 | L67: =483+101 -> 584 | N67: =97+15 -> 112 | P67: =10525+616 -> 11141 | R67: =1781+640 -> 2421 | T67: =497+223 -> 720 | V67: =476+15 -> 491 | W67: ** | Y67: =37+89 -> 126 | AA67: =737+309 -> 1046 | AB67: =SUM(B67:AA67) -> 33180
A69: Juin 2006 | B69: 0 | D69: =9579+274 -> 9853 | F69: =1484+192 -> 1676 | H69: =443+3702 -> 4145 | J69: =441+247 -> 688 | L69: =515+111 -> 626 | N69: 0 | P69: =11268+649 -> 11917 | R69: =1613+615 -> 2228 | T69: =449+228 -> 677 | V69: =461+15 -> 476 | W69: ** | Y69: =43+98 -> 141 | AA69: =737+309 -> 1046 | AB69: =SUM(B69:AA69) -> 33473
A71: Sept. 2006 | B71: 0 | D71: =9523+146 -> 9669 | F71: =1594+195 -> 1789 | H71: =402+3832 -> 4234 | J71: 0 | L71: =551+111 -> 662 | N71: 0 | P71: =11538+626 -> 12164 | R71: =1664+644 -> 2308 | T71: =443+214 -> 657 | V71: =434+12 -> 446 | W71: ** | Y71: =36+95 -> 131 | AA71: =737+309 -> 1046 | AB71: =SUM(B71:AA71) -> 33106
A73: Déc. 2006 | B73: 0 | D73: =9666+139 -> 9805 | F73: =1813+183 -> 1996 | H73: =364+3983 -> 4347 | J73: 0 | L73: =505+108 -> 613 | N73: 0 | P73: =15074+1181 -> 16255 | R73: =1755+696 -> 2451 | T73: =446+220 -> 666 | V73: =435+12 -> 447 | W73: ** | Y73: =33+99 -> 132 | AA73: =753+311 -> 1064 | AB73: =SUM(B73:AA73) -> 37776
A75: Mars 2007 | B75: 0 | D75: =10175+147 -> 10322 | F75: =1671+183 -> 1854 | H75: =343+3814 -> 4157 | J75: ** | L75: ** | N75: ** | P75: =15105+1185 -> 16290 | R75: =1787+714 -> 2501 | T75: =427+132 -> 559 | V75: =440+15 -> 455 | W75: ** | Y75: =30+102 -> 132 | AA75: =737+309 -> 1046 | AB75: =SUM(B75:AA75) -> 37316
A77: Juin 2007 | B77: 0 | D77: =9844+144 -> 9988 | F77: =1699+184 -> 1883 | H77: =339+3578 -> 3917 | J77: ** | L77: ** | N77: ** | P77: =14958+1205 -> 16163 | R77: =1802+694 -> 2496 | T77: =457+214 -> 671 | V77: =436+15 -> 451 | W77: ** | Y77: =37+99 -> 136 | AA77: =737+309 -> 1046 | AB77: =SUM(B77:AA77) -> 36751
A79: Sept. 2007 | B79: 0 | D79: =11135+2254 -> 13389 | F79: =1691+181 -> 1872 | H79: =367+2762 -> 3129 | J79: ** | L79: ** | N79: ** | P79: =14614+944 -> 15558 | R79: =1821+732 -> 2553 | T79: =457+203 -> 660 | V79: =437+20 -> 457 | W79: ** | Y79: =44+96 -> 140 | AA79: =737+309 -> 1046 | AB79: =SUM(B79:AA79) -> 38804
A81: Déc. 2007 | B81: 0 | D81: =11320+2649 -> 13969 | F81: =1659+177 -> 1836 | H81: =374+2836 -> 3210 | J81: ** | L81: ** | N81: ** | P81: =15873+1257 -> 17130 | R81: =1855+761 -> 2616 | T81: =464+224 -> 688 | V81: =440+17 -> 457 | W81: ** | Y81: =40+100 -> 140 | AA81: =1491+66 -> 1557 | AB81: =SUM(B81:AA81) -> 41603
A83: Mars 2008 | B83: 0 | D83: =13367+1164 -> 14531 | F83: =1553+178 -> 1731 | H83: =374+2836 -> 3210 | J83: ** | L83: ** | N83: ** | P83: =28713+1199 -> 29912 | R83: =1820+758 -> 2578 | T83: =478+225 -> 703 | V83: =444+17 -> 461 | W83: ** | Y83: =39+95 -> 134 | AA83: =1561+66 -> 1627 | AB83: =SUM(B83:AA83) -> 54887
A85: Juin 2008 | B85: 0 | D85: =17566+1227 -> 18793 | F85: =1682+175 -> 1857 | H85: =339+3046 -> 3385 | J85: ** | L85: ** | N85: ** | P85: =30223+1335 -> 31558 | R85: =1810+768 -> 2578 | T85: =491+245 -> 736 | V85: =455+19 -> 474 | W85: ** | Y85: =40+86 -> 126 | AA85: =1625+74 -> 1699 | AB85: =SUM(B85:AA85) -> 61206
A87: Sept. 2008 | B87: 0 | D87: =18585+281 -> 18866 | F87: =1556+154 -> 1710 | H87: =3373+73 -> 3446 | J87: ** | L87: ** | N87: ** | P87: =32871+1045 -> 33916 | R87: =1819+787 -> 2606 | T87: =488+246 -> 734 | V87: =469+21 -> 490 | W87: ** | Y87: =38+77 -> 115 | AA87: =1640+74 -> 1714 | AB87: =SUM(B87:AA87) -> 63597
A89: Déc. 2008 | B89: 0 | D89: =19592+1590 -> 21182 | F89: =2416+209 -> 2625 | H89: =3278+72 -> 3350 | J89: ** | L89: ** | N89: ** | P89: =33695+1150 -> 34845 | R89: =1901+832 -> 2733 | T89: =534+242 -> 776 | V89: =446+22 -> 468 | W89: ** | Y89: =38+72 -> 110 | AA89: =1678+76 -> 1754 | AB89: =SUM(B89:AA89) -> 67843
A91: Mars 2008 | B91: 0 | D91: =20852+1370 -> 22222 | F91: =2662+211 -> 2873 | H91: =3122+70 -> 3192 | J91: ** | L91: ** | N91: ** | P91: =33438+1039 -> 34477 | R91: =1839+808 -> 2647 | T91: =556+251 -> 807 | V91: =452+23 -> 475 | W91: ** | Y91: =33+65 -> 98 | AA91: =1323+77 -> 1400 | AB91: =SUM(B91:AA91) -> 68191
A93: Juin 2009 | B93: 0 | D93: =21398+1363 -> 22761 | F93: =2836+192 -> 3028 | H93: =2965+68 -> 3033 | J93: ** | L93: ** | N93: ** | P93: =35508+1017 -> 36525 | R93: =2409+764 -> 3173 | T93: =622+271 -> 893 | V93: =461+24 -> 485 | W93: ** | Y93: =38+67 -> 105 | AA93: =1639+67 -> 1706 | AB93: =SUM(B93:AA93) -> 71709
A95: Sept. 2009 | B95: 0 | D95: =21322+967 -> 22289 | F95: =2934+191 -> 3125 | H95: =2935+65 -> 3000 | J95: ** | L95: ** | N95: ** | P95: =37956+2401 -> 40357 | R95: =2820+802 -> 3622 | T95: =658+264 -> 922 | V95: =457+26 -> 483 | W95: ** | Y95: =40+62 -> 102 | AA95: =1675+73 -> 1748 | AB95: =SUM(B95:AA95) -> 75648
A97: Déc. 2009 | B97: 0 | D97: =20813+1228 -> 22041 | F97: 3404 | H97: 3006 | J97: ** | L97: ** | N97: ** | P97: =38744+2564 -> 41308 | R97: =2984+812 -> 3796 | T97: =735+292 -> 1027 | V97: =449+25 -> 474 | W97: ** | Y97: =46+151 -> 197 | AA97: =737+309 -> 1046 | AB97: =SUM(B97:AA97) -> 76299
A99: Mars 2010 | B99: 0 | D99: =18518+1126 -> 19644 | F99: =3264+214 -> 3478 | H99: =2840+70 -> 2910 | J99: ** | L99: ** | N99: ** | P99: =36296+2408 -> 38704 | R99: =2430+735 -> 3165 | T99: =689+268 -> 957 | V99: =451+17 -> 468 | W99: ** | Y99: =42+60 -> 102 | AA99: =788+316 -> 1104 | AB99: =SUM(B99:AA99) -> 70532
A100: Juin 2010 | B100: 0 | D100: =17772+1481 -> 19253 | F100: =3358+213 -> 3571 | H100: =2730+68 -> 2798 | J100: ** | L100: ** | N100: ** | P100: =35141+2307 -> 37448 | R100: =2015+728 -> 2743 | T100: =676+273 -> 949 | V100: =443+14 -> 457 | W100: ** | Y100: =35+62 -> 97 | AA100: =1196+309 -> 1505 | AB100: =SUM(B100:AA100) -> 68821
A102: Sept. 2010 | B102: 0 | D102: =18409+450 -> 18859 | F102: =3291+214 -> 3505 | H102: =2932+64 -> 2996 | J102: ** | L102: ** | N102: ** | P102: =36628+2270 -> 38898 | R102: =1787+708 -> 2495 | T102: =677+291 -> 968 | V102: =430+12 -> 442 | W102: ** | Y102: =30+57 -> 87 | AA102: =1211+311 -> 1522 | AB102: =SUM(B102:AA102) -> 69772
A104: Déc. 2010 | B104: 0 | D104: =19100+638 -> 19738 | F104: =3147+211 -> 3358 | H104: =2989+66 -> 3055 | J104: ** | L104: ** | N104: ** | P104: =34085+2320 -> 36405 | R104: =1713+727 -> 2440 | T104: =673+309 -> 982 | V104: =434+16 -> 450 | W104: ** | Y104: =29+59 -> 88 | AA104: =1245+315 -> 1560 | AB104: =SUM(B104:AA104) -> 68076
A106: Mars 2011 | B106: 0 | D106: =19276+1194 -> 20470 | F106: =2938+212 -> 3150 | H106: =3021+69 -> 3090 | J106: ** | L106: ** | N106: ** | P106: =35645+2434 -> 38079 | R106: =1695+722 -> 2417 | T106: =657+300 -> 957 | V106: =422+24 -> 446 | W106: ** | Y106: =33+54 -> 87 | AA106: =1261+313 -> 1574 | AB106: =SUM(B106:AA106) -> 70270
A108: Juin 2011 | B108: 0 | D108: =17731+1276 -> 19007 | F108: =2815+218 -> 3033 | H108: =2979+66 -> 3045 | J108: ** | L108: ** | N108: ** | P108: =40170+2543 -> 42713 | R108: =1649+722 -> 2371 | T108: =662+323 -> 985 | V108: =433+28 -> 461 | W108: ** | Y108: =27+52 -> 79 | AA108: =1125+314 -> 1439 | AB108: =SUM(B108:AA108) -> 73133
A110: Sept. 2011 | B110: 0 | D110: =18801+980 -> 19781 | F110: =2452+220 -> 2672 | H110: =1386+68 -> 1454 | J110: ** | L110: ** | N110: ** | P110: =44945+2485 -> 47430 | R110: =1764+736 -> 2500 | T110: =671+356 -> 1027 | V110: =436+28 -> 464 | W110: ** | Y110: =28+52 -> 80 | AA110: =1177+315 -> 1492 | AB110: =SUM(B110:AA110) -> 76900
A112: Déc. 2011 | B112: 0 | D112: 20988 | F112: 2781 | H112: 1216 | J112: ** | L112: ** | N112: ** | P112: 50325 | R112: 2720 | T112: 1126 | V112: 498 | W112: ** | Y112: 95 | AA112: 1536 | AB112: =SUM(B112:AA112) -> 81285
A114: Mars 2012 | B114: 0 | D114: 22127 | F114: 2828 | H114: 1101 | J114: ** | L114: ** | N114: ** | P114: 51470 | R114: 2644 | T114: 1124 | V114: 474 | W114: ** | Y114: 93 | AA114: 1573 | AB114: =SUM(B114:AA114) -> 83434
A116: Juin 2012 | B116: 0 | D116: 23575 | F116: 2855 | H116: 1042 | J116: ** | L116: ** | N116: ** | P116: 53683 | R116: 2623 | T116: 1135 | V116: 476 | W116: ** | Y116: 86 | AA116: 1614 | AB116: =SUM(B116:AA116) -> 87089
A118: Sept. 2012 | B118: 0 | D118: 26043 | F118: 2895 | H118: 636 | J118: ** | L118: ** | N118: ** | P118: 55701 | R118: 2745 | T118: 1125 | V118: 457 | W118: ** | Y118: 90 | AA118: 1618 | AB118: =SUM(B118:AA118) -> 91310
A120: Déc. 2012 | B120: 0 | D120: 26815 | F120: 2704 | H120: 589 | J120: ** | L120: ** | N120: ** | P120: 56696 | R120: 2803 | T120: 1181 | V120: 468 | W120: ** | Y120: =34+50 -> 84 | AA120: 1651 | AB120: =SUM(B120:AA120) -> 92991
A122: Mars 2013 | B122: 0 | D122: =24278+7094 -> 31372 | F122: =2761+267 -> 3028 | H122: =521+42 -> 563 | J122: ** | L122: ** | N122: ** | P122: =51955+2869 -> 54824 | R122: =1887+962 -> 2849 | T122: =815+355 -> 1170 | V122: =460+28 -> 488 | W122: ** | Y122: =34+54 -> 88 | AA122: =1176+304 -> 1480 | AB122: =SUM(B122:AA122) -> 95862
A124: Juin 2013 | B124: 0 | D124: =26802+5268 -> 32070 | F124: =3063+320 -> 3383 | H124: =493+48 -> 541 | J124: ** | L124: ** | N124: ** | P124: =53106+2991 -> 56097 | R124: =1848+960 -> 2808 | T124: =843+348 -> 1191 | V124: =466+28 -> 494 | W124: ** | Y124: =37+50 -> 87 | AA124: =1201+304 -> 1505 | AB124: =SUM(B124:AA124) -> 98176
A126: Sept. 2013 | B126: 0 | D126: =25910+5278 -> 31188 | F126: =2887+255 -> 3142 | H126: =421+53 -> 474 | J126: ** | L126: ** | N126: ** | P126: =57016+2888 -> 59904 | R126: =1780+1001 -> 2781 | T126: =839+355 -> 1194 | V126: =469+29 -> 498 | W126: ** | Y126: =34+49 -> 83 | AA126: =1209+312 -> 1521 | AB126: =SUM(B126:AA126) -> 100785
A128: Déc. 2013 | B128: 0 | D128: =25232+4860 -> 30092 | F128: =2123+838 -> 2961 | H128: =398+64 -> 462 | J128: ** | L128: ** | N128: ** | P128: =60670+3045 -> 63715 | R128: =1753+964 -> 2717 | T128: =829+368 -> 1197 | V128: =491+29 -> 520 | W128: ** | Y128: =41+60 -> 101 | AA128: =1721+134 -> 1855 | AB128: =SUM(B128:AA128) -> 103620
A130: Mars 2014 | B130: 0 | D130: =24483+3599 -> 28082 | F130: =2255+806 -> 3061 | H130: =557+74 -> 631 | J130: ** | L130: ** | N130: ** | P130: =60913+2928 -> 63841 | R130: =2350+1032 -> 3382 | T130: =846+353 -> 1199 | V130: =501+34 -> 535 | W130: ** | Y130: =28+56 -> 84 | AA130: =1751+139 -> 1890 | AB130: =SUM(B130:AA130) -> 102705
A132: Juin 2014 | B132: 0 | D132: 23931 | F132: 2955 | H132: 530 | J132: ** | L132: ** | N132: ** | P132: 65705 | R132: 3453 | T132: 1227 | V132: 546 | W132: ** | Y132: 78 | AA132: 1906 | AB132: =SUM(B132:AA132) -> 100331
A134: Sept. 2014 | B134: 0 | D134: 28987 | F134: 2465 | H134: 568 | J134: ** | L134: ** | N134: ** | P134: 69612 | R134: 3567 | T134: 1206 | V134: 554 | W134: ** | Y134: 76 | AA134: 1954 | AB134: =SUM(B134:AA134) -> 108989
A136: Déc. 2014 | B136: 0 | D136: 28515 | F136: 2539 | H136: 618 | J136: ** | L136: ** | N136: ** | P136: 71589 | R136: 3745 | T136: 1270 | V136: 568 | W136: ** | Y136: 71 | AA136: 1961 | AB136: =SUM(B136:AA136) -> 110876
A141: ** Banque dessaisie le 25 février 2002
A143: N/A : données non disponibles
D181: Mars98 | F181: Juin 98
D182: 1327 | F182: 1348
D183: 1050 | F183: 1028
D184: 875 | F184: 869
D185: 862 | F185: 954
D186: 664
D187: 624 | F187: 645
D188: 496 | F188: 518
D189: 278 | F189: 1539
D190: 171 | F190: 186
D191: 103
D192: 12 | F192: 22
D193: 0 | F193: 636
D194: 0
D195: 0 | F195: 2545

Sheet nbre de cptes de dépôts 
A1: NOMBRE DE COMPTES DE DÉPÔTS PAR BANQUE
A2: (En unités)
A3: AU 31 DÉCEMBRE 2014
B6: BNC | C6: BPH | D6: BUH | E6: SOGEBK | F6: UNIBK | G6: CAPITALBK | H6: SOGEBL | I6: CBNA | J6: SCOTIA | K6: TOTAL
A7: À vue | B7: 35525 | C7: 2436 | D7: 2157 | E7: 26563 | F7: 35846 | G7: 8310 | H7: 3596 | I7: 285 | J7: 2145 | K7: =SUM(B7:J7) -> 116863
A8: Épargne | B8: 333746 | C8: 13899 | D8: 37653 | E8: 488859 | F8: 742693 | G8: 61279 | H8: 5794 | I8: 1503 | J8: 10644 | K8: =SUM(B8:J8) -> 1696070
A9: À Terme | B9: 2032 | C9: 197 | D9: 876 | E9: 10514 | F9: 3084 | G9: 655 | H9: 789 | I9: 45 | J9: 472 | K9: =SUM(B9:J9) -> 18664
A10: TOTAL | B10: =SUM(B7:B9) -> 371303 | C10: =SUM(C7:C9) -> 16532 | D10: =SUM(D7:D9) -> 40686 | E10: =SUM(E7:E9) -> 525936 | F10: =SUM(F7:F9) -> 781623 | G10: =SUM(G7:G9) -> 70244 | H10: =SUM(H7:H9) -> 10179 | I10: =SUM(I7:I9) -> 1833 | ... K10: =SUM(K7:K9) -> 1831597
A13: NOMBRE DE COMPTES DE DÉPÔTS PAR BANQUE
A14: (En unités)
A15: AU 30 SEPTEMBRE 2014
B18: BNC | C18: BPH | D18: BUH | E18: SOGEBK | F18: UNIBK | G18: CAPITALBK | H18: SOGEBL | I18: CBNA | J18: SCOTIA | K18: TOTAL
A19: À vue | B19: 34991 | C19: 2373 | D19: 2248 | E19: 26437 | F19: 35625 | G19: 8296 | H19: 3564 | I19: 313 | J19: 2267 | K19: =SUM(B19:J19) -> 116114
A20: Épargne | B20: 334234 | C20: 13374 | D20: 46242 | E20: 494764 | F20: 746745 | G20: 61539 | H20: 5827 | I20: 1498 | J20: 10514 | K20: =SUM(B20:J20) -> 1714737
A21: À Terme | B21: 2050 | C21: 195 | D21: 861 | E21: 10815 | F21: 3095 | G21: 671 | H21: 766 | I21: 55 | J21: 495 | K21: =SUM(B21:J21) -> 19003
A22: TOTAL | B22: =SUM(B19:B21) -> 371275 | C22: =SUM(C19:C21) -> 15942 | D22: =SUM(D19:D21) -> 49351 | E22: =SUM(E19:E21) -> 532016 | F22: =SUM(F19:F21) -> 785465 | G22: =SUM(G19:G21) -> 70506 | H22: =SUM(H19:H21) -> 10157 | I22: =SUM(I19:I21) -> 1866 | ... K22: =SUM(K19:K21) -> 1849854
A26: NOMBRE DE COMPTES DE DÉPÔTS PAR BANQUE
A27: (En unités)
A28: AU 30 JUIN 2014
B31: BNC | C31: BPH | D31: BUH | E31: SOGEBK | F31: UNIBK | G31: CAPITALBK | H31: SOGEBL | I31: CBNA | J31: SCOTIA | K31: TOTAL
A32: À vue | B32: 35582 | C32: 2616 | D32: 9166 | E32: 26585 | F32: 35455 | G32: 8355 | H32: 3546 | I32: 339 | J32: 2252 | K32: =SUM(B32:J32) -> 123896
A33: Épargne | B33: 331466 | C33: 23949 | D33: 89212 | E33: 500031 | F33: 753623 | G33: 63780 | H33: 5904 | I33: 1559 | J33: 10623 | K33: =SUM(B33:J33) -> 1780147
A34: À Terme | B34: 2097 | C34: 195 | D34: 774 | E34: 10880 | F34: 3140 | G34: 694 | H34: 768 | I34: 68 | J34: 518 | K34: =SUM(B34:J34) -> 19134
A35: TOTAL | B35: =SUM(B32:B34) -> 369145 | C35: =SUM(C32:C34) -> 26760 | D35: =SUM(D32:D34) -> 99152 | E35: =SUM(E32:E34) -> 537496 | F35: =SUM(F32:F34) -> 792218 | G35: =SUM(G32:G34) -> 72829 | H35: =SUM(H32:H34) -> 10218 | I35: =SUM(I32:I34) -> 1966 | ... K35: =SUM(K32:K34) -> 1923177
A38: NOMBRE DE COMPTES DE DÉPÔTS PAR BANQUE
A39: (En unités)
A40: AU 31 MARS 2014
B43: BNC | C43: BPH | D43: BUH | E43: SOGEBK | F43: UNIBK | G43: CAPITALBK | H43: SOGEBL | I43: CBNA | J43: SCOTIA | K43: TOTAL
A44: À vue | B44: 35189 | C44: 2597 | D44: 9070 | E44: 26470 | F44: 35347 | G44: 8329 | H44: 3551 | I44: 356 | J44: 2331 | K44: =SUM(B44:J44) -> 123240
A45: Épargne | B45: 331151 | C45: 23768 | D45: 88574 | E45: 511753 | F45: 768048 | G45: 67344 | H45: 5975 | I45: 1682 | J45: 11337 | K45: =SUM(B45:J45) -> 1809632
A46: À Terme | B46: 2125 | C46: 198 | D46: 793 | E46: 10874 | F46: 3164 | G46: 721 | H46: 779 | I46: 71 | J46: 575 | K46: =SUM(B46:J46) -> 19300
A47: TOTAL | B47: =SUM(B44:B46) -> 368465 | C47: =SUM(C44:C46) -> 26563 | D47: =SUM(D44:D46) -> 98437 | E47: =SUM(E44:E46) -> 549097 | F47: =SUM(F44:F46) -> 806559 | G47: =SUM(G44:G46) -> 76394 | H47: =SUM(H44:H46) -> 10305 | I47: =SUM(I44:I46) -> 2109 | ... K47: =SUM(K44:K46) -> 1952172
A50: NOMBRE DE COMPTES DE DÉPÔTS PAR BANQUE
A51: (En unités)
A52: AU 31 DÉCEMBRE 2013
B55: BNC | C55: BPH | D55: BUH | E55: SOGEBK | F55: UNIBK | G55: CAPITALBK | H55: SOGEBL | I55: CBNA | J55: SCOTIA | K55: TOTAL
A56: À vue | B56: 34591 | C56: 2589 | D56: 8955 | E56: 26474 | F56: 35129 | G56: 8326 | H56: 3508 | I56: 367 | J56: 2292 | K56: =SUM(B56:J56) -> 122231
A57: Épargne | B57: 328241 | C57: 23444 | D57: 87888 | E57: 514298 | F57: 840805 | G57: 68088 | H57: 6050 | I57: 1682 | J57: 11289 | K57: =SUM(B57:J57) -> 1881785
A58: À Terme | B58: 2172 | C58: 200 | D58: 799 | E58: 10840 | F58: 3209 | G58: 744 | H58: 772 | I58: 75 | J58: 570 | K58: =SUM(B58:J58) -> 19381
A59: TOTAL | B59: =SUM(B56:B58) -> 365004 | C59: =SUM(C56:C58) -> 26233 | D59: =SUM(D56:D58) -> 97642 | E59: =SUM(E56:E58) -> 551612 | F59: =SUM(F56:F58) -> 879143 | G59: =SUM(G56:G58) -> 77158 | H59: =SUM(H56:H58) -> 10330 | I59: =SUM(I56:I58) -> 2124 | ... K59: =SUM(K56:K58) -> 2023397

Sheet dépôts P-AU-P et Prov. 
A2: RÉPARTITION DES DÉPÔTS DANS LA REGION METROPOLITAINE
A3: En Milliers de Gourdes
A4: Au 31 DÉCEMBRE 2014
B6: BNC | C6: BPH | D6: BUH | E6: CAPITALBK | F6: SOGEBK | G6: UNIBK | H6: SOGEBL | I6: CBNA | J6: SCOTIA | K6: TOTAL
A7: À vue | B7: 17613366 | C7: 1426485.5 | D7: 1350235.9 | E7: 5247665 | F7: 13352552 | G7: 21070110 | H7: 1083757.2 | I7: 3912349 | J7: 3211364 | K7: =SUM(B7:J7) -> 68267884
A8: Épargne | B8: 4993675.4 | C8: 579932.58 | D8: 991322.98 | E8: 2306579 | F8: 13763696 | G8: 15394890 | H8: 508819.44 | I8: 294638 | J8: 1689229 | K8: =SUM(B8:J8) -> 40522783
A9: À terme | B9: 3608795.2 | C9: 871487.54 | D9: 1009301.3 | E9: 2201806 | F9: 8806386.8 | G9: 5608967.5 | H9: 2952640.4 | I9: 381091 | J9: 325603 | K9: =SUM(B9:J9) -> 25766079
A10: TOTAL | B10: =+B7+B8+B9 -> 26215836 | C10: =+C7+C8+C9 -> 2877905.6 | D10: =+D7+D8+D9 -> 3350860.2 | E10: =+E7+E8+E9 -> 9756050 | F10: =+F7+F8+F9 -> 35922635 | G10: =+G7+G8+G9 -> 42073967 | H10: =+H7+H8+H9 -> 4545217.1 | I10: =+I7+I8+I9 -> 4588078 | J10: =+J7+J8+J9 -> 5226196 | K10: =SUM(K7:K9) -> 1.3455675e+08
A15: RÉPARTITION DES DÉPÔTS DANS LES VILLES DE PROVINCE
A16: En Milliers de Gourdes
A17: Au 31 DÉCEMBRE 2014
B19: BNC | C19: BPH | D19: BUH | E19: CAPITALBK | F19: SOGEBK | G19: UNIBANK | H19: SOGEBL | I19: CBNA | J19: SCOTIA | K19: TOTAL
A20: À vue | B20: 2460773.6 | C20: N/A | D20: 269661.3 | E20: 287588 | F20: 1434393.8 | G20: 1722657.8 | H20: N/A | I20: N/A | J20: N/A | K20: =SUM(B20:J20) -> 6175074.5
A21: Épargne | B21: 4832680.1 | C21: N/A | D21: 850511.32 | E21: 370004 | F21: 4814648.4 | G21: 4893278.6 | H21: N/A | I21: N/A | J21: N/A | K21: =SUM(B21:J21) -> 15761122
A22: À terme | B22: 366710.66 | C22: N/A | D22: 227776.6 | E22: 5852 | F22: 672941.35 | G22: 794872.65 | H22: N/A | I22: N/A | J22: N/A | K22: =SUM(B22:J22) -> 2068153.3
A23: TOTAL | B23: =+B20+B21+B22 -> 7660164.3 | C23: N/A | D23: =+D20+D21+D22 -> 1347949.2 | E23: =+E20+E21+E22 -> 663444 | F23: =+F20+F21+F22 -> 6921983.5 | G23: =+G20+G21+G22 -> 7410809.1 | H23: N/A | I23: N/A | J23: N/A | K23: =SUM(K20:K22) -> 24004350
C60: SCOTIA | D60: 1327
C61: PROMOBK | D61: 1050
C62: SOGEBK | D62: 875
C63: UNIBK | D63: 862
C64: CAPITALBK | D64: 664
C65: SOCABK | D65: 624
C66: SOGEBL | D66: 496
C67: BPH | D67: 278
C68: CBNA | D68: 171
C69: BICH | D69: 103
C70: BMH | D70: 12
C71: BIDC | D71: 0
... C73: BUH | D73: 0
A76: TABLEAU RÉCAPITULATIF DES DIFFERENTS TYPES DE DÉPOTS PAR BANQUE
A77: En Milliers de Gourdes
A78: Au 31 DÉCEMBRE 2014
B80: BNC | C80: BPH | D80: BUH | E80: CAPITALBK | F80: SOGEBK | G80: UNIBANK | H80: SOGEBL | I80: CBNA | J80: SCOTIA | K80: TOTAL
A81: À vue | B81: =+B7+B20 -> 20074139 | C81: =+C7 -> 1426485.5 | D81: =+D7+D20 -> 1619897.2 | E81: =+E7+E20 -> 5535253 | F81: =+F7+F20 -> 14786946 | G81: =+G7+G20 -> 22792767 | H81: =+H7 -> 1083757.2 | I81: =+I7 -> 3912349 | J81: =+J7 -> 3211364 | K81: =SUM(B81:J81) -> 74442959
A82: Épargne | B82: =+B8+B21 -> 9826355.5 | C82: =+C8 -> 579932.58 | D82: =+D8+D21 -> 1841834.3 | E82: =+E8+E21 -> 2676583 | F82: =+F8+F21 -> 18578345 | G82: =+G8+G21 -> 20288169 | H82: =+H8 -> 508819.44 | I82: =+I8 -> 294638 | J82: =+J8 -> 1689229 | K82: =SUM(B82:J82) -> 56283905
A83: À terme | B83: =+B9+B22 -> 3975505.8 | C83: =+C9 -> 871487.54 | D83: =+D9+D22 -> 1237077.9 | E83: =+E9+E22 -> 2207658 | F83: =+F9+F22 -> 9479328.2 | G83: =+G9+G22 -> 6403840.1 | H83: =+H9 -> 2952640.4 | I83: =+I9 -> 381091 | J83: =+J9 -> 325603 | K83: =SUM(B83:J83) -> 27834232
A84: TOTAL | B84: =+B81+B82+B83 -> 33876001 | C84: =+C81+C82+C83 -> 2877905.6 | D84: =+D81+D82+D83 -> 4698809.4 | E84: =+E81+E82+E83 -> 10419494 | F84: =+F81+F82+F83 -> 42844619 | G84: =+G81+G82+G83 -> 49484776 | H84: =+H81+H82+H83 -> 4545217.1 | I84: =+I81+I82+I83 -> 4588078 | J84: =+J81+J82+J83 -> 5226196 | K84: =SUM(K81:K83) -> 1.585611e+08

Sheet  dépôts à vue
A1: RÉPARTITION GÉOGRAPHIQUE DES COMPTES DE DÉPÔTS À VUE PAR BANQUE, PAR SUCCURSALES ET PAR AGENCES
A2: (EN MILLIERS DE GOURDES)
A3: AU 31 DÉCEMBRE 2014
A6: PORT-AU-PRINCE ET SES ENVIRONS
B8: BNC | C8: BPH | D8: BUH | E8: SOGEBK | F8: UNIBK | G8: CAPITALBK | H8: SOGEBL | I8: CBNA | J8: SCOTIA | K8: TOTAL
A10: Siège Social | B10: 9168467.8 | C10: 189496.2 | D10: 166817.48 | E10: 2201761.2 | F10: 1644424.6 | G10: 2094235 | H10: 535200.68 | I10: 3912349 | J10: 525821 | K10: =SUM(B10:J10) -> 20438573
A11: Place Geffrard | B11: 0 | C11: 0 | D11: 0 | E11: 2437745.8 | F11: 0 | G11: 0 | H11: 0 | I11: 0 | J11: 0 | K11: =SUM(B11:J11) -> 2437745.8
A12: Place Geffrard 2 | B12: 0 | C12: 0 | D12: 0 | E12: 0 | F12: 0 | G12: 0 | H12: 0 | I12: 0 | J12: 0 | K12: =SUM(B12:J12) -> 0
A13: Rue Pavée | B13: =SUM(B14:B15) -> 1367189.3 | C13: 0 | D13: 0 | E13: 707756.88 | F13: 0 | G13: 0 | H13: 0 | I13: 0 | J13: 0 | K13: =SUM(B13:J13) -> 2074946.2
A14: Pavée 1 | B14: 735681.4 | C14: 0 | D14: 0 | E14: 0 | F14: 0 | G14: 0 | H14: 0 | I14: 0 | J14: 0 | K14: =SUM(B14:J14) -> 735681.4
A15: Pavée 2 | B15: 631507.87 | C15: 0 | D15: 0 | E15: 0 | F15: 0 | G15: 0 | H15: 0 | I15: 0 | J15: 0 | K15: =SUM(B15:J15) -> 631507.87
A16: Delmas | B16: =SUM(B17:B20) -> 936308.2 | C16: 21950.405 | D16: 0 | E16: =SUM(E17:E24) -> 1063643.9 | F16: =SUM(F17:F27) -> 3767788.5 | G16: =SUM(G17:G27) -> 341099 | H16: =SUM(H17:H27) -> 377201.34 | I16: 0 | J16: 870110 | K16: =SUM(B16:J16) -> 7378101.4
A17: Delmas 52 | B17: 677310.15 | C17: 0 | D17: 0 | E17: 0 | F17: 0 | G17: 0 | H17: 0 | I17: 0 | J17: 0 | K17: =SUM(B17:J17) -> 677310.15
A18: Delmas 2 | B18: 111439.3 | C18: 0 | D18: 0 | E18: 0 | F18: 0 | G18: 0 | H18: 0 | I18: 0 | J18: 0 | K18: =SUM(B18:J18) -> 111439.3
A19: Delmas K-Dis | B19: 0 | C19: 0 | D19: 0 | E19: 0 | F19: 0 | G19: 320581 | H19: 0 | I19: 0 | J19: 0 | K19: =SUM(B19:J19) -> 320581
A20: Delmas 32 | B20: 147558.76 | C20: 0 | D20: 0 | E20: 0 | F20: 1684099.2 | G20: 0 | H20: 0 | I20: 0 | J20: 0 | K20: =SUM(B20:J20) -> 1831658
A21: Delmas 53 | B21: 0 | C21: 0 | D21: 0 | E21: 0 | F21: 0 | G21: 20518 | H21: 0 | I21: 0 | J21: 0 | K21: =SUM(B21:J21) -> 20518
A22: Delmas 56 | B22: 0 | C22: 0 | D22: 0 | E22: 0 | F22: 0 | G22: 0 | H22: 377201.34 | I22: 0 | J22: 0 | K22: =SUM(B22:J22) -> 377201.34
A23: Delmas 48 | B23: 0 | C23: 0 | D23: 0 | E23: 449878.05 | F23: 0 | G23: 0 | H23: 0 | I23: 0 | J23: 0 | K23: =SUM(B23:J23) -> 449878.05
A24: Delmas-Aéroport | B24: 0 | C24: 0 | D24: 0 | E24: 613765.87 | F24: 0 | G24: 0 | H24: 0 | I24: 0 | J24: 0 | K24: =SUM(B24:J24) -> 613765.87
A25: Delmas 16 | B25: 0 | C25: 0 | D25: 0 | E25: 0 | F25: 279115.8 | G25: 0 | H25: 0 | I25: 0 | J25: 0 | K25: =SUM(B25:J25) -> 279115.8
A26: Delmas 71 | B26: 0 | C26: 0 | D26: 0 | E26: 0 | F26: 1803644.6 | G26: 0 | H26: 0 | I26: 0 | J26: 0 | K26: =SUM(B26:J26) -> 1803644.6
A27: Kiosque Mégamart | B27: 0 | C27: 0 | D27: 0 | E27: 0 | F27: 928.85858 | G27: 0 | H27: 0 | I27: 0 | J27: 0 | K27: =SUM(B27:J27) -> 928.85858
A28: Pétion-Ville | B28: =SUM(B29:B32) -> 3189232.9 | C28: 838511.88 | D28: 779045.79 | E28: =SUM(E29:E34) -> 2953395.9 | F28: =SUM(F29:F34) -> 8266623.4 | G28: =SUM(G29:G34) -> 1608053 | H28: 0 | I28: 0 | J28: 1535700 | K28: =SUM(B28:J28) -> 19170563
A29: P-V 1 | B29: 2112310.3 | C29: 0 | D29: 0 | E29: 908164.98 | F29: 4885087.1 | G29: 959848 | H29: 0 | I29: 0 | J29: 0 | K29: =SUM(B29:J29) -> 8865410.3
A30: Place Boyer | B30: 319384.55 | C30: 0 | D30: 0 | E30: 0 | F30: 0 | G30: 217131 | H30: 0 | I30: 0 | J30: 0 | K30: =SUM(B30:J30) -> 536515.55
A31: Choucoune Plaza | B31: 634114.36 | C31: 0 | D31: 0 | E31: 0 | F31: 0 | G31: 0 | H31: 0 | I31: 0 | J31: 0 | K31: =SUM(B31:J31) -> 634114.36
A32: P-V 2 | B32: 123423.7 | C32: 0 | D32: 0 | E32: 112724.04 | F32: 981383.75 | G32: 431074 | H32: 0 | I32: 0 | J32: 0 | K32: =SUM(B32:J32) -> 1648605.5
A33: P-V 3 | B33: 0 | C33: 0 | D33: 0 | E33: 1446502.8 | F33: 2400152.5 | G33: 0 | H33: 0 | I33: 0 | J33: 0 | K33: =SUM(B33:J33) -> 3846655.4
A34: P-V 4 | B34: 0 | C34: 0 | D34: 0 | E34: 486004.08 | F34: 0 | G34: 0 | H34: 0 | I34: 0 | J34: 0 | K34: =SUM(B34:J34) -> 486004.08
A35: Lalue | B35: 417857.62 | C35: 0 | D35: 43017.733 | E35: 411930.01 | F35: 404281.6 | G35: 0 | H35: 0 | I35: 0 | J35: 0 | K35: =SUM(B35:J35) -> 1277087
A36: Champs de Mars | B36: 254312.48 | C36: 0 | D36: 0 | E36: 322245.62 | F36: 0 | G36: 0 | H36: 0 | I36: 0 | J36: 0 | K36: =SUM(B36:J36) -> 576558.1
A37: Laboule | B37: 0 | C37: 0 | D37: 0 | E37: 0 | F37: 26169.653 | G37: 113225 | H37: 0 | I37: 0 | J37: 0 | K37: =SUM(B37:J37) -> 139394.65
A38: Aéroport | B38: 79551.859 | C38: 33275.417 | D38: 0 | E38: 1325067.2 | F38: 360298.6 | G38: 370540 | H38: 0 | I38: 0 | J38: 0 | K38: =SUM(B38:J38) -> 2168733
A39: Aéroport 2 | B39: 0 | C39: 0 | D39: 0 | E39: 423841.51 | F39: 0 | G39: 38092 | H39: 0 | I39: 0 | J39: 0 | K39: =SUM(B39:J39) -> 461933.51
A40: Carrefour | B40: =SUM(B41:B42) -> 119686.62 | C40: 0 | D40: 71203.198 | E40: =SUM(E41:E43) -> 84105.662 | F40: 0 | G40: 25022 | H40: 0 | I40: 0 | J40: 279733 | K40: =SUM(B40:J40) -> 579750.48
A41: Arcachon | B41: 49214.444 | C41: 0 | D41: 0 | E41: 0 | F41: 0 | G41: 0 | H41: 0 | I41: 0 | J41: 0 | K41: =SUM(B41:J41) -> 49214.444
A42: Carrefour | B42: 70472.174 | C42: 0 | D42: 0 | E42: 60492.902 | F42: 0 | G42: 0 | H42: 0 | I42: 0 | J42: 0 | K42: =SUM(B42:J42) -> 130965.08
A43: Truitiers | B43: 0 | C43: 0 | D43: 0 | E43: 23612.76 | F43: 0 | G43: 0 | H43: 0 | I43: 0 | J43: 0 | K43: =SUM(B43:J43) -> 23612.76
A44: Thor | B44: 0 | C44: 0 | D44: 0 | E44: 0 | F44: 92892.415 | G44: 0 | H44: 0 | I44: 0 | J44: 0 | K44: =SUM(B44:J44) -> 92892.415
A45: Diquini | B45: 0 | C45: 0 | D45: 0 | E45: 40556.516 | F45: 0 | G45: 14775 | H45: 0 | I45: 0 | J45: 0 | K45: =SUM(B45:J45) -> 55331.516
A46: Rue du Quai | B46: 0 | C46: 0 | D46: 0 | E46: 0 | F46: 0 | G46: 0 | H46: 0 | I46: 0 | J46: 0 | K46: =SUM(B46:J46) -> 0
A47: Carrefour-Feuilles | B47: 0 | C47: 0 | D47: 0 | E47: 32551.073 | F47: 0 | G47: 0 | H47: 0 | I47: 0 | J47: 0 | K47: =SUM(B47:J47) -> 32551.073
A48: Clercine | B48: 0 | C48: 0 | D48: 0 | E48: 0 | F48: 0 | G48: 0 | H48: 0 | I48: 0 | J48: 0 | K48: =SUM(B48:J48) -> 0
A49: Rue Cameau | B49: 0 | C49: 0 | D49: 0 | E49: 0 | F49: 0 | G49: 248274 | H49: 0 | I49: 0 | J49: 0 | K49: =SUM(B49:J49) -> 248274
A50: Parc Industriel | B50: 1534300 | C50: 309373.81 | D50: 290151.66 | E50: 0 | F50: 0 | G50: 0 | H50: 0 | I50: 0 | J50: 0 | K50: =SUM(B50:J50) -> 2133825.5
A51: Varreux | B51: 0 | C51: 0 | D51: 0 | E51: 0 | F51: 1453420.7 | G51: 0 | H51: 0 | I51: 0 | J51: 0 | K51: =SUM(B51:J51) -> 1453420.7
A52: Rue Charéron | B52: 25984.788 | C52: 0 | D52: 0 | E52: 0 | F52: 0 | G52: 0 | H52: 0 | I52: 0 | J52: 0 | K52: =SUM(B52:J52) -> 25984.788
... A73: Autres succursales non précisées | B73: 105981.61 | C73: 0 | D73: 0 | E73: 0 | F73: 476.5727 | G73: 0 | H73: 0 | I73: 0 | J73: 0 | K73: =SUM(B73:J73) -> 106458.18
A74: TOTAL | B74: =+B10+B13+B16+B28+B35+B36+B38+B40+B50+B52+B58+B65+B67+B69+B73 -> 17613366 | C74: =SUM(C10:C73) -> 1426485.5 | D74: =SUM(D10:D73) -> 1350235.9 | E74: =+E10+E11+E12+E13+E16+E28+E35+E36+E38+E39+E40+E45+E46+E47+E58+E59+E60+E63+E65+E66+E67+E68 -> 13352552 | F74: =+F10+F16+F28+F35+F37+F38+F44+F48+F51+F53+F55+F56+F57+F58+F59+F60+F61+F62+F63+F64+F65+F66+F67+F69+F72+F73 -> 21070110 | G74: =+G10+G11+G16+G28+G37+G38+G39+G40+G45+G49+G69 -> 5247665 | H74: =+H10+H11+H16+H67 -> 1083757.2 | I74: =SUM(I10:I73) -> 3912349 | J74: =SUM(J10:J73) -> 3211364 | K74: =SUM(B74:J74) -> 68267884
A77: VILLES DE PROVINCES
A78: Aquin | B78: 29294.522 | C78: 0 | D78: 0 | E78: 0 | F78: 0 | G78: 0 | H78: 0 | I78: 0 | J78: 0 | K78: =SUM(B78:J78) -> 29294.522
A79: Jacmel | B79: 155144.26 | C79: 0 | D79: 0 | E79: 131617.52 | F79: 156694.68 | G79: 0 | H79: 0 | I79: 0 | J79: 0 | K79: =SUM(B79:J79) -> 443456.46
A80: Hinche | B80: 113809.3 | C80: 0 | D80: 0 | E80: 0 | F80: 70620.84 | G80: 32094 | H80: 0 | I80: 0 | J80: 0 | K80: =SUM(B80:J80) -> 216524.14
A81: Cap-Haïtien | B81: =SUM(B82:B83) -> 343443.3 | C81: 0 | D81: 121133.28 | E81: =SUM(E82:E83) -> 258255.94 | F81: =SUM(F82:F83) -> 482609.99 | G81: 84938 | H81: 0 | I81: 0 | J81: 0 | K81: =SUM(B81:J81) -> 1290380.5
A82: Cap-Haïtien 1 | B82: 343442.16 | C82: 0 | D82: 0 | E82: 139430.7 | F82: 427041.54 | G82: 0 | H82: 0 | I82: 0 | J82: 0 | K82: =SUM(B82:J82) -> 909914.4
A83: Cap-Haïtien 2 | B83: 1.1409431 | C83: 0 | D83: 0 | E83: 118825.24 | F83: 55568.457 | G83: 0 | H83: 0 | I83: 0 | J83: 0 | K83: =SUM(B83:J83) -> 174394.84
A84: Cayes | B84: =SUM(B85:B86) -> 476804.77 | C84: 0 | D84: 74680.942 | E84: 204602.21 | F84: 190242.72 | G84: 137792 | H84: 0 | I84: 0 | J84: 0 | K84: =SUM(B84:J84) -> 1084122.6
A85: Cayes 1 | B85: 440988.18 | C85: 0 | D85: 0 | E85: 0 | F85: 0 | G85: 0 | H85: 0 | I85: 0 | J85: 0 | K85: =SUM(B85:J85) -> 440988.18
A86: Cayes 2 | B86: 35816.587 | C86: 0 | D86: 0 | E86: 0 | F86: 0 | G86: 0 | H86: 0 | I86: 0 | J86: 0 | K86: =SUM(B86:J86) -> 35816.587
A87: Cabaret | B87: 82902.222 | C87: 0 | D87: 0 | E87: 0 | F87: 0 | G87: 0 | H87: 0 | I87: 0 | J87: 0 | K87: =SUM(B87:J87) -> 82902.222
A88: Cap Saint-Michel | B88: 0 | C88: 0 | D88: 0 | E88: 69195.977 | F88: 0 | G88: 0 | H88: 0 | I88: 0 | J88: 0 | K88: =SUM(B88:J88) -> 69195.977
A89: Ouanaminthe | B89: 15971.66 | C89: 0 | D89: 18030.741 | E89: 46105.723 | F89: 46961.331 | G89: 0 | H89: 0 | I89: 0 | J89: 0 | K89: =SUM(B89:J89) -> 127069.46
A90: Fort-Liberté | B90: 135111.36 | C90: 0 | D90: 0 | E90: 0 | F90: 0 | G90: 0 | H90: 0 | I90: 0 | J90: 0 | K90: =SUM(B90:J90) -> 135111.36
A91: Gonaïves | B91: 193766.24 | C91: 0 | D91: 33245.396 | E91: 141032.43 | F91: 147040.35 | G91: 32764 | H91: 0 | I91: 0 | J91: 0 | K91: =SUM(B91:J91) -> 547848.42
A92: Port-de-Paix | B92: 143578.23 | C92: 0 | D92: 22418.177 | E92: 81358.295 | F92: 103378.58 | G92: 0 | H92: 0 | I92: 0 | J92: 0 | K92: =SUM(B92:J92) -> 350733.28
A93: Petit-Goave | B93: 56113.272 | C93: 0 | D93: 0 | E93: 23676.519 | F93: 72671.173 | G93: 0 | H93: 0 | I93: 0 | J93: 0 | K93: =SUM(B93:J93) -> 152460.96
A94: Miragoane | B94: 64202.638 | C94: 0 | D94: 0 | E94: 40653.188 | F94: 26889.665 | G94: 0 | H94: 0 | I94: 0 | J94: 0 | K94: =SUM(B94:J94) -> 131745.49
A95: Mirebalais | B95: 0 | C95: 0 | D95: 0 | E95: 91575.449 | F95: 88024.226 | G95: 0 | H95: 0 | I95: 0 | J95: 0 | K95: =SUM(B95:J95) -> 179599.67
A96: Jérémie | B96: 128761.92 | C96: 0 | D96: 125.26147 | E96: 38922.843 | F96: 135715.06 | G96: 0 | H96: 0 | I96: 0 | J96: 0 | K96: =SUM(B96:J96) -> 303525.08
... A103: St-Marc | B103: 108495.15 | C103: 0 | D103: 0 | E103: 233049.46 | F103: 102631.84 | G103: 0 | H103: 0 | I103: 0 | J103: 0 | K103: =SUM(B103:J103) -> 444176.44
A104: TOTAL | B104: =+B78+B79+B80+B81+B84+B87+B89+B90+B91+B92+B93+B94+B96+B98+B99+B102+B103 -> 2460773.6 | C104: =SUM(C78:C103) -> 0 | D104: =SUM(D78:D103) -> 269662.95 | E104: =+E79+E81+E84+E88+E89+E91+E92+E93+E94+E95+E96+E98+E103 -> 1434393.8 | F104: =+F79+F80+F81+F84+F89+F91+F92+F93+F94+F95+F96+F97+F98+F100+F101+F103 -> 1722657.8 | G104: =SUM(G78:G103) -> 287588 | H104: =SUM(H78:H103) -> 0 | I104: =SUM(I78:I103) -> 0 | J104: =SUM(J78:J103) -> 0 | K104: =SUM(B104:J104) -> 6175076.1
C141: SCOTIA | D141: 1327
C142: PROMOBK | D142: 1050
C143: SOGEBK | D143: 875
C144: UNIBK | D144: 862
C145: CAPITALBK | D145: 664
C146: SOCABK | D146: 624
C147: SOGEBL | D147: 496
C148: BPH | D148: 278
C149: CBNA | D149: 171
C150: BICH | D150: 103
C151: BMH | D151: 12
C152: BIDC | D152: 0
... C154: BUH | D154: 0
A155: Port-au-Prince,ses environs et Provinces | B155: =+B74+B104 -> 20074139 | C155: =+C74+C104 -> 1426485.5 | D155: =+D74+D104 -> 1619898.8 | E155: =+E74+E104 -> 14786946 | F155: =+F74+F104 -> 22792767 | G155: =+G74+G104 -> 5535253 | H155: =+H74+H104 -> 1083757.2 | I155: =+I74+I104 -> 3912349 | ... K155: =+K74+K104 -> 74442961

Sheet  dépôts d'épargne
A1: RÉPARTITION GÉOGRAPHIQUE DES COMPTES DE DÉPÔTS D'ÉPARGNE PAR BANQUE, PAR SUCCURSALES ET PAR AGENCES
A2: (EN MILLIERS DE GOURDES)
A3: AU 31 DÉCEMBRE 2014
A6: PORT-AU-PRINCE ET SES ENVIRONS
B8: BNC | C8: BPH | D8: BUH | E8: SOGEBK | F8: UNIBK | G8: CAPITALBK | H8: SOGEBL | I8: CBNA | J8: SCOTIA | K8: TOTAL
A10: Siège Social | B10: 1005587.5 | C10: 168493.93 | D10: 279616.7 | E10: 1229100.2 | F10: 2060038.7 | G10: 396305 | H10: 182935.64 | I10: 294638 | J10: 520343 | K10: =SUM(B10:J10) -> 6137058.7
A11: Place Geffrard | B11: 0 | C11: 0 | D11: 0 | E11: 1941287.1 | F11: 0 | G11: 0 | H11: 0 | I11: 0 | J11: 0 | K11: =SUM(B11:J11) -> 1941287.1
A12: Place Geffrard 2 | B12: 0 | C12: 0 | E12: 0 | F12: 0 | G12: 0 | H12: 0 | I12: 0 | J12: 0 | K12: =SUM(B12:J12) -> 0
A13: Rue Pavée II | B13: =SUM(B14:B15) -> 390611.51 | C13: 0 | D13: 0 | E13: 490376.95 | F13: 0 | G13: 0 | H13: 0 | I13: 0 | J13: 0 | K13: =SUM(B13:J13) -> 880988.46
A14: Pavée 1 | B14: 197845.81 | C14: 0 | D14: 0 | E14: 0 | F14: 0 | G14: 0 | H14: 0 | I14: 0 | J14: 0 | K14: =SUM(B14:J14) -> 197845.81
A15: Pavée 2 | B15: 192765.7 | C15: 0 | D15: 0 | E15: 0 | F15: 0 | G15: 0 | H15: 0 | I15: 0 | J15: 0 | K15: =SUM(B15:J15) -> 192765.7
A16: Delmas | B16: =SUM(B17:B21) -> 695534.61 | C16: 31111.023 | D16: 0 | E16: =SUM(E17:E24) -> 1103019.5 | F16: =SUM(F17:F27) -> 2547633.3 | G16: =SUM(G17:G21) -> 327967 | H16: =SUM(H17:H27) -> 169414.94 | I16: 0 | J16: 367273 | K16: =SUM(B16:J16) -> 5241953.4
A17: Delmas 52 | B17: 304405.84 | C17: 0 | D17: 0 | E17: 0 | F17: 0 | G17: 0 | H17: 0 | I17: 0 | J17: 0 | K17: =SUM(B17:J17) -> 304405.84
A18: Delmas 2 | B18: 273070.64 | C18: 0 | D18: 0 | E18: 0 | F18: 0 | G18: 0 | H18: 0 | I18: 0 | J18: 0 | K18: =SUM(B18:J18) -> 273070.64
A19: Delmas K-Dis | B19: 0 | C19: 0 | D19: 0 | E19: 0 | F19: 0 | G19: 319339 | H19: 0 | I19: 0 | J19: 0 | K19: =SUM(B19:J19) -> 319339
A20: Delmas 32 | B20: 118058.12 | C20: 0 | D20: 0 | E20: 0 | F20: 1297953.9 | G20: 0 | H20: 0 | I20: 0 | J20: 0 | K20: =SUM(B20:J20) -> 1416012
A21: Delmas 53 | B21: 0 | C21: 0 | D21: 0 | E21: 0 | F21: 0 | G21: 8628 | H21: 0 | I21: 0 | J21: 0 | K21: =SUM(B21:J21) -> 8628
A22: Delmas 56 | B22: 0 | C22: 0 | D22: 0 | E22: 0 | F22: 0 | G22: 0 | H22: 169414.94 | I22: 0 | J22: 0 | K22: =SUM(B22:J22) -> 169414.94
A23: Delmas 48 | B23: 0 | C23: 0 | D23: 0 | E23: 328435.37 | F23: 0 | G23: 0 | H23: 0 | I23: 0 | J23: 0 | K23: =SUM(B23:J23) -> 328435.37
A24: Delmas-Aéroport | B24: 0 | C24: 0 | D24: 0 | E24: 774584.09 | F24: 0 | G24: 0 | H24: 0 | I24: 0 | J24: 0 | K24: =SUM(B24:J24) -> 774584.09
A25: Delmas 16 | B25: 0 | C25: 0 | D25: 0 | E25: 0 | F25: 551609.36 | G25: 0 | H25: 0 | I25: 0 | J25: 0 | K25: =SUM(B25:J25) -> 551609.36
A26: Delmas 71 | B26: 0 | C26: 0 | D26: 0 | E26: 0 | F26: 685910.86 | G26: 0 | H26: 0 | I26: 0 | J26: 0 | K26: =SUM(B26:J26) -> 685910.86
A27: Kiosque Mégamart | B27: 0 | C27: 0 | D27: 0 | E27: 0 | F27: 12159.208 | G27: 0 | H27: 0 | I27: 0 | J27: 0 | K27: =SUM(B27:J27) -> 12159.208
A28: Pétion-Ville | B28: =SUM(B29:B32) -> 937130.66 | C28: 222467.75 | D28: 358706.69 | E28: =SUM(E29:E34) -> 2687102.7 | F28: =SUM(F29:F34) -> 2024530.6 | G28: =SUM(G29:G32) -> 732081 | H28: 0 | I28: 0 | J28: 498168 | K28: =SUM(B28:J28) -> 7460187.4
A29: P-V 1 | B29: 368503.88 | C29: 0 | D29: 0 | E29: 1078964.7 | F29: 1546681.9 | G29: 361946 | H29: 0 | I29: 0 | J29: 0 | K29: =SUM(B29:J29) -> 3356096.5
A30: Place Boyer | B30: 212738.87 | C30: 0 | D30: 0 | E30: 0 | F30: 0 | G30: 125769 | H30: 0 | I30: 0 | J30: 0 | K30: =SUM(B30:J30) -> 338507.87
A31: Choucoune Plaza | B31: 288518.67 | C31: 0 | D31: 0 | E31: 0 | F31: 0 | G31: 0 | H31: 0 | I31: 0 | J31: 0 | K31: =SUM(B31:J31) -> 288518.67
A32: P-V 2 | B32: 67369.232 | C32: 0 | D32: 0 | E32: 236788.74 | F32: 164573.99 | G32: 244366 | H32: 0 | I32: 0 | J32: 0 | K32: =SUM(B32:J32) -> 713097.96
A33: P-V 3 | B33: 0 | C33: 0 | D33: 0 | E33: 862681.73 | F33: 313274.69 | G33: 0 | H33: 0 | I33: 0 | J33: 0 | K33: =SUM(B33:J33) -> 1175956.4
A34: P-V 4 | B34: 0 | C34: 0 | D34: 0 | E34: 508667.55 | F34: 0 | G34: 0 | H34: 0 | I34: 0 | J34: 0 | K34: =SUM(B34:J34) -> 508667.55
A35: Lalue | B35: 208058.29 | C35: 0 | D35: 128154.09 | E35: 975838.37 | F35: 674699.69 | G35: 0 | H35: 0 | I35: 0 | J35: 0 | K35: =SUM(B35:J35) -> 1986750.4
A36: Champs de Mars | B36: 294415.47 | C36: 0 | D36: 0 | E36: 408596.36 | F36: 0 | G36: 0 | H36: 0 | I36: 0 | J36: 0 | K36: =SUM(B36:J36) -> 703011.83
A37: Laboule | B37: 0 | C37: 0 | D37: 0 | E37: 0 | F37: 67037.554 | G37: 191491 | H37: 0 | I37: 0 | J37: 0 | K37: =SUM(B37:J37) -> 258528.55
A38: Aéroport | B38: 70044.019 | C38: 20675.475 | D38: 0 | E38: 435622.63 | F38: 136024.73 | G38: 210216 | H38: 0 | I38: 0 | J38: 0 | K38: =SUM(B38:J38) -> 872582.85
A39: Aéroport 2 | B39: 0 | C39: 0 | D39: 0 | E39: 367131.37 | F39: 0 | G39: 26982 | H39: 0 | I39: 0 | J39: 0 | K39: =SUM(B39:J39) -> 394113.37
A40: Carrefour | B40: =SUM(B41:B42) -> 453350.31 | C40: 0 | D40: 94589.651 | E40: =SUM(E41:E43) -> 868632.33 | F40: 0 | G40: 95038 | H40: 0 | I40: 0 | J40: 303445 | K40: =SUM(B40:J40) -> 1815055.3
A41: Arcachon | B41: 253655.74 | C41: 0 | D41: 0 | E41: 0 | F41: 0 | G41: 0 | H41: 0 | I41: 0 | J41: 0 | K41: =SUM(B41:J41) -> 253655.74
A42: Carrefour | B42: 199694.57 | C42: 0 | D42: 0 | E42: 539292.72 | F42: 0 | G42: 0 | H42: 0 | I42: 0 | J42: 0 | K42: =SUM(B42:J42) -> 738987.29
A43: Truitiers | B43: 0 | C43: 0 | D43: 0 | E43: 329339.61 | F43: 0 | G43: 0 | H43: 0 | I43: 0 | J43: 0 | K43: =SUM(B43:J43) -> 329339.61
A44: Thor | B44: 0 | C44: 0 | D44: 0 | E44: 0 | F44: 527851.49 | G44: 0 | H44: 0 | I44: 0 | J44: 0 | K44: =SUM(B44:J44) -> 527851.49
A45: Diquini | B45: 0 | C45: 0 | D45: 0 | E45: 386253.08 | F45: 0 | G45: 23185 | H45: 0 | I45: 0 | J45: 0 | K45: =SUM(B45:J45) -> 409438.08
A46: Rue du Quai | B46: 0 | C46: 0 | D46: 0 | E46: 0 | F46: 0 | G46: 0 | H46: 0 | I46: 0 | J46: 0 | K46: =SUM(B46:J46) -> 0
A47: Carrefour-Feuilles | B47: 0 | C47: 0 | D47: 0 | E47: 174657.74 | F47: 0 | G47: 0 | H47: 0 | I47: 0 | J47: 0 | K47: =SUM(B47:J47) -> 174657.74
A48: Clercine | B48: 0 | C48: 0 | D48: 0 | E48: 0 | F48: 0 | G48: 0 | H48: 0 | I48: 0 | J48: 0 | K48: =SUM(B48:J48) -> 0
A49: Rue Cameau | B49: 0 | C49: 0 | D49: 0 | E49: 0 | F49: 0 | G49: 215076 | H49: 0 | I49: 0 | J49: 0 | K49: =SUM(B49:J49) -> 215076
A50: Parc Industriel | B50: 169720.99 | C50: 97232.165 | D50: 130255.85 | E50: 0 | F50: 0 | G50: 0 | H50: 0 | I50: 0 | J50: 0 | K50: =SUM(B50:J50) -> 397209.01
A51: Varreux | B51: 0 | C51: 0 | D51: 0 | E51: 0 | F51: 633360.39 | G51: 0 | H51: 0 | I51: 0 | J51: 0 | K51: =SUM(B51:J51) -> 633360.39
A52: Rue Charéron | B52: 124207.45 | C52: 0 | D52: 0 | E52: 0 | F52: 0 | G52: 0 | H52: 0 | I52: 0 | J52: 0 | K52: =SUM(B52:J52) -> 124207.45
... A67: Turgeau | B67: 106616.19 | C67: 0 | D67: 0 | E67: 676894.6 | F67: 529126.25 | G67: 0 | H67: 156468.86 | I67: 0 | J67: 0 | K67: =SUM(B67:J67) -> 1469105.9
A68: Turgeau 2 | B68: 0 | C68: 0 | D68: 0 | E68: 58.82821 | F68: 0 | G68: 0 | H68: 0 | I68: 0 | K68: =SUM(B68:J68) -> 58.82821
A69: Tabarre | B69: 25931.339 | C69: 39952.241 | D69: 0 | E69: 0 | F69: 240918.03 | G69: 88238 | H69: 0 | I69: 0 | J69: 0 | K69: =SUM(B69:J69) -> 395039.61
A70: Rue des Fronts Forts | B70: 0 | C70: 0 | D70: 0 | E70: 0 | F70: 0 | G70: 0 | H70: 0 | I70: 0 | J70: 0 | K70: =SUM(B70:J70) -> 0
A71: Sans Fil | B71: 0 | C71: 0 | D71: 0 | E71: 0 | F71: 0 | G71: 0 | H71: 0 | I71: 0 | J71: 0 | K71: =SUM(B71:J71) -> 0
A72: Avenue Christophe | B72: 0 | C72: 0 | D72: 0 | E72: 0 | F72: 89770.63 | G72: 0 | H72: 0 | I72: 0 | J72: 0 | K72: =SUM(B72:J72) -> 89770.63
A73: Autres succursales non précisées | B73: 3122.827 | C73: 0 | D73: 0 | E73: 0 | F73: 247196.19 | G73: 0 | H73: 0 | I73: 0 | J73: 0 | K73: =SUM(B73:J73) -> 250319.01
A74: TOTAL | B74: =+B10+B13+B16+B28+B35+B36+B38+B40+B50+B52+B58+B65+B67+B69+B73 -> 4993675.4 | C74: =SUM(C10:C73) -> 579932.58 | D74: =SUM(D10:D73) -> 991322.98 | E74: =+E10+E11+E12+E13+E16+E28+E35+E36+E38+E39+E40+E45+E46+E47+E58+E59+E60+E63+E65+E66+E67+E68 -> 13763696 | F74: =+F10+F16+F28+F35+F37+F38+F44+F51+F53+F55+F56+F57+F58+F59+F60+F61+F62+F63+F64+F65+F66+F67+F69+F72+F73 -> 15394890 | G74: =+G10+G11+G16+G28+G37+G38+G39+G40+G45+G49+G69 -> 2306579 | H74: =+H10+H11+H16+H67 -> 508819.44 | I74: =SUM(I10:I73) -> 294638 | J74: =SUM(J10:J73) -> 1689229 | K74: =SUM(B74:J74) -> 40522783
A77: VILLES DE PROVINCES
A78: Aquin | B78: 342994.15 | C78: 0 | D78: 0 | E78: 0 | F78: 0 | G78: 0 | H78: 0 | I78: 0 | J78: 0 | K78: =SUM(B78:J78) -> 342994.15
A79: Jacmel | B79: 306013.05 | C79: 0 | D79: 0 | E79: 431962.97 | F79: 330817.32 | G79: 0 | H79: 0 | I79: 0 | J79: 0 | K79: =SUM(B79:J79) -> 1068793.3
A80: Hinche | B80: 182958.73 | C80: 0 | D80: 0 | E80: 0 | F80: 128635.88 | G80: 58118 | H80: 0 | I80: 0 | J80: 0 | K80: =SUM(B80:J80) -> 369712.61
A81: Cap-Haïtien | B81: =SUM(B82:B83) -> 483669.19 | C81: 0 | D81: 308541.67 | E81: =SUM(E82:E83) -> 1399558.1 | F81: =SUM(F82:F83) -> 1002400.9 | G81: 131139 | H81: 0 | I81: 0 | J81: 0 | K81: =SUM(B81:J81) -> 3325308.8
A82: Cap-Haïtien 1 | B82: 482898.62 | C82: 0 | D82: 0 | E82: 920893.81 | F82: 673936.54 | G82: 0 | H82: 0 | I82: 0 | J82: 0 | K82: =SUM(B82:J82) -> 2077729
A83: Cap-Haïtien 2 | B83: 770.56955 | C83: 0 | D83: 0 | E83: 478664.28 | F83: 328464.32 | G83: 0 | H83: 0 | I83: 0 | J83: 0 | K83: =SUM(B83:J83) -> 807899.17
A84: Cayes | B84: =SUM(B85:B86) -> 485765.68 | C84: 0 | D84: 189299.88 | E84: 473240.62 | F84: 584492.68 | G84: 83899 | H84: 0 | I84: 0 | J84: 0 | K84: =SUM(B84:J84) -> 1816697.9
A85: Cayes 1 | B85: 403882.64 | C85: 0 | D85: 0 | E85: 0 | F85: 0 | G85: 0 | H85: 0 | I85: 0 | J85: 0 | K85: =SUM(B85:J85) -> 403882.64
A86: Cayes 2 | B86: 81883.032 | C86: 0 | D86: 0 | E86: 0 | F86: 0 | G86: 0 | H86: 0 | I86: 0 | J86: 0 | K86: =SUM(B86:J86) -> 81883.032
A87: Cabaret | B87: 289756.84 | C87: 0 | D87: 0 | E87: 0 | F87: 0 | G87: 0 | H87: 0 | I87: 0 | J87: 0 | K87: =SUM(B87:J87) -> 289756.84
A88: Cap Saint-Michel | B88: 0 | C88: 0 | D88: 0 | E88: 162447.76 | F88: 0 | G88: 0 | H88: 0 | I88: 0 | J88: 0 | K88: =SUM(B88:J88) -> 162447.76
A89: Ouanaminthe | B89: 51381.582 | C89: 0 | D89: 71174.232 | E89: 202847.46 | F89: 131529.58 | G89: 0 | H89: 0 | I89: 0 | J89: 0 | K89: =SUM(B89:J89) -> 456932.86
A90: Fort-Liberté | B90: 150270.61 | C90: 0 | D90: 0 | E90: 0 | F90: 0 | G90: 0 | H90: 0 | I90: 0 | J90: 0 | K90: =SUM(B90:J90) -> 150270.61
A91: Gonaïves | B91: 423266.23 | C91: 0 | D91: 164791.5 | E91: 440377.29 | F91: 437232.54 | G91: 96848 | H91: 0 | I91: 0 | J91: 0 | K91: =SUM(B91:J91) -> 1562515.6
A92: Port-de-Paix | B92: 457718.37 | C92: 0 | D92: 114896.69 | E92: 255556.15 | F92: 372032.83 | G92: 0 | H92: 0 | I92: 0 | J92: 0 | K92: =SUM(B92:J92) -> 1200204
A93: Petit-Goave | B93: 233541.58 | C93: 0 | D93: 0 | E93: 176547.69 | F93: 159852.05 | G93: 0 | H93: 0 | I93: 0 | J93: 0 | K93: =SUM(B93:J93) -> 569941.33
A94: Miragoane | B94: 165028.84 | C94: 0 | D94: 0 | E94: 175726.88 | F94: 185827.45 | G94: 0 | H94: 0 | I94: 0 | J94: 0 | K94: =SUM(B94:J94) -> 526583.17
A95: Mirebalais | B95: 0 | C95: 0 | D95: 0 | E95: 100187.92 | F95: 227480.42 | G95: 0 | H95: 0 | I95: 0 | J95: 0 | K95: =SUM(B95:J95) -> 327668.33
A96: Jérémie | B96: 216214.68 | C96: 0 | D96: 682.67964 | E96: 122647.77 | F96: 173009.61 | G96: 0 | H96: 0 | I96: 0 | J96: 0 | K96: =SUM(B96:J96) -> 512554.75
... A103: St-Marc | B103: 506225.23 | C103: 0 | D103: 0 | E103: 482588.19 | F103: 540572.07 | G103: 0 | H103: 0 | I103: 0 | J103: 0 | K103: =SUM(B103:J103) -> 1529385.5
A104: TOTAL | B104: =+B78+B79+B80+B81+B84+B87+B89+B90+B91+B92+B93+B94+B96+B98+B99+B102+B103 -> 4832680.1 | C104: =SUM(C78:C103) -> 0 | D104: =SUM(D78:D103) -> 850511.32 | E104: =+E79+E81+E84+E88+E89+E91+E92+E93+E94+E95+E96+E98+E103 -> 4814648.4 | F104: =+F79+F80+F81+F84+F89+F91+F92+F93+F94+F95+F96+F97+F98+F100+F101+F103 -> 4893278.6 | G104: =SUM(G78:G103) -> 370004 | H104: =SUM(H78:H103) -> 0 | I104: =SUM(I78:I103) -> 0 | J104: =SUM(J78:J103) -> 0 | K104: =SUM(B104:J104) -> 15761122
C141: SCOTIA | D141: 1327
C142: PROMOBK | D142: 1050
C143: SOGEBK | D143: 875
C144: UNIBK | D144: 862
C145: CAPITALBK | D145: 664
C146: SOCABK | D146: 624
C147: SOGEBL | D147: 496
C148: BPH | D148: 278
C149: CBNA | D149: 171
C150: BICH | D150: 103
C151: BMH | D151: 12
C152: BIDC | D152: 0
... C154: BUH | D154: 0
A155: Port-au-Prince,ses environs et Provinces | B155: =+B74+B104 -> 9826355.5 | C155: =+C74+C104 -> 579932.58 | D155: =+D74+D104 -> 1841834.3 | E155: =+E74+E104 -> 18578345 | F155: =+F74+F104 -> 20288169 | G155: =+G74+G104 -> 2676583 | H155: =+H74+H104 -> 508819.44 | I155: =+I74+I104 -> 294638 | ... K155: =+K74+K104 -> 56283905

Sheet  dépôts à terme
A1: RÉPARTITION GÉOGRAPHIQUE DES COMPTES DE DÉPÔTS À TERME PAR BANQUE, PAR SUCCURSALES ET PAR AGENCES
A2: (EN MILLIERS DE GOURDES)
A3: AU 31 DÉCEMBRE 2014
A6: PORT-AU-PRINCE ET SES ENVIRONS
B8: BNC | C8: BPH | D8: BUH | E8: SOGEBK | F8: UNIBK | G8: CAPITALBK | H8: SOGEBL | I8: CBNA | J8: SCOTIA | K8: TOTAL
A10: Siège Social | B10: 576776.49 | C10: 184033.82 | D10: 81940.298 | E10: 4048096.7 | F10: 87603.707 | G10: =+[1]Annexe14!$F$29 -> 1278050 | H10: 2620873.9 | I10: 381091 | J10: 108688 | K10: =SUM(B10:J10) -> 9367153.9
A11: Place Geffrard | B11: 0 | C11: 0 | D11: 0 | E11: 475057.49 | F11: 0 | G11: 0 | H11: 0 | I11: 0 | J11: 0 | K11: =SUM(B11:J11) -> 475057.49
A12: Place Geffrard 2 | B12: 0 | C12: 0 | D12: 0 | E12: 0 | F12: 0 | G12: 0 | H12: 0 | I12: 0 | J12: 0 | K12: =SUM(B12:J12) -> 0
A13: Rue Pavée II | B13: =SUM(B14:B15) -> 84860.647 | C13: 0 | D13: 0 | E13: 171593.55 | F13: 0 | G13: 0 | H13: 0 | I13: 0 | J13: 0 | K13: =SUM(B13:J13) -> 256454.2
A14: Pavée 1 | B14: 52285.025 | C14: 0 | D14: 0 | E14: 0 | F14: 0 | G14: 0 | H14: 0 | I14: 0 | J14: 0 | K14: =SUM(B14:J14) -> 52285.025
A15: Pavée 2 | B15: 32575.622 | C15: 0 | D15: 0 | E15: 0 | F15: 0 | G15: 0 | H15: 0 | I15: 0 | J15: 0 | K15: =SUM(B15:J15) -> 32575.622
A16: Delmas | B16: =SUM(B17:B27) -> 219989.9 | C16: 2967.5568 | D16: 0 | E16: =SUM(E17:E24) -> 1346490.9 | F16: =SUM(F17:F27) -> 473279.75 | G16: =SUM(G17:G27) -> 49334 | H16: =SUM(H17:H22) -> 223368.8 | I16: 0 | J16: 86363 | K16: =SUM(B16:J16) -> 2401794
A17: Delmas 52 | B17: 111037.15 | C17: 0 | D17: 0 | E17: 0 | F17: 0 | G17: 0 | H17: 0 | I17: 0 | J17: 0 | K17: =SUM(B17:J17) -> 111037.15
A18: Delmas 2 | B18: 99213.182 | C18: 0 | D18: 0 | E18: 0 | F18: 0 | G18: 0 | H18: 0 | I18: 0 | J18: 0 | K18: =SUM(B18:J18) -> 99213.182
A19: Delmas K-Dis | B19: 0 | C19: 0 | D19: 0 | E19: 0 | F19: 0 | G19: =+[1]Annexe14!$F$30 -> 49334 | H19: 0 | I19: 0 | J19: 0 | K19: =SUM(B19:J19) -> 49334
A20: Delmas 32 | B20: 9739.5713 | C20: 0 | D20: 0 | E20: 0 | F20: 136461.81 | G20: 0 | H20: 0 | I20: 0 | J20: 0 | K20: =SUM(B20:J20) -> 146201.38
A21: Delmas 55 | B21: 0 | C21: 0 | D21: 0 | E21: 0 | F21: 0 | G21: 0 | H21: 0 | I21: 0 | J21: 0 | K21: =SUM(B21:J21) -> 0
A22: Delmas 56 | B22: 0 | C22: 0 | D22: 0 | E22: 0 | F22: 0 | G22: 0 | H22: 223368.8 | I22: 0 | J22: 0 | K22: =SUM(B22:J22) -> 223368.8
A23: Delmas 48 | B23: 0 | C23: 0 | D23: 0 | E23: 71377.842 | F23: 0 | G23: 0 | H23: 0 | I23: 0 | J23: 0 | K23: =SUM(B23:J23) -> 71377.842
A24: Delmas-Aéroport | B24: 0 | C24: 0 | D24: 0 | E24: 1275113.1 | F24: 0 | G24: 0 | H24: 0 | I24: 0 | J24: 0 | K24: =SUM(B24:J24) -> 1275113.1
A25: Delmas 16 | B25: 0 | C25: 0 | D25: 0 | E25: 0 | F25: 94394.207 | G25: 0 | H25: 0 | I25: 0 | J25: 0 | K25: =SUM(B25:J25) -> 94394.207
A26: Delmas 71 | B26: 0 | C26: 0 | D26: 0 | E26: 0 | F26: 242423.74 | G26: 0 | H26: 0 | I26: 0 | J26: 0 | K26: =SUM(B26:J26) -> 242423.74
A27: Kiosque Mégamart | B27: 0 | C27: 0 | D27: 0 | E27: 0 | F27: 0 | G27: 0 | H27: 0 | I27: 0 | J27: 0 | K27: =SUM(B27:J27) -> 0
A28: Pétion-Ville | B28: =SUM(B29:B32) -> 869125.04 | C28: 678695.98 | D28: 466073.34 | E28: =SUM(E29:E34) -> 893917.88 | F28: =SUM(F29:F34) -> 2931540.8 | G28: =SUM(G29:G34) -> 693757 | H28: 0 | I28: 0 | J28: 60332 | K28: =SUM(B28:J28) -> 6593442
A29: P-V 1 | B29: 139899.51 | C29: 0 | D29: 0 | E29: 544562.29 | F29: 1699630.4 | G29: =+[1]Annexe14!$F$32 -> 494051 | H29: 0 | I29: 0 | J29: 0 | K29: =SUM(B29:J29) -> 2878143.2
A30: Place Boyer | B30: 70862.958 | C30: 0 | D30: 0 | E30: 0 | F30: 0 | G30: =+[1]Annexe14!$F$31 -> 60014 | H30: 0 | I30: 0 | J30: 0 | K30: =SUM(B30:J30) -> 130876.96
A31: Choucoune Plaza | B31: 652750.47 | C31: 0 | D31: 0 | E31: 0 | F31: 0 | G31: 0 | H31: 0 | I31: 0 | J31: 0 | K31: =SUM(B31:J31) -> 652750.47
A32: P-V 2 | B32: 5612.1084 | C32: 0 | D32: 0 | E32: 19858.556 | F32: 912544.95 | G32: =+[1]Annexe14!$F$33 -> 139692 | H32: 0 | I32: 0 | J32: 0 | K32: =SUM(B32:J32) -> 1077707.6
A33: P-V 3 | B33: 0 | C33: 0 | D33: 0 | E33: 234999.2 | F33: 319365.47 | G33: 0 | H33: 0 | I33: 0 | J33: 0 | K33: =SUM(B33:J33) -> 554364.67
A34: P-V 4 | B34: 0 | C34: 0 | D34: 0 | E34: 94497.825 | F34: 0 | G34: 0 | H34: 0 | I34: 0 | J34: 0 | K34: =SUM(B34:J34) -> 94497.825
A35: Lalue | B35: 33312.245 | C35: 0 | D35: 83062.521 | E35: 234988.86 | F35: 182754.15 | G35: 0 | H35: 0 | I35: 0 | J35: 0 | K35: =SUM(B35:J35) -> 534117.77
A36: Champs de Mars | B36: 21293.948 | C36: 0 | D36: 0 | E36: 289083.09 | F36: 0 | G36: 0 | H36: 0 | I36: 0 | J36: 0 | K36: =SUM(B36:J36) -> 310377.04
A37: Laboule | B37: 0 | C37: 0 | D37: 0 | E37: 0 | F37: 10358.03 | G37: =+[1]Annexe14!$F$34 -> 17508 | H37: 0 | I37: 0 | J37: 0 | K37: =SUM(B37:J37) -> 27866.03
A38: Aéroport | B38: 12821.15 | C38: 0 | D38: 0 | E38: 194398.39 | F38: 20025.215 | G38: =+[1]Annexe14!$F$35 -> 39763 | H38: 0 | I38: 0 | J38: 0 | K38: =SUM(B38:J38) -> 267007.75
A39: Aéroport 2 | B39: 0 | C39: 0 | D39: 0 | E39: 50918.08 | F39: 0 | G39: =+[1]Annexe14!$F$44 -> 8429 | H39: 0 | I39: 0 | J39: 0 | K39: =SUM(B39:J39) -> 59347.08
A40: Carrefour | B40: =SUM(B41:B42) -> 46188.426 | C40: 0 | D40: 270564.57 | E40: =SUM(E41:E43) -> 344155.58 | F40: 0 | G40: =+[1]Annexe14!$F$36 -> 33874 | H40: 0 | I40: 0 | J40: 70220 | K40: =SUM(B40:J40) -> 765002.58
A41: Arcachon | B41: 17552.116 | C41: 0 | D41: 0 | E41: 0 | F41: 0 | G41: 0 | H41: 0 | I41: 0 | J41: 0 | K41: =SUM(B41:J41) -> 17552.116
A42: Carrefour | B42: 28636.31 | C42: 0 | D42: 0 | E42: 191237.39 | F42: 0 | G42: 0 | H42: 0 | I42: 0 | J42: 0 | K42: =SUM(B42:J42) -> 219873.7
A43: Truitiers | B43: 0 | C43: 0 | D43: 0 | E43: 152918.19 | F43: 0 | G43: 0 | H43: 0 | I43: 0 | J43: 0 | K43: =SUM(B43:J43) -> 152918.19
A44: Thor | B44: 0 | C44: 0 | D44: 0 | E44: 0 | F44: 130332.28 | G44: 0 | H44: 0 | I44: 0 | J44: 0 | K44: =SUM(B44:J44) -> 130332.28
A45: Diquini | B45: 0 | C45: 0 | D45: 0 | E45: 55030.135 | F45: 0 | G45: =+[1]Annexe14!$F$43 -> 100 | H45: 0 | I45: 0 | J45: 0 | K45: =SUM(B45:J45) -> 55130.135
A46: Rue du Quai | B46: 0 | C46: 0 | D46: 0 | E46: 0 | F46: 0 | G46: 0 | H46: 0 | I46: 0 | J46: 0 | K46: =SUM(B46:J46) -> 0
A47: Carrefour-Feuilles | B47: 0 | C47: 0 | D47: 0 | E47: 21025.758 | F47: 0 | G47: 0 | H47: 0 | I47: 0 | J47: 0 | K47: =SUM(B47:J47) -> 21025.758
A48: Rue Cameau | B48: 0 | C48: 0 | D48: 0 | E48: 0 | F48: 0 | G48: =+[1]Annexe14!$F$37 -> 34475 | H48: 0 | I48: 0 | J48: 0 | K48: =SUM(B48:J48) -> 34475
A49: Parc Industriel | B49: 78265.521 | C49: 5790.1789 | D49: 107660.58 | E49: 0 | F49: 0 | G49: 0 | H49: 0 | I49: 0 | J49: 0 | K49: =SUM(B49:J49) -> 191716.28
A50: Varreux | B50: 0 | C50: 0 | D50: 0 | E50: 0 | F50: 266023.43 | G50: 0 | H50: 0 | I50: 0 | J50: 0 | K50: =SUM(B50:J50) -> 266023.43
A51: Rue Charéron | B51: 15350.736 | C51: 0 | D51: 0 | E51: 0 | F51: 0 | G51: 0 | H51: 0 | I51: 0 | J51: 0 | K51: =SUM(B51:J51) -> 15350.736
A52: Bourdon | B52: 0 | C52: 0 | D52: 0 | E52: 0 | F52: 352532.26 | G52: 0 | H52: 0 | I52: 0 | J52: 0 | K52: =SUM(B52:J52) -> 352532.26
A53: Rue Bonne Foi | B53: 0 | C53: 0 | D53: 0 | E53: 0 | F53: 0 | G53: 0 | H53: 0 | I53: 0 | J53: 0 | K53: =SUM(B53:J53) -> 0
A54: Bel-Air | B54: 0 | C54: 0 | D54: 0 | E54: 0 | F54: 574.15139 | G54: 0 | H54: 0 | I54: 0 | J54: 0 | K54: =SUM(B54:J54) -> 574.15139
A55: Canapé-Vert | B55: 0 | C55: 0 | D55: 0 | E55: 0 | F55: 57145.065 | G55: 0 | H55: 0 | I55: 0 | J55: 0 | K55: =SUM(B55:J55) -> 57145.065
A56: Rue Capois | B56: 0 | C56: 0 | D56: 0 | E56: 0 | F56: 59496.479 | G56: 0 | H56: 0 | I56: 0 | J56: 0 | K56: =SUM(B56:J56) -> 59496.479
A57: Damien | B57: 35031.795 | C57: 0 | D57: 0 | E57: 131311.1 | F57: 161977.13 | G57: 0 | H57: 0 | I57: 0 | J57: 0 | K57: =SUM(B57:J57) -> 328320.03
A58: Frères | B58: 0 | C58: 0 | D58: 0 | E58: 138803.85 | F58: 236373.84 | G58: 0 | H58: 0 | I58: 0 | J58: 0 | K58: =SUM(B58:J58) -> 375177.68
A59: Portail Léogane | B59: 0 | C59: 0 | D59: 0 | E59: 19605.253 | F59: 191598.57 | G59: 0 | H59: 0 | I59: 0 | J59: 0 | K59: =SUM(B59:J59) -> 211203.83
A60: Croix des Bossales | B60: 0 | C60: 0 | D60: 0 | E60: 0 | F60: 735.21252 | G60: 0 | H60: 0 | I60: 0 | J60: 0 | K60: =SUM(B60:J60) -> 735.21252
... A67: Turgeau 2 | B67: 0 | C67: 0 | D67: 0 | E67: 2493.5429 | F67: 0 | G67: 0 | H67: 0 | I67: 0 | J67: 0 | K67: =SUM(B67:J67) -> 2493.5429
A68: Tabarre | B68: 77636.926 | C68: 0 | D68: 0 | E68: 0 | F68: 74428.163 | G68: =+[1]Annexe14!$F$41 -> 46516 | H68: 0 | I68: 0 | J68: 0 | K68: =SUM(B68:J68) -> 198581.09
A69: Rue des Fronts Forts | B69: 0 | C69: 0 | D69: 0 | E69: 0 | F69: 0 | G69: 0 | H69: 0 | I69: 0 | J69: 0 | K69: =SUM(B69:J69) -> 0
A70: Sans Fil | B70: 0 | C70: 0 | D70: 0 | E70: 0 | F70: 0 | G70: 0 | H70: 0 | I70: 0 | J70: 0 | K70: =SUM(B70:J70) -> 0
A71: Avenue Christophe | C71: 0 | D71: 0 | E71: 0 | F71: 76308.181 | G71: 0 | H71: 0 | I71: 0 | J71: 0 | K71: =SUM(B71:J71) -> 76308.181
A72: Autres succursales non précisées | B72: 1513531.5 | C72: 0 | D72: 0 | E72: 0 | F72: 6127.173 | G72: 0 | H72: 0 | I72: 0 | J72: 0 | K72: =SUM(B72:J72) -> 1519658.6
A73: TOTAL | B73: =+B10+B13+B16+B28+B35+B36+B38+B40+B49+B51+B57+B64+B66+B68+B72 -> 3608795.2 | C73: =SUM(C10:C72) -> 871487.54 | D73: =SUM(D10:D72) -> 1009301.3 | E73: =+E10+E11+E12+E13+E16+E28+E35+E36+E38+E39+E40+E45+E46+E47+E57+E58+E59+E62+E64+E65+E66+E67 -> 8806386.8 | F73: =+F10+F16+F28+F35+F37+F38+F44+F50+F52+F54+F55+F56+F57+F58+F59+F60+F61+F62+F63+F64+F65+F66+F68+F71+F72 -> 5608967.5 | G73: =+G10+G11+G16+G28+G37+G38+G39+G40+G45+G46+G48+G68 -> 2201806 | H73: =+H10+H11+H16+H66 -> 2952640.4 | I73: =SUM(I10:I72) -> 381091 | J73: =SUM(J10:J72) -> 325603 | K73: =+K10+K11+K12+K13+K16+K28+K35+K36+K37+K38+K39+K40+K44+K45+K46+K47+K48+K49+K50+K51+K52+K53+K54+K55+K56+K57+K58+K59+K60+K61+K62+K63+K64+K65+K66+K67+K68+K69+K70+K71+K72 -> 25766079
A76: VILLES DE PROVINCES
A77: Aquin | B77: 40177.316 | C77: 0 | D77: 0 | E77: 0 | F77: 0 | G77: 0 | H77: 0 | I77: 0 | J77: 0 | K77: =SUM(B77:J77) -> 40177.316
A78: Jacmel | B78: 13663.998 | C78: 0 | D78: 0 | E78: 26960.915 | F78: 35928.958 | G78: 0 | H78: 0 | I78: 0 | J78: 0 | K78: =SUM(B78:J78) -> 76553.871
A79: Hinche | B79: 10633.799 | C79: 0 | D79: 0 | E79: 0 | F79: 10886.072 | G79: =+[1]Annexe14!$F$40 -> 927 | H79: 0 | I79: 0 | J79: 0 | K79: =SUM(B79:J79) -> 22446.872
A80: Cap-Haïtien | B80: =SUM(B81:B82) -> 27679.097 | C80: 0 | D80: 55332.889 | E80: =SUM(E81:E82) -> 408929.51 | F80: =SUM(F81:F82) -> 253133.65 | G80: =+[1]Annexe14!$F$38 -> 3066 | H80: 0 | I80: 0 | J80: 0 | K80: =SUM(B80:J80) -> 748141.15
A81: Cap-Haïtien 1 | B81: 27679.097 | C81: 0 | D81: 0 | E81: 152359.11 | F81: 223194.24 | G81: 0 | H81: 0 | I81: 0 | J81: 0 | K81: =SUM(B81:J81) -> 403232.44
A82: Cap-Haïtien 2 | B82: 0 | C82: 0 | D82: 0 | E82: 256570.4 | F82: 29939.414 | G82: 0 | H82: 0 | I82: 0 | J82: 0 | K82: =SUM(B82:J82) -> 286509.82
A83: Cayes | B83: =SUM(B84:B85) -> 50108.144 | C83: 0 | D83: 42255.338 | E83: 21392.944 | F83: 80480.995 | G83: =+[1]Annexe14!$F$42 -> 235 | H83: 0 | I83: 0 | J83: 0 | K83: =SUM(B83:J83) -> 194472.42
A84: Cayes 1 | B84: 40772.727 | C84: 0 | D84: 0 | E84: 0 | F84: 0 | G84: 0 | H84: 0 | I84: 0 | J84: 0 | K84: =SUM(B84:J84) -> 40772.727
A85: Cayes 2 | B85: 9335.4173 | C85: 0 | D85: 0 | E85: 0 | F85: 0 | G85: 0 | H85: 0 | I85: 0 | J85: 0 | K85: =SUM(B85:J85) -> 9335.4173
A86: Cabaret | B86: 6761.4439 | C86: 0 | D86: 0 | E86: 0 | F86: 0 | G86: 0 | H86: 0 | I86: 0 | J86: 0 | K86: =SUM(B86:J86) -> 6761.4439
A87: Cap Saint-Michel | B87: 0 | C87: 0 | D87: 0 | E87: 6251.4761 | F87: 0 | G87: 0 | H87: 0 | I87: 0 | J87: 0 | K87: =SUM(B87:J87) -> 6251.4761
A88: Ouanaminthe | B88: 158.07249 | C88: 0 | D88: 7914.763 | E88: 1165.6706 | F88: 4635.6914 | G88: 0 | H88: 0 | I88: 0 | J88: 0 | K88: =SUM(B88:J88) -> 13874.198
A89: Fort-Liberté | B89: 1197.2534 | C89: 0 | D89: 0 | E89: 0 | F89: 0 | G89: 0 | H89: 0 | I89: 0 | J89: 0 | K89: =SUM(B89:J89) -> 1197.2534
A90: Gonaïves | B90: 16432.854 | C90: 0 | D90: 106599.53 | E90: 50794.688 | F90: 65993.033 | G90: =+[1]Annexe14!$F$39 -> 1624 | H90: 0 | I90: 0 | J90: 0 | K90: =SUM(B90:J90) -> 241444.1
A91: Port-de-Paix | B91: 18609.62 | C91: 0 | D91: 15538.23 | E91: 29193.601 | F91: 165174.53 | G91: 0 | H91: 0 | I91: 0 | J91: 0 | K91: =SUM(B91:J91) -> 228515.98
A92: Petit-Goave | B92: 3165.2633 | C92: 0 | D92: 0 | E92: 4084.7833 | F92: 10746.619 | G92: 0 | H92: 0 | I92: 0 | J92: 0 | K92: =SUM(B92:J92) -> 17996.666
A93: Miragoane | B93: 5302.7052 | C93: 0 | D93: 0 | E93: 30088.727 | F93: 15715.131 | G93: 0 | H93: 0 | I93: 0 | J93: 0 | K93: =SUM(B93:J93) -> 51106.564
A94: Mirebalais | B94: 0 | C94: 0 | D94: 0 | E94: 38088.48 | F94: 27791.05 | G94: 0 | H94: 0 | I94: 0 | J94: 0 | K94: =SUM(B94:J94) -> 65879.53
A95: Jérémie | B95: 14054.394 | C95: 0 | D95: 135.84813 | E95: 3035.9491 | F95: 4539.1447 | G95: 0 | H95: 0 | I95: 0 | J95: 0 | K95: =SUM(B95:J95) -> 21765.336
A96: La Gonave | B96: 0 | C96: 0 | D96: 0 | E96: 0 | F96: 16658.262 | G96: 0 | H96: 0 | I96: 0 | J96: 0 | K96: =SUM(B96:J96) -> 16658.262
A97: Léogane | B97: 29398.81 | C97: 0 | D97: 0 | E97: 28639.599 | F97: 6425.5748 | G97: 0 | H97: 0 | I97: 0 | J97: 0 | K97: =SUM(B97:J97) -> 64463.984
A98: Fonds-des-Nègres | B98: 20477.85 | C98: 0 | D98: 0 | E98: 0 | F98: 0 | G98: 0 | H98: 0 | I98: 0 | J98: 0 | K98: =SUM(B98:J98) -> 20477.85
A99: Limbé | B99: 0 | C99: 0 | D99: =+'[2]ANNEXE 14'!$F$58 -> 0 | E99: 0 | F99: 23385.564 | G99: 0 | H99: 0 | I99: 0 | J99: 0 | K99: =SUM(B99:J99) -> 23385.564
A100: Vertières | B100: 0 | C100: 0 | D100: 0 | E100: 0 | F100: 20637.282 | G100: 0 | H100: 0 | I100: 0 | J100: 0 | K100: =SUM(B100:J100) -> 20637.282
A101: L'Estère | B101: 211.87128 | C101: 0 | D101: 0 | E101: 0 | F101: 0 | G101: 0 | H101: 0 | I101: 0 | J101: 0 | K101: =SUM(B101:J101) -> 211.87128
A102: St-Marc | B102: 108678.17 | C102: 0 | D102: 0 | E102: 24315.007 | F102: 52741.091 | G102: 0 | H102: 0 | I102: 0 | J102: 0 | K102: =SUM(B102:J102) -> 185734.27
A103: TOTAL | B103: =+B77+B78+B79+B80+B83+B86+B88+B89+B90+B91+B92+B93+B95+B97+B98+B101+B102 -> 366710.66 | C103: =SUM(C77:C102) -> 0 | D103: =SUM(D77:D102) -> 227776.6 | E103: =+E78+E80+E83+E87+E88+E90+E91+E92+E93+E94+E95+E97+E102 -> 672941.35 | F103: =+F78+F79+F80+F83+F88+F90+F91+F92+F93+F94+F95+F96+F97+F99+F100+F102 -> 794872.65 | G103: =SUM(G77:G102) -> 5852 | H103: =SUM(H77:H102) -> 0 | I103: =SUM(I77:I102) -> 0 | J103: =SUM(J77:J102) -> 0 | K103: =+K77+K78+K79+K80+K83+K86+K87+K88+K89+K90+K91+K92+K93+K94+K95+K96+K97+K98+K99+K100+K101+K102 -> 2068153.3
C140: SCOTIA | D140: 1327
C141: PROMOBK | D141: 1050
C142: SOGEBK | D142: 875
C143: UNIBK | D143: 862
C144: CAPITALBK | D144: 664
C145: SOCABK | D145: 624
C146: SOGEBL | D146: 496
C147: BPH | D147: 278
C148: CBNA | D148: 171
...

Sheet pageintsect2
A16: SECTION 2
A19: SOMMAIRE FINANCIER - SYSTÈME BANCAIRE

Sheet sofiinfisys
A1: SYSTÈME BANCAIRE
A2: SOMMAIRE FINANCIER
A3: INDICATEURS FINANCIERS
I5: Var. déc. 14 | J5: SEPTEMBRE
B6: Déc. 14 | C6: Var. | D6: Mars 15 | E6: Var. | F6: Juin 15 | G6: Var. | H6: Sept. 15 | I6: /sept. 14 | J6: 2014 | K6: Var. | L6: 2013 | M6: Var. | N6: 2012 | O6: Var. | P6: 2011
P7: .
A8: FAITS SAILLANTS FINANCIERS
A9: (En milliers de gourdes)
A11: Bilan
A12: Actif | B12: =+somfinbilsys!B23 -> 1.9480072e+08 | C12: 0 | D12: =+somfinbilsys!D23 -> 0 | E12: 0 | F12: =+somfinbilsys!F23 -> 0 | G12: 0 | H12: =+somfinbilsys!H23 -> 0 | I12: =+(B12-J12)/ABS(J12) -> 0.0015373904 | J12: =+somfinbilsys!J23 -> 1.945017e+08 | K12: =+(-L12+J12)/ABS(L12) -> 0.10555024 | L12: =+somfinbilsys!L23 -> 1.7593203e+08 | M12: =+(-N12+L12)/ABS(N12) -> 0.031522379 | N12: =+somfinbilsys!N23 -> 1.7055571e+08 | O12: =+(-P12+N12)/ABS(P12) -> 0.10753835 | P12: =+somfinbilsys!P23 -> 1.539953e+08
A13: Bons B.R.H. | B13: =+somfinbilsys!B17 -> 6608224 | C13: 0 | D13: =+somfinbilsys!D17 -> 0 | E13: 0 | F13: =+somfinbilsys!F17 -> 0 | G13: 0 | H13: =+somfinbilsys!H17 -> 0 | I13: =+(B13-J13)/ABS(J13) -> 0.46570775 | J13: =+somfinbilsys!J17 -> 4508555 | K13: =+(-L13+J13)/ABS(L13) -> -0.24162046 | L13: =+somfinbilsys!L17 -> 5944985 | M13: =+(-N13+L13)/ABS(N13) -> -0.051754811 | N13: =+somfinbilsys!N17 -> 6269459.7 | O13: =+(-P13+N13)/ABS(P13) -> -0.0092383911 | P13: =+somfinbilsys!P17 -> 6327919.5
A14: Prêts Nets | B14: =+somfinbilsys!B20 -> 69792589 | C14: 0 | D14: =+somfinbilsys!D20 -> 0 | E14: 0 | F14: =+somfinbilsys!F20 -> 0 | G14: 0 | H14: =+somfinbilsys!H20 -> 0 | I14: =+(B14-J14)/ABS(J14) -> 0.023678247 | J14: =+somfinbilsys!J20 -> 68178247 | K14: =+(-L14+J14)/ABS(L14) -> 0.096713143 | L14: =+somfinbilsys!L20 -> 62165980 | M14: =+(-N14+L14)/ABS(N14) -> 0.19872312 | N14: =+somfinbilsys!N20 -> 51860166 | O14: =+(-P14+N14)/ABS(P14) -> 0.34014931 | P14: =+somfinbilsys!P20 -> 38697304
A15: Dépôts | B15: =+somfinbilsys!B30 -> 1.585611e+08 | C15: 0 | D15: =+somfinbilsys!D30 -> 0 | E15: 0 | F15: =+somfinbilsys!F30 -> 0 | G15: 0 | H15: =+somfinbilsys!H30 -> 0 | I15: =+(B15-J15)/ABS(J15) -> 0.0064232242 | J15: =+somfinbilsys!J30 -> 1.5754912e+08 | K15: =+(-L15+J15)/ABS(L15) -> 0.081726794 | L15: =+somfinbilsys!L30 -> 1.4564595e+08 | M15: =+(-N15+L15)/ABS(N15) -> -0.008118797 | N15: =+somfinbilsys!N30 -> 1.4683809e+08 | O15: =+(-P15+N15)/ABS(P15) -> 0.083284268 | P15: =+somfinbilsys!P30 -> 1.35549e+08
A16: Avoir des Actionnaires | B16: =+somfinbilsys!B52 -> 15511054 | C16: 0 | D16: =+somfinbilsys!D52 -> 0 | E16: 0 | F16: =+somfinbilsys!F52 -> 0 | G16: 0 | H16: =+somfinbilsys!H52 -> 0 | I16: =+(B16-J16)/ABS(J16) -> 0.051562227 | J16: =+somfinbilsys!J52 -> 14750486 | K16: =+(-L16+J16)/ABS(L16) -> 0.12910159 | L16: =+somfinbilsys!L52 -> 13063914 | M16: =+(-N16+L16)/ABS(N16) -> 0.19663519 | N16: =+somfinbilsys!N52 -> 10917207 | O16: =+(-P16+N16)/ABS(P16) -> 0.14864348 | P16: =+somfinbilsys!P52 -> 9504434.4
B20: 2015 | D20: 2014 | F20: 2015 | H20: 2014 | J20: 2015 | L20: 2014 | N20: 2015 | P20: 2014 | R20: 2015 | T20: 2014
B21: TRIM 1 | C21: Var. | D21: TRIM 1 | F21: TRIM 2 | G21: Var. | H21: TRIM 2 | J21: TRIM 3 | K21: Var. | L21: TRIM 3 | N21: TRIM 4 | O21: Var. | P21: TRIM 4 | R21: CUMUL | S21: Var. | T21: CUMUL
B22: (oct. - déc. 14) | D22: (oct. - déc. 13) | F22: (janv. - mars 15) | H22: (janv. - mars 14) | J22: (avril - juin 15) | L22: (avril - juin 14) | N22: (juil. - sept. 15) | P22: (juil. - sept. 14) | R22: (oct. - déc. 14) | T22: (oct. - déc. 13)
A23: Résultats
A24: Revenus nets d'intérêt | B24: =+somfinrésys!B55 -> 1543948.8 | C24: =+(-D24+B24)/ABS(D24) -> 0.19261227 | D24: =+somfinrésys!D55 -> 1294594.1 | F24: =+somfinrésys!F55 -> 0 | G24: 0 | H24: =+somfinrésys!H55 -> 1257049 | J24: =+somfinrésys!J55 -> 0 | K24: 0 | L24: =+somfinrésys!L55 -> 1414378.9 | N24: =+somfinrésys!N55 -> 0 | O24: 0 | P24: =+somfinrésys!P55 -> 1438729.4 | R24: =+somfinrésys!R55 -> 1543948.8 | S24: =+(-T24+R24)/T24 -> 0.19261227 | T24: =+somfinrésys!T55 -> 1294594.1
A25: Autres revenus | B25: =+somfinrésys!B61 -> 1266335.8 | C25: =+(-D25+B25)/ABS(D25) -> 0.15941239 | D25: =+somfinrésys!D61 -> 1092222.1 | F25: =+somfinrésys!F61 -> 0 | G25: 0 | H25: =+somfinrésys!H61 -> 1280507.2 | J25: =+somfinrésys!J61 -> 0 | K25: 0 | L25: =+somfinrésys!L61 -> 1489120.7 | N25: =+somfinrésys!N61 -> 0 | O25: 0 | P25: =+somfinrésys!P61 -> 1562770.4 | R25: =+somfinrésys!R61 -> 1266335.8 | S25: =+(-T25+R25)/T25 -> 0.15941239 | T25: =+somfinrésys!T61 -> 1092222.1
A26: Dot. à la provision pr créances douteuses | B26: =+somfinrésys!B65 -> 144566.42 | C26: =+(-D26+B26)/ABS(D26) -> 0.2028139 | D26: =+somfinrésys!D65 -> 120190.18 | F26: =+somfinrésys!F65 -> 0 | G26: 0 | H26: =+somfinrésys!H65 -> 167255.62 | J26: =+somfinrésys!J65 -> 0 | K26: 0 | L26: =+somfinrésys!L65 -> 151939.96 | N26: =+somfinrésys!N65 -> 0 | O26: 0 | P26: =+somfinrésys!P65 -> 200908.84 | R26: =+somfinrésys!R65 -> 144566.42 | S26: =+(-T26+R26)/T26 -> 0.2028139 | T26: =+somfinrésys!T65 -> 120190.18
A27: Dépenses d'exploitation | B27: =+somfinrésys!B75 -> 1800367.1 | C27: =+(-D27+B27)/ABS(D27) -> 0.12630614 | D27: =+somfinrésys!D75 -> 1598470.5 | F27: =+somfinrésys!F75 -> 0 | G27: 0 | H27: =+somfinrésys!H75 -> 1672456.2 | J27: =+somfinrésys!J75 -> 0 | K27: 0 | L27: =+somfinrésys!L75 -> 1737981.8 | N27: =+somfinrésys!N75 -> 0 | O27: 0 | P27: =+somfinrésys!P75 -> 1968355.4 | R27: =+somfinrésys!R75 -> 1800367.1 | S27: =+(-T27+R27)/T27 -> 0.12630614 | T27: =+somfinrésys!T75 -> 1598470.5
A28: Bénéfice net | B28: =+somfinrésys!B81 -> 752527.07 | C28: =+(-D28+B28)/ABS(D28) -> 0.2894832 | D28: =+somfinrésys!D81 -> 583588.12 | F28: =+somfinrésys!F81 -> 0 | G28: 0 | H28: =+somfinrésys!H81 -> 642432.59 | J28: =+somfinrésys!J81 -> 0 | K28: 0 | L28: =+somfinrésys!L81 -> 882822.37 | N28: =+somfinrésys!N81 -> 0 | O28: 0 | P28: =+somfinrésys!P81 -> 743188.68 | R28: =+somfinrésys!R81 -> 752527.07 | S28: =+(-T28+R28)/T28 -> 0.2894832 | T28: =+somfinrésys!T81 -> 583588.12
B33: 2015 | C33: 2014 | E33: 2015 | F33: 2014 | H33: 2015 | I33: 2014 | K33: 2015 | L33: 2014 | N33: 2015 | O33: 2014
B34: TRIM 1 | C34: TRIM 1 | E34: TRIM 2 | F34: TRIM 2 | H34: TRIM 3 | I34: TRIM 3 | K34: TRIM 4 | L34: TRIM 4 | N34: CUMUL | O34: CUMUL | Q34: ANNÉE
B35: (oct. - déc. 14) | C35: (oct. - déc. 13) | E35: (janv. - mars 15) | F35: (janv. - mars 14) | H35: (avril - juin 15) | I35: (avril - juin 14) | K35: (juil. - sept. 15) | L35: (juil. - sept. 14) | N35: =+R22 -> (oct. - déc. 14) | O35: =+T22 -> (oct. - déc. 13) | Q35: 2014 | R35: 2013 | S35: 2012 | T35: 2011
A36: RATIOS FINANCIERS CLÉS
A37: (Données trimestrielles
A38: annualisées et cumul)
A40: Structure financière
A42: Avoir des actionnaires
A43: en % de l'actif | B43: =+somfinbilsys!B52/somfinbilsys!B23 -> 0.079625237 | C43: 0.0782 | E43: 0 | F43: 0.07700435 | H43: 0 | I43: 0.076357408 | K43: 0 | L43: 0.0758 | N43: =+B43 -> 0.079625237 | O43: =C43 -> 0.0782 | Q43: 0.0758 | R43: 0.07425546 | S43: 0.064 | T43: 0.061718989
A45: Dépôts en % de l'actif | B45: =+somfinbilsys!B30/somfinbilsys!B23 -> 0.81396566 | C45: 0.825 | E45: 0 | F45: 0.83253311 | H45: 0 | I45: 0.82270654 | K45: 0 | L45: 0.81001414 | N45: =+B45 -> 0.81396566 | O45: =C45 -> 0.825 | Q45: 0.81 | R45: 0.82785351 | S45: 0.8609 | T45: 0.88021512
A47: Qualité de l'actif
A49: Prêts improductifs bruts
A50: en % des prêts bruts | B50: =+somfinbilsys!B63/somfinbilsys!B61 -> 0.042586032 | C50: 0.042657882 | E50: 0 | F50: 0.04643505 | H50: 0 | I50: 0.032754165 | K50: 0 | L50: 0.03 | N50: =+B50 -> 0.042586032 | O50: =C50 -> 0.042657882 | Q50: 0.03 | R50: 0.024348233 | S50: 0.0242 | T50: 0.036939108
A52: Provisions pour créances douteuses
A53: en % des prêts improductifs bruts | B53: =+somfinbilsys!B62/somfinbilsys!B63 -> 0.54883729 | C53: 0.41541852 | E53: 0 | F53: 0.46485221 | H53: 0 | I53: 0.69334483 | K53: 0 | L53: 0.7208 | N53: =+B53 -> 0.54883729 | O53: =C53 -> 0.41541852 | Q53: 0.7208 | R53: 0.72189271 | S53: 0.9666 | T53: 0.93104986
A55: Prêts improductifs nets
A56: en % de l'avoir des actionnaires (tx. d'exposition) | B56: =+(somfinbilsys!B63-somfinbilsys!B62)/somfinbilsys!B52 -> 0.088519626 | C56: 0.1175 | E56: 0 | F56: 0.11661074 | H56: 0 | I56: 0.047105493 | K56: 0 | L56: 0.0395 | N56: =+B56 -> 0.088519626 | O56: =C56 -> 0.1175 | Q56: 0.0395 | R56: 0.032799007 | S56: 0.0039 | T56: 0.010739281
A58: Rentabilité
A60: ROA (rendement de l'actif) | B60: =+(somfinrésys!B41/((somfinbilsys!B23+somfinbilsys!J23)/2)*4) -> 0.015464113 | C60: 0.013276042 | E60: 0 | F60: 0.014403654 | H60: 0 | I60: 0.019375693 | K60: 0 | L60: 0.015732011 | N60: =+'sysratfinclédéc. 14'!N37 -> 0.015464113 | O60: =+'sysratfinclédéc. 14'!N38 -> 0.0133 | Q60: 0.0154 | R60: 0.015127025 | S60: 0.0138 | T60: 0.013756254
A62: ROE ( rendement avoir des action.) | B62: =+(somfinrésys!B41/((somfinbilsys!B52+somfinbilsys!J52)/2)*4) -> 0.19893954 | C62: 0.17461186 | E62: 0 | F62: 0.18609096 | H62: 0 | I62: 0.25268642 | K62: 0 | L62: 0.20871038 | N62: =+'sysratfinclédéc. 14'!N43 -> 0.19893954 | O62: =+'sysratfinclédéc. 14'!N44 -> 0.1741 | Q62: 0.2051 | R62: 0.21856062 | S62: 0.2193 | T62: 0.22160907
A64: Revenus nets d'intérêts
A65: en % des revenus d'intérêt | B65: =+somfinrésys!B15/somfinrésys!B13 -> 0.87623371 | C65: 0.91333046 | E65: 0 | F65: 0.90440153 | H65: 0 | I65: 0.87878575 | K65: 0 | L65: 0.87105735 | N65: =+'sysratfinclédéc. 14'!N50 -> 0.87623371 | O65: =+'sysratfinclédéc. 14'!N51 -> 0.91333046 | Q65: 0.8906 | R65: 0.92956072 | S65: 0.9244 | T65: 0.91355143
A67: Rendement moyen des prêts | B67: =+(somfinrésys!B10/((somfinbilsys!B61+somfinbilsys!J61)/2)*4) -> 0.083744099 | C67: 0.077459348 | E67: 0 | F67: 0.075542037 | H67: 0 | I67: 0.086542738 | K67: 0 | L67: 0.084256266 | N67: =+'sysratfinclédéc. 14'!N56 -> 0.083744099 | O67: =+'sysratfinclédéc. 14'!N57 -> 0.0775 | Q67: 0.0796 | R67: 0.077143708 | S67: 0.0807 | T67: 0.091546736
A69: Rendement moyen des prêts productifs | B69: =+(somfinrésys!B10/((somfinbilsys!B61-somfinbilsys!B63+somfinbilsys!J61-somfinbilsys!J63)/2)*4) -> 0.08690341 | C69: 0.080153181 | E69: 0 | F69: 0.07906488 | H69: 0 | I69: 0.090109419 | K69: 0 | L69: 0.086927466 | N69: =+'sysratfinclédéc. 14'!N62 -> 0.08690341 | O69: =+'sysratfinclédéc. 14'!N63 -> 0.0802 | Q69: 0.0818 | R69: 0.079063427 | S69: 0.0832 | T69: 0.095909917
A71: Rémunération moyenne des dépôts | B71: =(+somfinrésys!B14/((somfinbilsys!B30+somfinbilsys!J30)/2)*4) -> 0.0055190811 | C71: 0.003381686 | E71: 0 | F71: 0.0035944201 | H71: 0 | I71: 0.0051737566 | K71: 0 | L71: 0.0055237145 | N71: =+'sysratfinclédéc. 14'!N68 -> 0.0055190811 | O71: =+'sysratfinclédéc. 14'!N69 -> 0.0034 | Q71: 0.0044 | R71: 0.0025246369 | S71: 0.0023 | T71: 0.0025944852
A73: Dépenses d'exploitation
A74: en % du produit net bancaire | B74: =+somfinrésys!B35/somfinrésys!B23 -> 0.64063516 | C74: 0.66970825 | E74: 0 | F74: 0.65908144 | H74: 0 | I74: 0.59858173 | K74: 0 | L74: 0.65579062 | N74: =+'sysratfinclédéc. 14'!N76 -> 0.64063516 | O74: =+'sysratfinclédéc. 14'!N77 -> 0.66970825 | Q74: 0.6443 | R74: 0.65057585 | S74: 0.6672 | T74: 0.67751373
A75: (marge nette d'int.+autres revenus)
A77: Productivité par employé ('000 gdes) | B77: 1340.2 | C77: 1340.2 | E77: 1160.73 | F77: 1160.73 | H77: 1160.73 | I77: 1160.73 | K77: 1160.73 | L77: 1160.73 | N77: =+'sysratfinclédéc. 14'!N82 -> 2624.2882 | O77: =+'sysratfinclédéc. 14'!N83 -> 2386.82 | Q77: 2457.6086 | R77: 2457.6086 | S77: 2166.8748 | T77: 2166.8748
A78: Productivité par Employé ('000 gdes) | B78: =+(somfinrésys!B23/((employés!AC136+employés!AC138)/2)*4) -> 2624.2882 | C78: 2386.8162 | E78: =+(somfinrésys!D23/((employés!AC130+employés!AC132)/2)*4) -> 0 | F78: 2485.3636 | H78: =+(somfinrésys!F23/((employés!AC132+employés!AC134)/2)*4) -> 0 | I78: 2787.1367 | K78: =+(somfinrésys!H23/((employés!AC134+employés!AC136)/2)*4) -> 0 | L78: 2839.3045 | N78: =+'sysratfinclédéc. 14'!N82 -> 2624.2882 | O78: =+'sysratfinclédéc. 14'!N83 -> 2386.82 | Q78: 2619.9 | R78: 2457.6086 | S78: 2223.36 | T78: 2166.8748
A80: Nombre de succursales autorisées | B80: 0 | C80: 116 | E80: 0 | F80: 145 | H80: 159 | I80: 0 | K80: 0 | L80: 0 | N80: =+E80 -> 0 | O80: 0 | Q80: 0 | R80: 0 | S80: 139 | T80: 115
A84: A partir du Trim 2 1998, les prêts improductifs désignent les prêts dont le principal ou les intérêts sont dus et impayés depuis 90 jours ou plus. Avant cette date, ce rapport considérait les prêts échus depuis plus de 15 jours.

Sheet partdemarc. 
A1: SYSTÈME BANCAIRE
A2: SOMMAIRE FINANCIER
A3: PARTS DE MARCHÉ
A4: (En milliers de gourdes et en pourcentage)
A7: AU 31 DÉCEMBRE 2014
B8: ACTIF | F8: PRÊTS BRUTS | J8: DÉPÔTS TOTAUX | N8: DÉPÔTS US
B9: Montant | C9: % | D9: Rang | F9: Montant | G9: % | H9: Rang | J9: Montant | K9: % | L9: Rang | N9: Montant | O9: % | P9: Rang
A11: UNIBK | B11: =+unibkvar!B23 -> 59051093 | C11: =+B11/somfinbilsys!$B$23 -> 0.30313591 | D11: 1 | E11: UNIBK | F11: =+unibkvar!B61 -> 24187118 | G11: =+F11/somfinbilsys!$B$61 -> 0.33845711 | H11: 1 | I11: UNIBK | J11: =+unibkvar!B30 -> 49484776 | K11: =+J11/somfinbilsys!$B$30 -> 0.31208649 | L11: 1 | M11: UNIBK | N11: =+'unibkgdes&$'!B30 -> 30680322 | O11: =+N11/'sofibilgdes&$ '!$B$30 -> 0.34222804 | P11: 1
A12: SOGEBK | B12: =+sogebkvar!B23 -> 53105997 | C12: =+B12/somfinbilsys!$B$23 -> 0.27261704 | D12: 2 | E12: SOGEBK | F12: =+sogebkvar!B61 -> 19826803 | G12: =+F12/somfinbilsys!$B$61 -> 0.27744199 | H12: 2 | I12: SOGEBK | J12: =+sogebkvar!B30 -> 42844619 | K12: =+J12/somfinbilsys!$B$30 -> 0.2702089 | L12: 2 | M12: SOGEBK | N12: =+'sogebkgdes&$ '!B30 -> 25516968 | O12: =+N12/'sofibilgdes&$ '!$B$30 -> 0.28463267 | P12: 2
A13: BNC | B13: =+bncvar!B23 -> 42887716 | C13: =+B13/somfinbilsys!$B$23 -> 0.220162 | D13: 3 | E13: BNC | F13: =+bncvar!B61 -> 10813285 | G13: =+F13/somfinbilsys!$B$61 -> 0.15131332 | H13: 3 | I13: BNC | J13: =+bncvar!B30 -> 33876001 | K13: =+J13/somfinbilsys!$B$30 -> 0.21364636 | L13: 3 | M13: BNC | N13: =+'bncgdes&$ '!B30 -> 14356275 | O13: =+N13/'sofibilgdes&$ '!$B$30 -> 0.16013911 | P13: 3
A14: CAPITALBK | B14: =+capitalbkvar!B23 -> 12315640 | C14: =+B14/somfinbilsys!$B$23 -> 0.063221738 | D14: 4 | E14: CAPITALBK | F14: =+capitalbkvar!B61 -> 5676483 | G14: =+F14/somfinbilsys!$B$61 -> 0.079432613 | H14: 4 | I14: CAPITALBK | J14: =+capitalbkvar!B30 -> 10419494 | K14: =+J14/somfinbilsys!$B$30 -> 0.065712803 | L14: 4 | M14: CAPITALBK | N14: =+'capitalbkgdes&$'!B30 -> 6623756 | O14: =+N14/'sofibilgdes&$ '!$B$30 -> 0.073885632 | P14: 4
A15: CBNA | B15: =+cbnavar!B23 -> 6360128 | C15: =+B15/somfinbilsys!$B$23 -> 0.032649407 | D15: 5 | E15: SOGEBL | F15: =+sgbelvar!B61 -> 3411437.5 | G15: =+F15/somfinbilsys!$B$61 -> 0.047737198 | H15: 5 | I15: SCOTIA | J15: =+scotiavar!B30 -> 5226196 | K15: =+J15/somfinbilsys!$B$30 -> 0.032960141 | L15: 5 | M15: SOGEBL | N15: =+'sgbelgdes&$'!B30 -> 3332456.9 | O15: =+N15/'sofibilgdes&$ '!$B$30 -> 0.037172367 | P15: 5
A16: SCOTIA | B16: =+scotiavar!B23 -> 6133682 | C16: =+B16/somfinbilsys!$B$23 -> 0.031486958 | D16: 6 | E16: BUH | F16: =+buhvar!B61 -> 2322919.1 | G16: =+F16/somfinbilsys!$B$61 -> 0.032505257 | H16: 6 | I16: BUH | J16: =+buhvar!B30 -> 4698809.4 | K16: =+J16/somfinbilsys!$B$30 -> 0.029634062 | L16: 6 | M16: SCOTIA | N16: =+'scotiagdes&$'!B30 -> 2652874 | O16: =+N16/'sofibilgdes&$ '!$B$30 -> 0.029591862 | P16: 6
A17: SOGEBL | B17: =+sgbelvar!B23 -> 6113904.2 | C17: =+B17/somfinbilsys!$B$23 -> 0.031385429 | D17: 7 | E17: SCOTIA | F17: =+scotiavar!B61 -> 2144425 | G17: =+F17/somfinbilsys!$B$61 -> 0.030007538 | H17: 7 | I17: CBNA | J17: =+cbnavar!B30 -> 4588078 | K17: =+J17/somfinbilsys!$B$30 -> 0.028935711 | L17: 7 | M17: BUH | N17: =+'buhgdes&$'!B30 -> 2497761.2 | O17: =+N17/'sofibilgdes&$ '!$B$30 -> 0.027861635 | P17: 7
A18: BUH | B18: =+buhvar!B23 -> 5633680.9 | C18: =+B18/somfinbilsys!$B$23 -> 0.028920226 | D18: 8 | E18: CBNA | F18: =+cbnavar!B61 -> 1798983 | G18: =+F18/somfinbilsys!$B$61 -> 0.025173672 | H18: 8 | I18: SOGEBL | J18: =+sgbelvar!B30 -> 4545217.1 | K18: =+J18/somfinbilsys!$B$30 -> 0.028665399 | L18: 8 | M18: CBNA | N18: =+'cbnagdes&$'!B30 -> 2092611 | O18: =+N18/'sofibilgdes&$ '!$B$30 -> 0.023342328 | P18: 8
A19: BPH | B19: =+bphvar!B23 -> 3198879.3 | C19: =+B19/somfinbilsys!$B$23 -> 0.016421291 | D19: 9 | E19: BPH | F19: =+bphvar!B61 -> 1281422.9 | G19: =+F19/somfinbilsys!$B$61 -> 0.017931309 | H19: 9 | I19: BPH | J19: =+bphvar!B30 -> 2877905.6 | K19: =+J19/somfinbilsys!$B$30 -> 0.018150137 | L19: 9 | M19: BPH | N19: =+'bphgdes&$'!B30 -> 1895744.6 | O19: =+N19/'sofibilgdes&$ '!$B$30 -> 0.021146354 | P19: 9
A22: TOTAL | B22: =SUM(B11:B21) -> 1.9480072e+08 | C22: =SUM(C11:C21) -> 1 | E22: TOTAL | F22: =SUM(F11:F21) -> 71462876 | G22: =SUM(G11:G21) -> 1 | I22: TOTAL | J22: =SUM(J11:J21) -> 1.585611e+08 | K22: =SUM(K11:K21) -> 1 | M22: TOTAL | N22: =SUM(N11:N21) -> 89648769 | O22: =SUM(O11:O21) -> 1
A26: AU 30 SEPTEMBRE 2014
B27: ACTIF | F27: PRÊTS BRUTS | J27: DÉPÔTS TOTAUX | N27: DÉPÔTS US
B28: Montant | C28: % | D28: Rang | F28: Montant | G28: % | H28: Rang | J28: Montant | K28: % | L28: Rang | N28: Montant | O28: % | P28: Rang
A30: UNIBK | B30: =+unibkvar!J23 -> 59077363 | C30: =+B30/$B$41 -> 0.30373701 | D30: 1 | E30: UNIBK | F30: =+unibkvar!J61 -> 22587459 | G30: =+F30/$F$41 -> 0.3241446 | H30: 1 | I30: UNIBK | J30: =+unibkvar!J30 -> 48487000 | K30: =+J30/$J$41 -> 0.30775798 | L30: 1 | M30: UNIBK | N30: 30907445 | O30: =+N30/$N$41 -> 0.34208971 | P30: 1
A31: SOGEBK | B31: =+sogebkvar!J23 -> 52053384 | C31: =+B31/$B$41 -> 0.26762432 | D31: 2 | E31: SOGEBK | F31: =+sogebkvar!J61 -> 19519215 | G31: =+F31/$F$41 -> 0.28011332 | H31: 2 | I31: SOGEBK | J31: =+sogebkvar!J30 -> 41458043 | K31: =+J31/$J$41 -> 0.2631436 | L31: 2 | M31: SOGEBK | N31: 24528341 | O31: =+N31/$N$41 -> 0.27148453 | P31: 2
A32: BNC | B32: =+bncvar!J23 -> 44677769 | C32: =+B32/$B$41 -> 0.22970375 | D32: 3 | E32: BNC | F32: =+bncvar!J61 -> 11521904 | G32: =+F32/$F$41 -> 0.16534676 | H32: 3 | I32: BNC | J32: =+bncvar!J30 -> 35961593 | K32: =+J32/$J$41 -> 0.22825639 | L32: 3 | M32: BNC | N32: 15463745 | O32: =+N32/$N$41 -> 0.17115579 | P32: 3
A33: CAPITALBK | B33: =+capitalbkvar!J23 -> 11982488 | C33: =+B33/$B$41 -> 0.061606085 | D33: 4 | E33: CAPITALBK | F33: =+capitalbkvar!J61 -> 5447996 | G33: =+F33/$F$41 -> 0.078182256 | H33: 4 | I33: CAPITALBK | J33: =+capitalbkvar!J30 -> 10146098 | K33: =+J33/$J$41 -> 0.064399584 | L33: 4 | M33: CAPITALBK | N33: 6454239 | O33: =+N33/$N$41 -> 0.071436793 | P33: 4
A34: CBNA | B34: =+cbnavar!J23 -> 7089895 | C34: =+B34/$B$41 -> 0.036451585 | D34: 5 | E34: SOGEBL | F34: =+sgbelvar!J61 -> 3248793.2 | G34: =+F34/$F$41 -> 0.046622278 | H34: 5 | I34: CBNA | J34: =+cbnavar!J30 -> 5538270 | K34: =+J34/$J$41 -> 0.035152655 | L34: 5 | M34: CBNA | N34: 3390250 | O34: =+N34/$N$41 -> 0.037523957 | P34: 5
A35: SCOTIA | B35: =+scotiavar!J23 -> 5905326 | C35: =+B35/$B$41 -> 0.030361309 | D35: 6 | E35: BUH | F35: =+buhvar!J61 -> 2301326.8 | G35: =+F35/$F$41 -> 0.033025523 | H35: 6 | I35: SCOTIA | J35: =+scotiavar!J30 -> 5024768 | K35: =+J35/$J$41 -> 0.031893342 | L35: 6 | M35: SOGEBL | N35: 3076192.4 | O35: =+N35/$N$41 -> 0.034047905 | P35: 6
A36: SOGEBL | B36: =+sgbelvar!J23 -> 5665677.7 | C36: =+B36/$B$41 -> 0.029129194 | D36: 7 | E36: SCOTIA | F36: =+scotiavar!J61 -> 2239595 | G36: =+F36/$F$41 -> 0.032139632 | H36: 7 | I36: SOGEBL | J36: =+sgbelvar!J30 -> 4094458.1 | K36: =+J36/$J$41 -> 0.025988454 | L36: 7 | M36: SCOTIA | N36: 2608779 | O36: =+N36/$N$41 -> 0.028874481 | P36: 7
A37: BUH | B37: =+buhvar!J23 -> 4984964.2 | C37: =+B37/$B$41 -> 0.025629413 | D37: 8 | E37: CBNA | F37: =+cbnavar!J61 -> 1447380 | G37: =+F37/$F$41 -> 0.020770836 | H37: 8 | I37: BUH | J37: =+buhvar!J30 -> 4083025.8 | K37: =+J37/$J$41 -> 0.02591589 | L37: 8 | M37: BUH | N37: 2111983 | O37: =+N37/$N$41 -> 0.023375845 | P37: 8
A38: BPH | B38: =+bphvar!J23 -> 3064829.3 | C38: =+B38/$B$41 -> 0.01575734 | D38: 9 | E38: BPH | F38: =+bphvar!J61 -> 1369610.8 | G38: =+F38/$F$41 -> 0.019654798 | H38: 9 | I38: BPH | J38: =+bphvar!J30 -> 2755867 | K38: =+J38/$J$41 -> 0.017492113 | L38: 9 | M38: BPH | N38: 1807972.1 | O38: =+N38/$N$41 -> 0.020010992 | P38: 9
A41: TOTAL | B41: =SUM(B30:B40) -> 1.945017e+08 | C41: =SUM(C30:C40) -> 1 | E41: TOTAL | F41: =SUM(F30:F40) -> 69683280 | G41: =SUM(G30:G40) -> 1 | I41: TOTAL | J41: =SUM(J30:J40) -> 1.5754912e+08 | K41: =SUM(K30:K40) -> 1 | M41: TOTAL | N41: =SUM(N30:N40) -> 90348947 | O41: =SUM(O30:O40) -> 1
A44: AU 30 SEPTEMBRE 2013
B45: ACTIF | F45: PRÊTS BRUTS | J45: DÉPÔTS TOTAUX | N45: DÉPÔTS US
B46: Montant | C46: % | D46: Rang | F46: Montant | G46: % | H46: Rang | J46: Montant | K46: % | L46: Rang | N46: Montant | O46: % | P46: Rang
A48: UNIBK | B48: =+unibkvar!L23 -> 53646036 | C48: =+B48/$B$59 -> 0.30492479 | D48: 1 | E48: UNIBK | F48: =+unibkvar!L61 -> 20138504 | G48: =+F48/$F$59 -> 0.31825338 | H48: 1 | I48: UNIBK | J48: =+unibkvar!L30 -> 45712815 | K48: =+J48/$J$59 -> 0.31386259 | L48: 1 | M48: UNIBK | N48: 29463852 | O48: =+N48/$N$59 -> 0.36682803 | P48: 1
A49: SOGEBK | B49: =+sogebkvar!L23 -> 47242844 | C49: =+B49/$B$59 -> 0.26852896 | D49: 2 | E49: SOGEBK | F49: =+sogebkvar!L61 -> 19055478 | G49: =+F49/$F$59 -> 0.30113807 | H49: 2 | I49: SOGEBK | J49: =+sogebkvar!L30 -> 38659805 | K49: =+J49/$J$59 -> 0.26543688 | L49: 2 | M49: SOGEBK | N49: 22767805 | O49: =+N49/$N$59 -> 0.28346155 | P49: 2
A50: BNC | B50: =+bncvar!L23 -> 42562735 | C50: =+B50/$B$59 -> 0.24192716 | D50: 3 | E50: BNC | F50: =+bncvar!L61 -> 10260466 | G50: =+F50/$F$59 -> 0.1621485 | H50: 3 | I50: BNC | J50: =+bncvar!L30 -> 34943125 | K50: =+J50/$J$59 -> 0.23991828 | L50: 3 | M50: BNC | N50: 12384722 | O50: =+N50/$N$59 -> 0.15419108 | P50: 3
A51: CAPITALBK | B51: =+capitalbkvar!L23 -> 10321926 | C51: =+B51/$B$59 -> 0.058669966 | D51: 4 | E51: CAPITALBK | F51: =+capitalbkvar!L61 -> 4747381 | G51: =+F51/$F$59 -> 0.075023947 | H51: 4 | I51: CAPITALBK | J51: =+capitalbkvar!L30 -> 8746876 | K51: =+J51/$J$59 -> 0.060055746 | L51: 4 | M51: CAPITALBK | N51: 5702610 | O51: =+N51/$N$59 -> 0.070998089 | P51: 4
A52: SCOTIA | B52: =+scotiavar!L23 -> 5828831 | C52: =+B52/$B$59 -> 0.033131154 | D52: 5 | E52: SOGEBL | F52: =+sgbelvar!L61 -> 2596651.4 | G52: =+F52/$F$59 -> 0.041035475 | H52: 5 | I52: SCOTIA | J52: =+scotiavar!L30 -> 4709054 | K52: =+J52/$J$59 -> 0.032332201 | L52: 5 | M52: CBNA | N52: 2413147 | O52: =+N52/$N$59 -> 0.030043932 | P52: 5
A53: CBNA | B53: =+cbnavar!L23 -> 5336958 | C53: =+B53/$B$59 -> 0.030335341 | D53: 6 | E53: SCOTIA | F53: =+scotiavar!L61 -> 2286119 | G53: =+F53/$F$59 -> 0.036128061 | H53: 6 | I53: CBNA | J53: =+cbnavar!L30 -> 4192263 | K53: =+J53/$J$59 -> 0.028783932 | L53: 6 | M53: SCOTIA | N53: 2283561 | O53: =+N53/$N$59 -> 0.028430572 | P53: 6
A54: SOGEBL | B54: =+sgbelvar!L23 -> 4229765.2 | C54: =+B54/$B$59 -> 0.024042042 | D54: 7 | E54: BUH | F54: =+buhvar!L61 -> 1434132.4 | G54: =+F54/$F$59 -> 0.022663922 | H54: 7 | I54: BUH | J54: =+buhvar!L30 -> 3559859.3 | K54: =+J54/$J$59 -> 0.02444187 | L54: 7 | M54: SOGEBL | N54: 2122462.6 | O54: =+N54/$N$59 -> 0.026424881 | P54: 7
A55: BUH | B55: =+buhvar!L23 -> 4047813.4 | C55: =+B55/$B$59 -> 0.023007826 | D55: 8 | E55: BPH | F55: =+bphvar!L61 -> 1422764.3 | G55: =+F55/$F$59 -> 0.022484269 | H55: 8 | I55: SOGEBL | J55: =+sgbelvar!L30 -> 2799809.8 | K55: =+J55/$J$59 -> 0.019223396 | L55: 8 | M55: BUH | N55: 1841470 | O55: =+N55/$N$59 -> 0.022926494 | P55: 8
A56: BPH | B56: =+bphvar!L23 -> 2715118.3 | C56: =+B56/$B$59 -> 0.015432769 | D56: 9 | E56: CBNA | F56: =+cbnavar!L61 -> 1336713 | G56: =+F56/$F$59 -> 0.021124381 | H56: 9 | I56: BPH | J56: =+bphvar!L30 -> 2322339.1 | K56: =+J56/$J$59 -> 0.015945099 | L56: 9 | M56: BPH | N56: 1340982.9 | O56: =+N56/$N$59 -> 0.016695377 | P56: 9
A59: TOTAL | B59: =SUM(B48:B58) -> 1.7593203e+08 | C59: =SUM(C48:C58) -> 1 | E59: TOTAL | F59: =SUM(F48:F58) -> 63278209 | G59: =SUM(G48:G58) -> 1 | I59: TOTAL | J59: =SUM(J48:J58) -> 1.4564595e+08 | K59: =SUM(K48:K58) -> 1 | M59: TOTAL | N59: =SUM(N48:N58) -> 80320613 | O59: =SUM(O48:O58) -> 1

Sheet partdemarc.  (2)
A1: SYSTÈME BANCAIRE
A2: SOMMAIRE FINANCIER
A3: PARTS DE MARCHÉ
A4: (En milliers de gourdes et en pourcentage )
F6: POUR LE PREMIER TRIMESTRE DE L'EXERCICE 2013-2014
A7: =+'partdemarc. '!A7 -> AU 31 DÉCEMBRE 2014
B8: PASSIF | G8: REVENUS BRUTS (P.N.B.) | K8: REVENUS NETS (Bénéf.)
B9: Montant | C9: % | D9: Rang | G9: Montant | H9: % | I9: Rang | K9: Montant | L9: % | M9: Rang
A11: UNIBK | B11: =+unibkvar!B45 -> 53253895 | C11: =+B11/somfinbilsys!$B$45 -> 0.29702713 | D11: 1 | F11: UNIBK | G11: =+'RÉSULTsyst '!G24 -> 930707.58 | H11: =+G11/somfinrésys!$B$23 -> 0.33117912 | I11: 1 | J11: UNIBK | K11: =+'RÉSULTsyst '!G42 -> 341723.59 | L11: =+K11/$K$21 -> 0.45410139 | M11: 1
A12: SOGEBK | B12: =+sogebkvar!B45 -> 49224904 | C12: =+B12/somfinbilsys!$B$45 -> 0.27455517 | D12: 2 | F12: SOGEBK | G12: =+'RÉSULTsyst '!F24 -> 755047.88 | H12: =+G12/somfinrésys!$B$23 -> 0.2686731 | I12: 2 | J12: BNC | K12: =+'RÉSULTsyst '!B42 -> 180285.65 | L12: =+K12/$K$21 -> 0.23957364 | M12: 2
A13: BNC | B13: =+bncvar!B45 -> 39696353 | C13: =+B13/somfinbilsys!$B$45 -> 0.22140904 | D13: 3 | F13: BNC | G13: =+'RÉSULTsyst '!B24 -> 442783.05 | H13: =+G13/somfinrésys!$B$23 -> 0.15755808 | I13: 3 | J13: SOGEBK | K13: =+'RÉSULTsyst '!F42 -> 82636.494 | L13: =+K13/$K$21 -> 0.10981199 | M13: 3
A14: CAPITALBK | B14: =+capitalbkvar!B45 -> 11241298 | C14: =+B14/somfinbilsys!$B$45 -> 0.062699085 | D14: 4 | F14: CAPITALBK | G14: =+'RÉSULTsyst '!E24 -> 301834 | H14: =+G14/somfinrésys!$B$23 -> 0.10740336 | I14: 4 | J14: CAPITALBK | K14: =+'RÉSULTsyst '!E42 -> 73151 | L14: =+K14/$K$21 -> 0.097207134 | M14: 4
A15: CBNA | B15: =+cbnavar!B45 -> 5969953 | C15: =+B15/somfinbilsys!$B$45 -> 0.033297809 | D15: 5 | F15: BUH | G15: =+'RÉSULTsyst '!D24 -> 108327.53 | H15: =+G15/somfinrésys!$B$23 -> 0.038546819 | I15: 5 | J15: SCOTIA | K15: =+'RÉSULTsyst '!L42 -> 23135.7 | L15: =+K15/$K$21 -> 0.03074401 | M15: 5
A16: SCOTIA | B16: =+scotiavar!B45 -> 5860923 | C16: =+B16/somfinbilsys!$B$45 -> 0.032689687 | D16: 6 | F16: CBNA | G16: =+'RÉSULTsyst '!K24 -> 88751 | H16: =+G16/somfinrésys!$B$23 -> 0.031580787 | I16: 6 | J16: SOGEBL | K16: =+'RÉSULTsyst '!I42 -> 20053.294 | L16: =+K16/$K$21 -> 0.026647937 | M16: 6
A17: SOGEBL | B17: =+sgbelvar!B45 -> 5620214.5 | C17: =+B17/somfinbilsys!$B$45 -> 0.031347119 | D17: 7 | F17: SCOTIA | G17: =+'RÉSULTsyst '!L24 -> 73832 | H17: =+G17/somfinrésys!$B$23 -> 0.026272072 | I17: 7 | J17: CBNA | K17: =+'RÉSULTsyst '!K42 -> 19669 | L17: =+K17/$K$21 -> 0.026137266 | M17: 7
A18: BUH | B18: =+buhvar!B45 -> 5351009.4 | C18: =+B18/somfinbilsys!$B$45 -> 0.02984561 | D18: 8 | F18: SOGEBL | G18: =+'RÉSULTsyst '!I24 -> 65156.227 | H18: =+G18/somfinrésys!$B$23 -> 0.023184921 | I18: 8 | J18: BUH | K18: =+'RÉSULTsyst '!D42 -> 13400.426 | L18: =+K18/$K$21 -> 0.017807234 | M18: 8
A19: BPH | B19: =+bphvar!B45 -> 3071116.8 | C19: =+B19/somfinbilsys!$B$45 -> 0.017129358 | D19: 9 | F19: BPH | G19: =+'RÉSULTsyst '!C24 -> 43845.336 | H19: =+G19/somfinrésys!$B$23 -> 0.015601742 | I19: 9 | J19: BPH | K19: =+'RÉSULTsyst '!C42 -> -1528.0868 | L19: =+K19/$K$21 -> -0.0020306071 | M19: 9
A21: TOTAL | B21: =SUM(B11:B20) -> 1.7928967e+08 | C21: =SUM(C11:C20) -> 1 | F21: TOTAL | G21: =SUM(G11:G20) -> 2810284.6 | H21: =SUM(H11:H20) -> 1 | J21: TOTAL | K21: =SUM(K11:K20) -> 752527.07 | L21: =SUM(L11:L20) -> 1
F24: POUR LE QUATRIÈME TRIMESTRE DE L'EXERCICE 2012-2013
A25: =+'partdemarc. '!A26 -> AU 30 SEPTEMBRE 2014
B26: PASSIF | G26: REVENUS BRUTS (P.N.B.) | K26: REVENUS NETS (Bénéf.)
B27: Montant | C27: % | D27: Rang | G27: Montant | H27: % | I27: Rang | K27: Montant | L27: % | M27: Rang
A29: UNIBK | B29: =+unibkvar!J45 -> 53621673 | C29: =+B29/$B$40 -> 0.2983105 | D29: 1 | F29: UNIBK | G29: 1031874.7 | H29: =+G29/$G$40 -> 0.34378638 | I29: 1 | J29: UNIBK | K29: 460375.77 | L29: =+K29/$K$40 -> 0.61946015 | M29: 1
A30: SOGEBK | B30: =+sogebkvar!J45 -> 48285944 | C30: =+B30/$B$40 -> 0.26862653 | D30: 2 | F30: SOGEBK | G30: 845862.49 | H30: =+G30/$G$40 -> 0.28181328 | I30: 2 | J30: SOGEBK | K30: 141611.24 | L30: =+K30/$K$40 -> 0.19054548 | M30: 2
A31: BNC | B31: =+bncvar!J45 -> 41641093 | C31: =+B31/$B$40 -> 0.2316596 | D31: 3 | F31: BNC | G31: 468937.71 | H31: =+G31/$G$40 -> 0.15623447 | I31: 3 | J31: CAPITALBK | K31: 61557 | L31: =+K31/$K$40 -> 0.082828226 | M31: 3
A32: CAPITALBK | B32: =+capitalbkvar!J45 -> 10973298 | C32: =+B32/$B$40 -> 0.061047144 | D32: 4 | F32: CAPITALBK | G32: 289366 | H32: =+G32/$G$40 -> 0.096407138 | I32: 4 | J32: BNC | K32: 49238.827 | L32: =+K32/$K$40 -> 0.066253467 | M32: 4
A33: CBNA | B33: =+cbnavar!J45 -> 6720387 | C33: =+B33/$B$40 -> 0.037387159 | D33: 5 | F33: BUH | G33: 116414.15 | H33: =+G33/$G$40 -> 0.038785326 | I33: 5 | J33: SOGEBL | K33: 14682.23 | L33: =+K33/$K$40 -> 0.019755724 | M33: 5
A34: SCOTIA | B34: =+scotiavar!J45 -> 5658092 | C34: =+B34/$B$40 -> 0.031477351 | D34: 6 | F34: CBNA | G34: 76960 | H34: =+G34/$G$40 -> 0.025640515 | I34: 6 | J34: BUH | K34: 11977.096 | L34: =+K34/$K$40 -> 0.016115821 | M34: 6
A35: SOGEBL | B35: =+sgbelvar!J45 -> 5199501.9 | C35: =+B35/$B$40 -> 0.028926102 | D35: 7 | F35: SCOTIA | G35: 70254 | H35: =+G35/$G$40 -> 0.023406299 | I35: 7 | J35: CBNA | K35: 8366 | L35: =+K35/$K$40 -> 0.011256899 | M35: 7
A36: BUH | B36: =+buhvar!J45 -> 4715693.2 | C36: =+B36/$B$40 -> 0.026234556 | D36: 8 | F36: SOGEBL | G36: 59959.548 | H36: =+G36/$G$40 -> 0.019976529 | I36: 8 | J36: BPH | K36: 2261.012 | L36: =+K36/$K$40 -> 0.0030423122 | M36: 8
A37: BPH | B37: =+bphvar!J45 -> 2935528.3 | C37: =+B37/$B$40 -> 0.016331063 | D37: 9 | F37: BPH | G37: 41871.116 | H37: =+G37/$G$40 -> 0.013950065 | I37: 9 | J37: SCOTIA | K37: -6880.5 | L37: =+K37/$K$40 -> -0.0092580797 | M37: 9
A40: TOTAL | B40: =SUM(B29:B39) -> 1.7975121e+08 | C40: =SUM(C29:C39) -> 1 | F40: TOTAL | G40: =SUM(G29:G39) -> 3001499.7 | H40: =SUM(H29:H39) -> 1 | J40: TOTAL | K40: =SUM(K29:K39) -> 743188.68 | L40: =SUM(L29:L39) -> 1
F42: POUR LE QUATRIÈME TRIMESTRE DE L'EXERCICE 2011- 2012
A43: =+'partdemarc. '!A44 -> AU 30 SEPTEMBRE 2013
B44: PASSIF | G44: REVENUS BRUTS (P.N.B.) | K44: REVENUS NETS (Bénéf.)
B45: Montant | C45: % | D45: Rang | G45: Montant | H45: % | I45: Rang | K45: Montant | L45: % | M45: Rang
A47: UNIBK | B47: =+unibkvar!L45 -> 48902089 | C47: =+B47/$B$58 -> 0.30025576 | D47: 1 | F47: UNIBK | G47: 936581 | H47: =+G47/$G$58 -> 0.34766189 | I47: 1 | J47: UNIBK | K47: 430432.94 | L47: =+K47/$K$58 -> 0.59267732 | M47: 1
A48: SOGEBK | B48: =+sogebkvar!L45 -> 43767514 | C48: =+B48/$B$58 -> 0.26872979 | D48: 2 | F48: SOGEBK | G48: 697346.16 | H48: =+G48/$G$58 -> 0.25885715 | I48: 2 | J48: SOGEBK | K48: 126090.7 | L48: =+K48/$K$58 -> 0.17361845 | M48: 2
A49: BNC | B49: =+bncvar!L45 -> 39878656 | C49: =+B49/$B$58 -> 0.24485245 | D49: 3 | F49: BNC | G49: 429496.34 | H49: =+G49/$G$58 -> 0.15943043 | I49: 3 | J49: BNC | K49: 99978.225 | L49: =+K49/$K$58 -> 0.13766332 | M49: 3
A50: CAPITALBK | B50: =+capitalbkvar!L45 -> 9449179 | C50: =+B50/$B$58 -> 0.058017366 | D50: 4 | F50: CAPITALBK | G50: 242597 | H50: =+G50/$G$58 -> 0.09005279 | I50: 4 | J50: BUH | K50: 46075.04 | L50: =+K50/$K$58 -> 0.063442244 | M50: 4
A51: SCOTIA | B51: =+scotiavar!L45 -> 5570871 | C51: =+B51/$B$58 -> 0.034204799 | D51: 5 | F51: BUH | G51: 149741.64 | H51: =+G51/$G$58 -> 0.05558458 | I51: 5 | J51: CAPITALBK | K51: 44119 | L51: =+K51/$K$58 -> 0.060748908 | M51: 5
A52: CBNA | B52: =+cbnavar!L45 -> 5099145 | C52: =+B52/$B$58 -> 0.03130843 | D52: 6 | F52: SCOTIA | G52: 72013 | H52: =+G52/$G$58 -> 0.026731458 | I52: 6 | J52: SOGEBL | K52: 17108.56 | L52: =+K52/$K$58 -> 0.02355734 | M52: 6
A53: BUH | B53: =+buhvar!L45 -> 3894192.9 | C53: =+B53/$B$58 -> 0.0239101 | D53: 7 | F53: SOGEBL | G53: 64100.084 | H53: =+G53/$G$58 -> 0.023794158 | I53: 7 | J53: BPH | K53: -2678.1215 | L53: =+K53/$K$58 -> -0.0036875939 | M53: 7
A54: SOGEBL | B54: =+sgbelvar!L45 -> 3786820.5 | C54: =+B54/$B$58 -> 0.023250841 | D54: 8 | F54: CBNA | G54: 62590 | H54: =+G54/$G$58 -> 0.02323361 | I54: 8 | J54: CBNA | K54: -14572 | L54: =+K54/$K$58 -> -0.020064668 | M54: 8
A55: BPH | B55: =+bphvar!L45 -> 2519645.4 | C55: =+B55/$B$58 -> 0.015470465 | D55: 9 | F55: BPH | G55: 39476.84 | H55: =+G55/$G$58 -> 0.01465393 | I55: 9 | J55: SCOTIA | K55: -20302.6 | L55: =+K55/$K$58 -> -0.02795532 | M55: 9
A58: TOTAL | B58: =SUM(B47:B57) -> 1.6286811e+08 | C58: =SUM(C47:C56) -> 1 | F58: TOTAL | G58: =SUM(G47:G57) -> 2693942.1 | H58: =SUM(H47:H57) -> 1 | J58: TOTAL | K58: =SUM(K47:K57) -> 726251.74 | L58: =SUM(L47:L57) -> 1

Sheet partdemarc.  (3)
A1: SYSTÈME BANCAIRE
A2: SOMMAIRE FINANCIER
A3: PARTS DE MARCHÉ
A4: (En milliers de gourdes et en pourcentage )
A7: =+'somfindétfsfin '!A53 -> CUMUL 2015 (octobre - décembre 14)
C8: REVENUS BRUTS (P.N.B.) | G8: REVENUS NETS (Bénéf.)
C9: Montant | D9: % | E9: Rang | G9: Montant | H9: % | I9: Rang
B11: UNIBK | C11: =+'UNIBKVARAN '!B25 -> 930707.58 | D11: =+C11/somfinrésys!$R$63 -> 0.33117912 | E11: 1 | F11: UNIBK | G11: =+'UNIBKVARAN '!B43 -> 341723.59 | H11: =+G11/somfinrésys!$R$81 -> 0.45410139 | I11: 1
B12: SOGEBK | C12: =+'SOGEBKVARAN '!B25 -> 755047.88 | D12: =+C12/somfinrésys!$R$63 -> 0.2686731 | E12: 2 | F12: BNC | G12: =+'BNCVARAN '!B43 -> 180285.65 | H12: =+G12/somfinrésys!$R$81 -> 0.23957364 | I12: 2
B13: BNC | C13: =+'BNCVARAN '!B25 -> 442783.05 | D13: =+C13/somfinrésys!$R$63 -> 0.15755808 | E13: 3 | F13: SOGEBK | G13: =+'SOGEBKVARAN '!B43 -> 82636.494 | H13: =+G13/somfinrésys!$R$81 -> 0.10981199 | I13: 3
B14: CAPITALBK | C14: =+'CAPITALBKVARAN '!B25 -> 301834 | D14: =+C14/somfinrésys!$R$63 -> 0.10740336 | E14: 4 | F14: CAPITALBK | G14: =+'CAPITALBKVARAN '!B43 -> 73151 | H14: =+G14/somfinrésys!$R$81 -> 0.097207134 | I14: 4
B15: BUH | C15: =+BUHVARAN!B24 -> 108327.53 | D15: =+C15/somfinrésys!$R$63 -> 0.038546819 | E15: 5 | F15: SCOTIA | G15: =+'SCOTIAVARAN '!B43 -> 23135.7 | H15: =+G15/somfinrésys!$R$81 -> 0.03074401 | I15: 5
B16: CBNA | C16: =+'CBNAVARAN '!B26 -> 88751 | D16: =+C16/somfinrésys!$R$63 -> 0.031580787 | E16: 6 | F16: SOGEBL | G16: =+'SGBELVARAN '!B43 -> 20053.294 | H16: =+G16/somfinrésys!$R$81 -> 0.026647937 | I16: 6
B17: SCOTIA | C17: =+'SCOTIAVARAN '!B25 -> 73832 | D17: =+C17/somfinrésys!$R$63 -> 0.026272072 | E17: 7 | F17: CBNA | G17: =+'CBNAVARAN '!B44 -> 19669 | H17: =+G17/somfinrésys!$R$81 -> 0.026137266 | I17: 7
B18: SOGEBL | C18: =+'SGBELVARAN '!B25 -> 65156.227 | D18: =+C18/somfinrésys!$R$63 -> 0.023184921 | E18: 8 | F18: BUH | G18: =+BUHVARAN!B42 -> 13400.426 | H18: =+G18/somfinrésys!$R$81 -> 0.017807234 | I18: 8
B19: BPH | C19: =+'BPHVARAN '!B25 -> 43845.336 | D19: =+C19/somfinrésys!$R$63 -> 0.015601742 | E19: 9 | F19: BPH | G19: =+'BPHVARAN '!B43 -> -1528.0868 | H19: =+G19/somfinrésys!$R$81 -> -0.0020306071 | I19: 9
B21: TOTAL | C21: =SUM(C11:C20) -> 2810284.6 | D21: =SUM(D11:D20) -> 1 | F21: TOTAL | G21: =SUM(G11:G20) -> 752527.07 | H21: =SUM(H11:H20) -> 1
A25: =+'somfindétfsfin '!A60 -> CUMUL 2014 (octobre - décembre 13)
C26: REVENUS BRUTS (P.N.B.) | G26: REVENUS NETS
C27: Montant | D27: % | E27: Rang | G27: Montant | H27: % | I27: Rang
B29: UNIBK | C29: =+'UNIBKVARAN '!D25 -> 746887.82 | D29: =+C29/somfinrésys!$T$63 -> 0.31292222 | E29: 1 | F29: UNIBK | G29: =+'UNIBKVARAN '!D43 -> 254369.33 | H29: =+G29/somfinrésys!$T$81 -> 0.43587133 | I29: 1
B30: SOGEBK | C30: =+'SOGEBKVARAN '!D25 -> 662273.58 | D30: =+C30/somfinrésys!$T$63 -> 0.27747155 | E30: 2 | F30: BNC | G30: =+'BNCVARAN '!D43 -> 119862.41 | H30: =+G30/somfinrésys!$T$81 -> 0.2053887 | I30: 2
B31: BNC | C31: =+'BNCVARAN '!D25 -> 394058.6 | D31: =+C31/somfinrésys!$T$63 -> 0.16509801 | E31: 3 | F31: SOGEBK | G31: =+'SOGEBKVARAN '!D43 -> 100665.45 | H31: =+G31/somfinrésys!$T$81 -> 0.17249401 | I31: 3
B32: CAPITALBK | C32: =+'CAPITALBKVARAN '!D25 -> 245611 | D32: =+C32/somfinrésys!$T$63 -> 0.10290319 | E32: 4 | F32: CAPITALBK | G32: =+'CAPITALBKVARAN '!D43 -> 56803 | H32: =+G32/somfinrésys!$T$81 -> 0.097334058 | I32: 4
B33: BUH | C33: =+BUHVARAN!D24 -> 95645.105 | D33: =+C33/somfinrésys!$T$63 -> 0.040072255 | E33: 5 | F33: CBNA | G33: =+'CBNAVARAN '!D44 -> 21970 | H33: =+G33/somfinrésys!$T$81 -> 0.037646414 | I33: 5
B34: CBNA | C34: =+'CBNAVARAN '!D26 -> 79889 | D34: =+C34/somfinrésys!$T$63 -> 0.033470948 | E34: 6 | F34: SOGEBL | G34: =+'SGBELVARAN '!D43 -> 11362.516 | H34: =+G34/somfinrésys!$T$81 -> 0.019470095 | I34: 6
B35: SCOTIA | C35: =+'SCOTIAVARAN '!D25 -> 68991 | D35: =+C35/somfinrésys!$T$63 -> 0.028905033 | E35: 7 | F35: BUH | G35: =+BUHVARAN!D42 -> 7801.9305 | H35: =+G35/somfinrésys!$T$81 -> 0.013368899 | I35: 7
B36: SOGEBL | C36: =+'SGBELVARAN '!D25 -> 49584.091 | D36: =+C36/somfinrésys!$T$63 -> 0.020774156 | E36: 8 | F36: BPH | G36: =+'BPHVARAN '!D43 -> 6802.3749 | H36: =+G36/somfinrésys!$T$81 -> 0.011656123 | I36: 8
B37: BPH | C37: =+'BPHVARAN '!D25 -> 43875.974 | D37: =+C37/somfinrésys!$T$63 -> 0.018382636 | E37: 9 | F37: SCOTIA | G37: =+'SCOTIAVARAN '!D43 -> 3951.11 | H37: =+G37/somfinrésys!$T$81 -> 0.0067703743 | I37: 9
B40: TOTAL | C40: =SUM(C29:C39) -> 2386816.2 | D40: =SUM(D29:D39) -> 1 | F40: TOTAL | G40: =SUM(G29:G39) -> 583588.12 | H40: =SUM(H29:H39) -> 1

Sheet partdemarc. (4)
A1: SYSTÈME BANCAIRE
A2: SOMMAIRE FINANCIER
A3: CLASSEMENT PAR RENTABILITÉ ET PAR PRODUCTIVITÉ
A4: (En milliers de gourdes )
A7: =+'partdemarc. (2)'!A7 -> AU 31 DÉCEMBRE 2014
B9: Portefeuille Net | C9: Rang | E9: Crédit bruts/Employés | F9: Rang | H9: Dépôts/Nbre d'agences | I9: Rang | K9: DÉPÔTS/EMPLOYÉS | L9: Rang
A12: UNIBK | B12: =+unibkvar!B20 -> 24056420 | C12: 1 | D12: CBNA | E12: =+cbnavar!B61/((employés!Z136+employés!Z138)/2) -> 55353.323 | F12: 1 | G12: CBNA | H12: =+cbnavar!B30/((1+1)/2) -> 4588078 | I12: 1 | J12: CBNA | K12: =+cbnavar!B30/((employés!Z136+employés!Z138)/2) -> 141171.63 | L12: 1
A13: SOGEBK | B13: =+sogebkvar!B20 -> 19215073 | C13: 2 | D13: SOGEBL | E13: =+sgbelvar!B61/((employés!W138+employés!W136)/2) -> 50539.815 | F13: 2 | G13: SOGEBL | H13: =+sgbelvar!B30/((3+3)/2) -> 1515072.4 | I13: 2 | J13: SOGEBL | K13: =+sgbelvar!B30/((employés!W136+employés!W138)/2) -> 67336.549 | L13: 2
A14: BNC | B14: =+bncvar!B20 -> 10524694 | C14: 3 | D14: SCOTIA | E14: =+scotiavar!B61/((employés!AB136+employés!AB138)/2) -> 24507.714 | F14: 3 | G14: SCOTIA | H14: =+scotiavar!B30/((4+4)/2) -> 1306549 | I14: 3 | J14: SCOTIA | K14: =+scotiavar!B30/((employés!AB136+employés!AB138)/2) -> 59727.954 | L14: 3
A15: CAPITALBK | B15: =+capitalbkvar!B20 -> 5637972 | C15: 4 | D15: UNIBK | E15: =+unibkvar!B61/((employés!S136+employés!S138)/2) -> 21682.76 | F15: 4 | G15: SOGEBK | H15: =+sogebkvar!B30/((41+41)/2) -> 1044990.7 | I15: 4 | J15: BNC | K15: =+bncvar!B30/((employés!E136+employés!E138)/2) -> 52036.868 | L15: 4
A16: SOGEBL | B16: =+sgbelvar!B20 -> 3345304.3 | C16: 5 | D16: BNC | E16: =+bncvar!B61/((employés!E136+employés!E138)/2) -> 16610.269 | F16: 5 | G16: UNIBK | H16: =+unibkvar!B30/((50+50)/2) -> 989695.52 | I16: 5 | J16: UNIBK | K16: =+unibkvar!B30/((employés!S136+employés!S138)/2) -> 44361.072 | L16: 5
A17: BUH | B17: =+buhvar!B20 -> 2291639.4 | C17: 6 | D17: SOGEBK | E17: =+sogebkvar!B61/((employés!Q136+employés!Q138)/2) -> 13654.823 | F17: 6 | G17: BNC | H17: =+bncvar!B30/((41+41)/2) -> 826243.92 | I17: 6 | J17: SOGEBK | K17: =+sogebkvar!B30/((employés!Q136+employés!Q138)/2) -> 29507.313 | L17: 6
A18: SCOTIA | B18: =+scotiavar!B20 -> 2063611 | C18: 7 | D18: BUH | E18: =+buhvar!B61/((employés!I136+employés!I138)/2) -> 12130.126 | F18: 7 | G18: CAPITALBK | H18: =+capitalbkvar!B30/((17+17)/2) -> 612911.41 | I18: 7 | J18: BUH | K18: =+buhvar!B30/((employés!I136+employés!I138)/2) -> 24536.864 | L18: 7
A19: CBNA | B19: =+cbnavar!B20 -> 1798882 | C19: 8 | D19: CAPITALBK | E19: =+capitalbkvar!B61/((employés!U136+employés!U138)/2) -> 10690.175 | F19: 8 | G19: BPH | H19: =+bphvar!B30/((6+6)/2) -> 479650.94 | I19: 8 | J19: CAPITALBK | K19: =+capitalbkvar!B30/((employés!U136+employés!U138)/2) -> 19622.399 | L19: 8
A20: BPH | B20: =+bphvar!B20 -> 858993.54 | C20: 9 | D20: BPH | E20: =+bphvar!B61/((employés!G136+employés!G138)/2) -> 8267.2445 | F20: 9 | G20: BUH | H20: =+buhvar!B30/((12+12)/2) -> 391567.45 | I20: 9 | J20: BPH | K20: =+bphvar!B30/((employés!G136+employés!G138)/2) -> 18567.133 | L20: 9
A22: TOTAL | B22: =SUM(B12:B21) -> 69792589
A26: =+'partdemarc. (2)'!A25 -> AU 30 SEPTEMBRE 2014
B28: Portefeuille Net | C28: Rang | E28: Crédit bruts/Employés | F28: Rang | H28: Dépôts/Nbre d'agences | I28: Rang | K28: DÉPÔTS/EMPLOYÉS | L28: Rang
A32: UNIBK | B32: =+unibkvar!J20 -> 22477641 | C32: 1 | D32: SOGEBL | E32: 48489.451 | F32: 1 | G32: CBNA | H32: 5538270 | I32: 1 | J32: CBNA | K32: 167826.36 | L32: 1
A33: SOGEBK | B33: =+sogebkvar!J20 -> 19001043 | C33: 2 | D33: CBNA | E33: 43860 | F33: 2 | G33: SOGEBL | H33: 1364819.4 | I33: 2 | J33: SOGEBL | K33: 61111.315 | L33: 2
A34: BNC | B34: =+bncvar!J20 -> 11264488 | C34: 3 | D34: SCOTIA | E34: 24884.389 | F34: 3 | G34: SCOTIA | H34: 1256192 | I34: 3 | J34: BNC | K34: 56146.125 | L34: 3
A35: CAPITALBK | B35: =+capitalbkvar!J20 -> 5416947 | C35: 4 | D35: UNIBK | E35: 20459.655 | F35: 4 | G35: SOGEBK | H35: 1011171.8 | I35: 4 | J35: SCOTIA | K35: 55830.756 | L35: 4
A36: SOGEBL | B36: =+sgbelvar!J20 -> 3180507.2 | C36: 5 | D36: BNC | E36: 17988.922 | F36: 5 | G36: UNIBK | H36: 969739.99 | I36: 5 | J36: UNIBK | K36: 43919.384 | L36: 5
A37: BUH | B37: =+buhvar!J20 -> 2277488 | C37: 6 | D37: SOGEBK | E37: 13564.43 | F37: 6 | G37: BNC | H37: 877112.03 | I37: 6 | J37: SOGEBK | K37: 28810.315 | L37: 6
A38: SCOTIA | B38: =+scotiavar!J20 -> 2154182 | C38: 7 | D38: BUH | E38: 12017.372 | F38: 7 | G38: CAPITALBK | H38: 596829.29 | I38: 7 | J38: BUH | K38: 21321.283 | L38: 7
A39: CBNA | B39: =+cbnavar!J20 -> 1447270 | C39: 8 | D39: CAPITALBK | E39: 10682.345 | F39: 8 | G39: BPH | H39: 459311.17 | I39: 8 | J39: CAPITALBK | K39: 19894.31 | L39: 8
A40: BPH | B40: =+bphvar!J20 -> 958681.85 | C40: 9 | D40: BPH | E40: 8922.5459 | F40: 9 | G40: BUH | H40: 340252.15 | I40: 9 | J40: BPH | K40: 17953.531 | L40: 9
A42: TOTAL | B42: =SUM(B32:B41) -> 68178247
A45: =+'partdemarc. (2)'!A43 -> AU 30 SEPTEMBRE 2013
B47: Portefeuille Net | C47: Rang | E47: Crédit bruts/Employés | F47: Rang | H47: Dépôts/Nbre d'agences | I47: Rang | K47: DÉPÔTS/EMPLOYÉS | L47: Rang
A49: UNIBK | B49: =+unibkvar!L20 -> 20039270 | C49: 1 | D49: SOGEBL | E49: 44769.851 | F49: 1 | G49: CBNA | H49: 4192263 | I49: 1 | J49: CBNA | K49: 113304.41 | L49: 1
A50: SOGEBK | B50: =+sogebkvar!L20 -> 18747204 | C50: 2 | D50: CBNA | E50: 36127.378 | F50: 2 | G50: SCOTIA | H50: 1177263.5 | I50: 2 | J50: BNC | K50: 60823.542 | L50: 2
A51: BNC | B51: =+bncvar!L20 -> 10111947 | C51: 3 | D51: SCOTIA | E51: 25260.983 | F51: 3 | G51: SOGEBK | H51: 942922.09 | I51: 3 | J51: SCOTIA | K51: 52033.746 | L51: 3
A52: CAPITALBK | B52: =+capitalbkvar!L20 -> 4719462 | C52: 4 | D52: UNIBK | E52: 19326.78 | F52: 4 | G52: SOGEBL | H52: 933269.92 | I52: 4 | J52: SOGEBL | K52: 48272.582 | L52: 4
A53: SOGEBL | B53: =+sgbelvar!L20 -> 2524913.2 | C53: 5 | D53: BNC | E53: 17859.82 | F53: 5 | G53: UNIBK | H53: 914256.29 | I53: 5 | J53: UNIBK | K53: 43870.264 | L53: 5
A54: SCOTIA | B54: =+scotiavar!L20 -> 2201715 | C54: 6 | D54: SOGEBK | E54: 14403.233 | F54: 6 | G54: BNC | H54: 862793.21 | I54: 6 | J54: SOGEBK | K54: 29221.319 | L54: 6
A55: BUH | B55: =+buhvar!L20 -> 1419069.3 | C55: 7 | D55: BPH | E55: 10199.027 | F55: 7 | G55: CAPITALBK | H55: 546679.75 | I55: 7 | J55: CAPITALBK | K55: 18147.046 | L55: 7
A56: CBNA | B56: =+cbnavar!L20 -> 1310583 | C56: 8 | D56: CAPITALBK | E56: 9849.3382 | F56: 8 | G56: BPH | H56: 387056.51 | I56: 8 | J56: BUH | K56: 16911.446 | L56: 8
A57: BPH | B57: =+bphvar!L20 -> 1091817.4 | C57: 9 | D57: BUH | E57: 6812.9806 | F57: 9 | G57: BUH | H57: 296654.94 | I57: 9 | J57: BPH | K57: 16647.592 | L57: 9
B60: =SUM(B49:B59) -> 62165980

Sheet partdemarc. (5)
A1: SYSTÈME BANCAIRE
A2: SOMMAIRE FINANCIER
A3: CLASSEMENT PAR RENTABILITÉ ET PAR PRODUCTIVITÉ
A4: (En milliers de gourdes et en pourcentage)
A7: AU 30 JUIN 2004 | H7: TRIM 1 2015 | N7: =+'partdemarc. (4)'!A7 -> AU 31 DÉCEMBRE 2014
H8: COEFICIENT
B9: R.O.A. | C9: Rang | E9: R.O.E. | F9: Rang | H9: D'EXPLOITATION | I9: Rang | K9: PNB/EMPLOYÉ | L9: Rang | N9: ACTIF/EMPLOYÉ | O9: Rang
A12: BPH | B12: =+'bphinfin '!H59 -> 0 | C12: 1 | D12: BPH | E12: =+'bphinfin '!H61 -> 0 | F12: 1 | G12: SOGEBL | H12: =+'sysratfinclédéc. 14'!I74 -> 0.53695499 | I12: 1 | J12: CBNA | K12: =+'sysratfinclédéc. 14'!K80 -> 10923.2 | L12: 1 | M12: CBNA | N12: =+'bilsysbandéc. 14 '!K23/((employés!Z136+employés!Z138)/2) -> 195696.25 | O12: 1
A13: BNC | B13: =+'bncinfin '!H59 -> 0 | C13: 2 | D13: SCOTIA | E13: =+scotiainfin!H60 -> 0 | F13: 2 | G13: UNIBK | H13: =+'sysratfinclédéc. 14'!G74 -> 0.55681073 | I13: 2 | J13: SOGEBL | K13: =+'sysratfinclédéc. 14'!I80 -> 3861.1098 | L13: 2 | M13: SOGEBL | N13: =+'bilsysbandéc. 14 '!I23/((employés!W136+employés!W138)/2) -> 90576.359 | O13: 2
A14: SOGEBL | B14: =+sgbelinfin!H58 -> 0 | C14: 3 | D14: SOGEBL | E14: =+sgbelinfin!H60 -> 0 | F14: 3 | G14: BNC | H14: =+'sysratfinclédéc. 14'!B74 -> 0.59283524 | I14: 3 | J14: SCOTIA | K14: =+'sysratfinclédéc. 14'!L80 -> 3375.1771 | L14: 3 | M14: SCOTIA | N14: =+'bilsysbandéc. 14 '!L23/((employés!AB136+employés!AB138)/2) -> 70099.223 | O14: 3
A15: SCOTIA | B15: =+scotiainfin!H58 -> 0 | C15: 4 | D15: SOCABK | E15: =+#REF! -> #REF! | F15: 4 | G15: SCOTIA | H15: =+'sysratfinclédéc. 14'!L74 -> 0.62822353 | I15: 4 | J15: UNIBK | K15: =+'sysratfinclédéc. 14'!G80 -> 3337.3647 | L15: 4 | M15: BNC | N15: =+'bilsysbandéc. 14 '!B23/((employés!E136+employés!E138)/2) -> 65879.748 | O15: 4
A16: SOCABK | B16: =+#REF! -> #REF! | C16: 5 | D16: BUH | E16: =+buhinfin!H60 -> 0 | F16: 5 | G16: CAPITALBK | H16: =+'sysratfinclédéc. 14'!E74 -> 0.6592034 | I16: 5 | J16: BNC | K16: =+'sysratfinclédéc. 14'!B80 -> 2720.6332 | L16: 5 | M16: UNIBK | N16: =+'bilsysbandéc. 14 '!G23/((employés!S136+employés!S138)/2) -> 52936.883 | O16: 5
A17: CAPITALBK | B17: =+'capitalbkinfin '!H58 -> 0 | C17: 6 | D17: BNC | E17: =+'bncinfin '!H61 -> 0 | F17: 6 | G17: CBNA | H17: =+'sysratfinclédéc. 14'!K74 -> 0.67262341 | I17: 6 | J17: CAPITALBK | K17: =+'sysratfinclédéc. 14'!E80 -> 2273.7024 | L17: 6 | M17: SOGEBK | N17: =+'bilsysbandéc. 14 '!F23/((employés!Q136+employés!Q138)/2) -> 36574.378 | O17: 6
A18: BUH | B18: =+buhinfin!H58 -> 0 | C18: 7 | D18: CAPITALBK | E18: =+'capitalbkinfin '!H60 -> 0 | F18: 7 | G18: SOGEBK | H18: =+'sysratfinclédéc. 14'!F74 -> 0.73454762 | I18: 7 | J18: BUH | K18: =+'sysratfinclédéc. 14'!D80 -> 2262.7161 | L18: 7 | M18: BUH | N18: =+'bilsysbandéc. 14 '!D23/((employés!I136+employés!I138)/2) -> 29418.699 | O18: 7
A19: PROMOBK | B19: =+#REF! -> #REF! | C19: 8 | D19: SOGEBK | E19: =+'sogebkinfin '!H60 -> 0 | F19: 8 | G19: BPH | H19: =+'sysratfinclédéc. 14'!C74 -> 0.77255671 | I19: 8 | J19: SOGEBK | K19: =+'sysratfinclédéc. 14'!F80 -> 2080.0217 | L19: 8 | M19: CAPITALBK | N19: =+'bilsysbandéc. 14 '!E23/((employés!U136+employés!U138)/2) -> 23193.296 | O19: 8
A20: SOGEBK | B20: =+'sogebkinfin '!H58 -> 0 | C20: 9 | D20: PROMOBK | E20: =+#REF! -> #REF! | F20: 9 | G20: BUH | H20: =+'sysratfinclédéc. 14'!D74 -> 0.84110809 | I20: 9 | J20: BPH | K20: =+'sysratfinclédéc. 14'!C80 -> 1131.4925 | L20: 9 | M20: BPH | N20: =+'bilsysbandéc. 14 '!C23/((employés!G136+employés!G138)/2) -> 20637.931 | O20: 9
A21: UNIBK | B21: =+unibkinfin!H59 -> 0 | C21: 10 | D21: UNIBK | E21: =+unibkinfin!H61 -> 0 | F21: 10
A22: SOCABEL | B22: =+#REF! -> #REF! | C22: 13 | D22: SOCABEL | E22: =+#REF! -> #REF! | F22: 13
H27: TRIM 4 2014 | N27: =+'partdemarc. (4)'!A26 -> AU 30 SEPTEMBRE 2014
A28: AU 31 MARS 2004 | H28: COEFICIENT
H29: D'EXPLOITATION | I29: Rang | K29: PNB/EMPLOYÉ | L29: Rang | N29: ACTIF/EMPLOYÉ | O29: Rang
B30: R.O.A. | C30: Rang | E30: R.O.E. | F30: Rang
G33: UNIBK | H33: 0.50145728 | I33: 1 | J33: CBNA | K33: 9328.4848 | L33: 1 | M33: CBNA | N33: 214845.3 | O33: 1
A34: CBNA | B34: =+cbnainfin!E58 -> 0 | C34: 1 | D34: CBNA | E34: =+cbnainfin!E60 -> 0 | F34: 1 | G34: SOGEBL | H34: 0.59524446 | I34: 2 | J34: UNIBK | K34: 3738.6766 | L34: 2 | M34: SOGEBL | N34: 84562.353 | O34: 2
A35: BNC | B35: =+'bncinfin '!E59 -> 0 | C35: 2 | D35: BPH | E35: =+'bphinfin '!E61 -> 0 | F35: 2 | G35: SOGEBK | H35: 0.63385831 | I35: 3 | J35: SOGEBL | K35: 3579.6745 | L35: 3 | M35: BNC | N35: 69754.518 | O35: 3
A36: BPH | B36: =+'bphinfin '!E59 -> 0 | C36: 3 | D36: SCOTIA | E36: =+scotiainfin!E60 -> 0 | F36: 3 | G36: CAPITALBK | H36: 0.72323977 | I36: 4 | J36: SCOTIA | K36: 3122.4 | L36: 4 | M36: SCOTIA | N36: 65614.733 | O36: 4
A37: SCOTIA | B37: =+scotiainfin!E58 -> 0 | C37: 4 | D37: BNC | E37: =+'bncinfin '!E61 -> 0 | F37: 4 | G37: BPH | H37: 0.73567114 | I37: 5 | J37: BNC | K37: 2928.5728 | L37: 5 | M37: UNIBK | N37: 53512.104 | O37: 5
A38: SOGEBL | B38: =+sgbelinfin!E58 -> 0 | C38: 5 | D38: SOGEBL | E38: =+sgbelinfin!E60 -> 0 | F38: 5 | G38: BNC | H38: 0.76461247 | I38: 6 | J38: BUH | K38: 2431.6271 | L38: 6 | M38: SOGEBK | N38: 36173.303 | O38: 6
A39: PROMOBK | B39: =+#REF! -> #REF! | C39: 6 | D39: PROMOBK | E39: =+#REF! -> #REF! | F39: 6 | G39: CBNA | H39: 0.86856809 | I39: 7 | J39: SOGEBK | K39: 2351.2508 | L39: 7 | M39: BUH | N39: 26031.145 | O39: 7
A40: SOCABK | B40: =+#REF! -> #REF! | C40: 7 | D40: SOCABK | E40: =+#REF! -> #REF! | F40: 7 | G40: BUH | H40: 1.063219 | I40: 8 | J40: CAPITALBK | K40: 2269.5373 | L40: 8 | M40: CAPITALBK | N40: 23495.075 | O40: 8
A41: UNIBK | B41: =+unibkinfin!E59 -> 0 | C41: 8 | D41: BUH | E41: =+buhinfin!E60 -> 0 | F41: 8 | G41: SCOTIA | H41: 1.2783329 | I41: 9 | J41: BPH | K41: 1091.104 | L41: 9 | M41: BPH | N41: 19966.314 | O41: 9
A42: BUH | B42: =+buhinfin!E58 -> 0 | C42: 9 | D42: UNIBK | E42: =+unibkinfin!E61 -> 0 | F42: 9
A43: CAPITALBK | B43: =+'capitalbkinfin '!E58 -> 0 | C43: 10 | D43: CAPITALBK | E43: =+'capitalbkinfin '!E60 -> 0 | F43: 10
A44: SOGEBK | B44: =+'sogebkinfin '!E58 -> 0 | C44: 11 | D44: BICH | E44: =+#REF! -> #REF! | F44: 11
A45: BICH | B45: =+#REF! -> #REF! | C45: 12 | D45: SOGEBK | E45: =+'sogebkinfin '!E60 -> 0 | F45: 12
A46: SOCABEL | B46: =+#REF! -> #REF! | C46: 13 | D46: SOCABEL | E46: =+#REF! -> #REF! | F46: 13
H49: TRIM 4 2013 | N49: =+'partdemarc. (4)'!A45 -> AU 30 SEPTEMBRE 2013
H50: COEFICIENT
A51: AU 30 SEPTEMBRE 2003 | H51: D'EXPLOITATION | I51: Rang | K51: PNB/EMPLOYÉ | L51: Rang | N51: ACTIF/EMPLOYÉ | O51: Rang
B53: R.O.A. | C53: Rang | E53: R.O.E. | F53: Rang | G53: UNIBK | H53: 0.5119 | I53: 1 | J53: CBNA | K53: 6766.5 | L53: 1 | M53: CBNA | N53: 144242.1 | O53: 1
G54: SOGEBL | H54: 0.5546 | I54: 2 | J54: SOGEBL | K54: 4420.7 | L54: 2 | M54: BNC | N54: 74086.6 | O54: 2
A55: BNC | B55: =+'bncinfin '!Q59 -> 0.0094 | C55: 1 | D55: BPH | E55: =+'bphinfin '!Q61 -> -0.0341 | F55: 1 | G55: SOGEBK | H55: 0.6945 | I55: 3 | J55: UNIBK | K55: 3595.3 | L55: 3 | M55: SOGEBL | N55: 72927 | O55: 3
A56: CBNA | B56: =+cbnainfin!Q58 -> 0.0223 | C56: 2 | D56: BNC | E56: =+'bncinfin '!Q61 -> 0.1434 | F56: 2 | G56: BNC | H56: 0.7207 | I56: 4 | J56: SCOTIA | K56: 3182.9 | L56: 4 | M56: SCOTIA | N56: 64407 | O56: 4
A57: BPH | B57: =+'bphinfin '!Q59 -> -0.0019 | C57: 3 | D57: SCOTIA | E57: =+scotiainfin!Q60 -> -0.0311 | F57: 3 | G57: CAPITALBK | H57: 0.7404 | I57: 5 | J57: BNC | K57: 2990.4 | L57: 5 | M57: UNIBK | N57: 51483.7 | O57: 5
A58: SOGEBL | B58: =+sgbelinfin!Q58 -> 0.0113 | C58: 4 | D58: SOGEBK | E58: =+'sogebkinfin '!Q60 -> 0.1253 | F58: 4 | G58: BPH | H58: 0.808 | I58: 6 | J58: BUH | K58: 2845.4 | L58: 6 | M58: SOGEBK | N58: 35708.9 | O58: 6
A59: SCOTIA | B59: =+scotiainfin!Q58 -> -0.0013 | C59: 5 | D59: PROMOBK | E59: =+#REF! -> #REF! | F59: 5 | G59: BUH | H59: 0.8116 | I59: 7 | J59: SOGEBK | K59: 2108.4 | L59: 7 | M59: CAPITALBK | N59: 21414.8 | O59: 7
A60: SOGEBK | B60: =+'sogebkinfin '!Q58 -> 0.0091 | C60: 6 | D60: CBNA | E60: =+cbnainfin!Q60 -> 0.4571 | F60: 6 | G60: CBNA | H60: 0.9147 | I60: 8 | J60: CAPITALBK | K60: 2013.3 | L60: 8 | M60: BPH | N60: 19463.2 | O60: 8
A61: PROMOBK | B61: =+#REF! -> #REF! | C61: 7 | D61: SOGEBL | E61: =+sgbelinfin!Q60 -> 0.1233 | F61: 7 | G61: SCOTIA | H61: 1.6945 | I61: 9 | J61: BPH | K61: 1132 | L61: 9 | M61: BUH | N61: 19229.5 | O61: 9
A62: UNIBK | B62: =+unibkinfin!Q59 -> 0.0277 | C62: 8 | D62: UNIBK | E62: =+unibkinfin!Q61 -> 0.3063 | F62: 8
A63: CAPITALBK | B63: =+'capitalbkinfin '!Q58 -> 0.0211 | C63: 9 | D63: CAPITALBK | E63: =+'capitalbkinfin '!Q60 -> 0.2498 | F63: 9
A64: SOCABK | B64: =+#REF! -> #REF! | C64: 10 | D64: BUH | E64: =+buhinfin!Q60 -> 0.0453 | F64: 10
A65: BUH | B65: =+buhinfin!Q58 -> 0.0021 | C65: 11 | D65: SOCABK | E65: =+#REF! -> #REF! | F65: 11
A66: SOCABEL | B66: =+#REF! -> #REF! | C66: 12 | D66: BICH | E66: =+#REF! -> #REF! | F66: 12
A67: BICH | B67: =+#REF! -> #REF! | C67: 13 | D67: SOCABEL | E67: =+#REF! -> #REF! | F67: 13
A72: * Banque dessaisie le 25 février 2002

Sheet somfinbilsys
J1: Sept.14 | L1: Sept.13 | N1: Sept. 12 | P1: Sept. 11
A2: SYSTÈME BANCAIRE
A3: SOMMAIRE FINANCIER
A4: BILAN - ANALYSE DES VARIATIONS
A5: (En milliers de gourdes)
I6: =+sofiinfisys!I5 -> Var. déc. 14 | J6: SEPTEMBRE
B7: =+sofiinfisys!B6 -> Déc. 14 | C7: Var. | D7: =+sofiinfisys!D6 -> Mars 15 | E7: =+sofiinfisys!E6 -> Var. | F7: =+sofiinfisys!F6 -> Juin 15 | G7: =+sofiinfisys!G6 -> Var. | H7: =+sofiinfisys!H6 -> Sept. 15 | I7: =+sofiinfisys!I6 -> /sept. 14 | J7: =+sofiinfisys!J6 -> 2014 | K7: =+sofiinfisys!K6 -> Var. | ... P7: =+sofiinfisys!P6 -> 2011
A8: ACTIF
A9: Disponibilités
A10: Encaisse | B10: =+scotiavar!B10+cbnavar!B10+sgbelvar!B10+capitalbkvar!B10+unibkvar!B10+bphvar!B10+sogebkvar!B10+bncvar!B10+buhvar!B10 -> 9932553.4 | C10: 0 | D10: =+scotiavar!D10+cbnavar!D10+sgbelvar!D10+capitalbkvar!D10+unibkvar!D10+bphvar!D10+sogebkvar!D10+bncvar!D10+buhvar!D10 -> 0 | E10: 0 | F10: =+scotiavar!F10+cbnavar!F10+sgbelvar!F10+capitalbkvar!F10+unibkvar!F10+bphvar!F10+sogebkvar!F10+bncvar!F10+buhvar!F10 -> 0 | G10: 0 | H10: =+scotiavar!H10+cbnavar!H10+sgbelvar!H10+capitalbkvar!H10+unibkvar!H10+bphvar!H10+sogebkvar!H10+bncvar!H10+buhvar!H10 -> 0 | I10: =+(B10-J10)/ABS(J10) -> 0.24199062 | J10: =+scotiavar!J10+cbnavar!J10+sgbelvar!J10+capitalbkvar!J10+unibkvar!J10+bphvar!J10+sogebkvar!J10+bncvar!J10+buhvar!J10 -> 7997285.3 | K10: =+(J10-L10)/ABS(L10) -> 0.28360141 | L10: =+scotiavar!L10+cbnavar!L10+sgbelvar!L10+capitalbkvar!L10+unibkvar!L10+bphvar!L10+sogebkvar!L10+bncvar!L10+buhvar!L10 -> 6230349.4 | M10: =+(L10-N10)/ABS(N10) -> 0.23091168 | N10: =+scotiavar!N10+cbnavar!N10+sgbelvar!N10+capitalbkvar!N10+unibkvar!N10+bphvar!N10+sogebkvar!N10+bncvar!N10+buhvar!N10 -> 5061573.1 | O10: =+(N10-P10)/ABS(P10) -> 0.16586795 | P10: =+scotiavar!P10+cbnavar!P10+sgbelvar!P10+capitalbkvar!P10+unibkvar!P10+bphvar!P10+sogebkvar!P10+bncvar!P10+buhvar!P10 -> 4341463.5
A11: Avoirs à la BRH | B11: =+scotiavar!B11+cbnavar!B11+sgbelvar!B11+capitalbkvar!B11+unibkvar!B11+bphvar!B11+sogebkvar!B11+bncvar!B11+buhvar!B11 -> 53570134 | C11: 0 | D11: =+scotiavar!D11+cbnavar!D11+sgbelvar!D11+capitalbkvar!D11+unibkvar!D11+bphvar!D11+sogebkvar!D11+bncvar!D11+buhvar!D11 -> 0 | E11: 0 | F11: =+scotiavar!F11+cbnavar!F11+sgbelvar!F11+capitalbkvar!F11+unibkvar!F11+bphvar!F11+sogebkvar!F11+bncvar!F11+buhvar!F11 -> 0 | G11: 0 | H11: =+scotiavar!H11+cbnavar!H11+sgbelvar!H11+capitalbkvar!H11+unibkvar!H11+bphvar!H11+sogebkvar!H11+bncvar!H11+buhvar!H11 -> 0 | I11: =+(B11-J11)/ABS(J11) -> -0.028671709 | J11: =+scotiavar!J11+cbnavar!J11+sgbelvar!J11+capitalbkvar!J11+unibkvar!J11+bphvar!J11+sogebkvar!J11+bncvar!J11+buhvar!J11 -> 55151419 | K11: =+(J11-L11)/ABS(L11) -> 0.058545513 | L11: =+scotiavar!L11+cbnavar!L11+sgbelvar!L11+capitalbkvar!L11+unibkvar!L11+bphvar!L11+sogebkvar!L11+bncvar!L11+buhvar!L11 -> 52101132 | M11: =+(L11-N11)/ABS(N11) -> -0.038980007 | N11: =+scotiavar!N11+cbnavar!N11+sgbelvar!N11+capitalbkvar!N11+unibkvar!N11+bphvar!N11+sogebkvar!N11+bncvar!N11+buhvar!N11 -> 54214410 | O11: =+(N11-P11)/ABS(P11) -> 0.068258424 | P11: =+scotiavar!P11+cbnavar!P11+sgbelvar!P11+capitalbkvar!P11+unibkvar!P11+bphvar!P11+sogebkvar!P11+bncvar!P11+buhvar!P11 -> 50750276
A12: Avoirs à l'étranger | B12: =+scotiavar!B12+cbnavar!B12+sgbelvar!B12+capitalbkvar!B12+unibkvar!B12+bphvar!B12+sogebkvar!B12+bncvar!B12+buhvar!B12 -> 4771613.9 | C12: 0 | D12: =+scotiavar!D12+cbnavar!D12+sgbelvar!D12+capitalbkvar!D12+unibkvar!D12+bphvar!D12+sogebkvar!D12+bncvar!D12+buhvar!D12 -> 0 | E12: 0 | F12: =+scotiavar!F12+cbnavar!F12+sgbelvar!F12+capitalbkvar!F12+unibkvar!F12+bphvar!F12+sogebkvar!F12+bncvar!F12+buhvar!F12 -> 0 | G12: 0 | H12: =+scotiavar!H12+cbnavar!H12+sgbelvar!H12+capitalbkvar!H12+unibkvar!H12+bphvar!H12+sogebkvar!H12+bncvar!H12+buhvar!H12 -> 0 | I12: =+(B12-J12)/ABS(J12) -> -0.34265657 | J12: =+scotiavar!J12+cbnavar!J12+sgbelvar!J12+capitalbkvar!J12+unibkvar!J12+bphvar!J12+sogebkvar!J12+bncvar!J12+buhvar!J12 -> 7258935.9 | K12: =+(J12-L12)/ABS(L12) -> 0.16631313 | L12: =+scotiavar!L12+cbnavar!L12+sgbelvar!L12+capitalbkvar!L12+unibkvar!L12+bphvar!L12+sogebkvar!L12+bncvar!L12+buhvar!L12 -> 6223831.1 | M12: =+(L12-N12)/ABS(N12) -> -0.23454976 | N12: =+scotiavar!N12+cbnavar!N12+sgbelvar!N12+capitalbkvar!N12+unibkvar!N12+bphvar!N12+sogebkvar!N12+bncvar!N12+buhvar!N12 -> 8130941.5 | O12: =+(N12-P12)/ABS(P12) -> -0.29635563 | P12: =+scotiavar!P12+cbnavar!P12+sgbelvar!P12+capitalbkvar!P12+unibkvar!P12+bphvar!P12+sogebkvar!P12+bncvar!P12+buhvar!P12 -> 11555470
A13: Avoirs dans les banques locales | B13: =+scotiavar!B13+cbnavar!B13+sgbelvar!B13+capitalbkvar!B13+unibkvar!B13+bphvar!B13+sogebkvar!B13+bncvar!B13+buhvar!B13 -> 1954192.9 | C13: 0 | D13: =+scotiavar!D13+cbnavar!D13+sgbelvar!D13+capitalbkvar!D13+unibkvar!D13+bphvar!D13+sogebkvar!D13+bncvar!D13+buhvar!D13 -> 0 | E13: 0 | F13: =+scotiavar!F13+cbnavar!F13+sgbelvar!F13+capitalbkvar!F13+unibkvar!F13+bphvar!F13+sogebkvar!F13+bncvar!F13+buhvar!F13 -> 0 | G13: 0 | H13: =+scotiavar!H13+cbnavar!H13+sgbelvar!H13+capitalbkvar!H13+unibkvar!H13+bphvar!H13+sogebkvar!H13+bncvar!H13+buhvar!H13 -> 0 | I13: =+(B13-J13)/ABS(J13) -> 0.16943802 | J13: =+scotiavar!J13+cbnavar!J13+sgbelvar!J13+capitalbkvar!J13+unibkvar!J13+bphvar!J13+sogebkvar!J13+bncvar!J13+buhvar!J13 -> 1671053 | K13: =+(J13-L13)/ABS(L13) -> 0.4370119 | L13: =+scotiavar!L13+cbnavar!L13+sgbelvar!L13+capitalbkvar!L13+unibkvar!L13+bphvar!L13+sogebkvar!L13+bncvar!L13+buhvar!L13 -> 1162866.5 | M13: =+(L13-N13)/ABS(N13) -> -0.33526825 | N13: =+scotiavar!N13+cbnavar!N13+sgbelvar!N13+capitalbkvar!N13+unibkvar!N13+bphvar!N13+sogebkvar!N13+bncvar!N13+buhvar!N13 -> 1749377.1 | O13: =+(N13-P13)/ABS(P13) -> -0.016952302 | P13: =+scotiavar!P13+cbnavar!P13+sgbelvar!P13+capitalbkvar!P13+unibkvar!P13+bphvar!P13+sogebkvar!P13+bncvar!P13+buhvar!P13 -> 1779544.4
A14: Autres liquidités | B14: =+scotiavar!B14+cbnavar!B14+sgbelvar!B14+capitalbkvar!B14+unibkvar!B14+bphvar!B14+sogebkvar!B14+bncvar!B14+buhvar!B14 -> 1075726.7 | C14: 0 | D14: =+scotiavar!D14+cbnavar!D14+sgbelvar!D14+capitalbkvar!D14+unibkvar!D14+bphvar!D14+sogebkvar!D14+bncvar!D14+buhvar!D14 -> 0 | E14: 0 | F14: =+scotiavar!F14+cbnavar!F14+sgbelvar!F14+capitalbkvar!F14+unibkvar!F14+bphvar!F14+sogebkvar!F14+bncvar!F14+buhvar!F14 -> 0 | G14: 0 | H14: =+scotiavar!H14+cbnavar!H14+sgbelvar!H14+capitalbkvar!H14+unibkvar!H14+bphvar!H14+sogebkvar!H14+bncvar!H14+buhvar!H14 -> 0 | I14: =+(B14-J14)/ABS(J14) -> -0.13641804 | J14: =+scotiavar!J14+cbnavar!J14+sgbelvar!J14+capitalbkvar!J14+unibkvar!J14+bphvar!J14+sogebkvar!J14+bncvar!J14+buhvar!J14 -> 1245656.8 | K14: =+(J14-L14)/ABS(L14) -> -0.1397176 | L14: =+scotiavar!L14+cbnavar!L14+sgbelvar!L14+capitalbkvar!L14+unibkvar!L14+bphvar!L14+sogebkvar!L14+bncvar!L14+buhvar!L14 -> 1447962.7 | M14: =+(L14-N14)/ABS(N14) -> -0.31950837 | N14: =+scotiavar!N14+cbnavar!N14+sgbelvar!N14+capitalbkvar!N14+unibkvar!N14+bphvar!N14+sogebkvar!N14+bncvar!N14+buhvar!N14 -> 2127818.5 | O14: =+(N14-P14)/ABS(P14) -> 0.38610089 | P14: =+scotiavar!P14+cbnavar!P14+sgbelvar!P14+capitalbkvar!P14+unibkvar!P14+bphvar!P14+sogebkvar!P14+bncvar!P14+buhvar!P14 -> 1535110.8
B15: =SUM(B10:B14) -> 71304220 | C15: 0 | D15: =SUM(D10:D14) -> 0 | E15: 0 | F15: =SUM(F10:F14) -> 0 | G15: 0 | H15: =SUM(H10:H14) -> 0 | I15: =+(B15-J15)/ABS(J15) -> -0.027550597 | J15: =SUM(J10:J14) -> 73324350 | K15: =+(J15-L15)/ABS(L15) -> 0.091686209 | L15: =SUM(L10:L14) -> 67166141 | M15: =+(L15-N15)/ABS(N15) -> -0.057768525 | N15: =SUM(N10:N14) -> 71284120 | O15: =+(N15-P15)/ABS(P15) -> 0.018899656 | P15: =SUM(P10:P14) -> 69961865
A17: Bons B.R.H. | B17: =+scotiavar!B17+cbnavar!B17+sgbelvar!B17+capitalbkvar!B17+unibkvar!B17+bphvar!B17+sogebkvar!B17+bncvar!B17+buhvar!B17 -> 6608224 | C17: 0 | D17: =+scotiavar!D17+cbnavar!D17+sgbelvar!D17+capitalbkvar!D17+unibkvar!D17+bphvar!D17+sogebkvar!D17+bncvar!D17+buhvar!D17 -> 0 | E17: 0 | F17: =+scotiavar!F17+cbnavar!F17+sgbelvar!F17+capitalbkvar!F17+unibkvar!F17+bphvar!F17+sogebkvar!F17+bncvar!F17+buhvar!F17 -> 0 | G17: 0 | H17: =+scotiavar!H17+cbnavar!H17+sgbelvar!H17+capitalbkvar!H17+unibkvar!H17+bphvar!H17+sogebkvar!H17+bncvar!H17+buhvar!H17 -> 0 | I17: =+(B17-J17)/ABS(J17) -> 0.46570775 | J17: =+scotiavar!J17+cbnavar!J17+sgbelvar!J17+capitalbkvar!J17+unibkvar!J17+bphvar!J17+sogebkvar!J17+bncvar!J17+buhvar!J17 -> 4508555 | K17: =+(J17-L17)/ABS(L17) -> -0.24162046 | L17: =+scotiavar!L17+cbnavar!L17+sgbelvar!L17+capitalbkvar!L17+unibkvar!L17+bphvar!L17+sogebkvar!L17+bncvar!L17+buhvar!L17 -> 5944985 | M17: =+(L17-N17)/ABS(N17) -> -0.051754811 | N17: =+scotiavar!N17+cbnavar!N17+sgbelvar!N17+capitalbkvar!N17+unibkvar!N17+bphvar!N17+sogebkvar!N17+bncvar!N17+buhvar!N17 -> 6269459.7 | O17: =+(N17-P17)/ABS(P17) -> -0.0092383911 | P17: =+scotiavar!P17+cbnavar!P17+sgbelvar!P17+capitalbkvar!P17+unibkvar!P17+bphvar!P17+sogebkvar!P17+bncvar!P17+buhvar!P17 -> 6327919.5
A18: Bons du Trésor / M.E.F. | B18: =+scotiavar!B18+cbnavar!B18+sgbelvar!B18+capitalbkvar!B18+unibkvar!B18+bphvar!B18+sogebkvar!B18+bncvar!B18+buhvar!B18 -> 2875000 | C18: 0 | D18: =+scotiavar!D18+cbnavar!D18+sgbelvar!D18+capitalbkvar!D18+unibkvar!D18+bphvar!D18+sogebkvar!D18+bncvar!D18+buhvar!D18 -> 0 | E18: 0 | F18: =+scotiavar!F18+cbnavar!F18+sgbelvar!F18+capitalbkvar!F18+unibkvar!F18+bphvar!F18+sogebkvar!F18+bncvar!F18+buhvar!F18 -> 0 | G18: 0 | H18: =+scotiavar!H18+cbnavar!H18+sgbelvar!H18+capitalbkvar!H18+unibkvar!H18+bphvar!H18+sogebkvar!H18+bncvar!H18+buhvar!H18 -> 0 | I18: =+(B18-J18)/ABS(J18) -> -0.25806452 | J18: =+scotiavar!J18+cbnavar!J18+sgbelvar!J18+capitalbkvar!J18+unibkvar!J18+bphvar!J18+sogebkvar!J18+bncvar!J18+buhvar!J18 -> 3875000 | K18: 0 | L18: 0 | M18: 0 | N18: 0 | O18: 0 | P18: 0
A19: Autres Placements | B19: =+scotiavar!B19+cbnavar!B19+sgbelvar!B19+capitalbkvar!B19+unibkvar!B19+bphvar!B19+sogebkvar!B19+bncvar!B19+buhvar!B19 -> 31695053 | C19: 0 | D19: =+scotiavar!D19+cbnavar!D19+sgbelvar!D19+capitalbkvar!D19+unibkvar!D19+bphvar!D19+sogebkvar!D19+bncvar!D19+buhvar!D19 -> 0 | E19: 0 | F19: =+scotiavar!F19+cbnavar!F19+sgbelvar!F19+capitalbkvar!F19+unibkvar!F19+bphvar!F19+sogebkvar!F19+bncvar!F19+buhvar!F19 -> 0 | G19: 0 | H19: =+scotiavar!H19+cbnavar!H19+sgbelvar!H19+capitalbkvar!H19+unibkvar!H19+bphvar!H19+sogebkvar!H19+bncvar!H19+buhvar!H19 -> 0 | I19: =+(B19-J19)/ABS(J19) -> -0.035450786 | J19: =+scotiavar!J19+cbnavar!J19+sgbelvar!J19+capitalbkvar!J19+unibkvar!J19+bphvar!J19+sogebkvar!J19+bncvar!J19+buhvar!J19 -> 32859965 | K19: =+(J19-L19)/ABS(L19) -> 0.075543245 | L19: =+scotiavar!L19+cbnavar!L19+sgbelvar!L19+capitalbkvar!L19+unibkvar!L19+bphvar!L19+sogebkvar!L19+bncvar!L19+buhvar!L19 -> 30551970 | M19: =+(L19-N19)/ABS(N19) -> 0.0076931507 | N19: =+scotiavar!N19+cbnavar!N19+sgbelvar!N19+capitalbkvar!N19+unibkvar!N19+bphvar!N19+sogebkvar!N19+bncvar!N19+buhvar!N19 -> 30318723 | O19: =+(N19-P19)/ABS(P19) -> 0.021983172 | P19: =+scotiavar!P19+cbnavar!P19+sgbelvar!P19+capitalbkvar!P19+unibkvar!P19+bphvar!P19+sogebkvar!P19+bncvar!P19+buhvar!P19 -> 29666558
A20: Portefeuille net | B20: =+scotiavar!B20+cbnavar!B20+sgbelvar!B20+capitalbkvar!B20+unibkvar!B20+bphvar!B20+sogebkvar!B20+bncvar!B20+buhvar!B20 -> 69792589 | C20: 0 | D20: =+scotiavar!D20+cbnavar!D20+sgbelvar!D20+capitalbkvar!D20+unibkvar!D20+bphvar!D20+sogebkvar!D20+bncvar!D20+buhvar!D20 -> 0 | E20: 0 | F20: =+scotiavar!F20+cbnavar!F20+sgbelvar!F20+capitalbkvar!F20+unibkvar!F20+bphvar!F20+sogebkvar!F20+bncvar!F20+buhvar!F20 -> 0 | G20: 0 | H20: =+scotiavar!H20+cbnavar!H20+sgbelvar!H20+capitalbkvar!H20+unibkvar!H20+bphvar!H20+sogebkvar!H20+bncvar!H20+buhvar!H20 -> 0 | I20: =+(B20-J20)/ABS(J20) -> 0.023678247 | J20: =+scotiavar!J20+cbnavar!J20+sgbelvar!J20+capitalbkvar!J20+unibkvar!J20+bphvar!J20+sogebkvar!J20+bncvar!J20+buhvar!J20 -> 68178247 | K20: =+(J20-L20)/ABS(L20) -> 0.096713143 | L20: =+scotiavar!L20+cbnavar!L20+sgbelvar!L20+capitalbkvar!L20+unibkvar!L20+bphvar!L20+sogebkvar!L20+bncvar!L20+buhvar!L20 -> 62165980 | M20: =+(L20-N20)/ABS(N20) -> 0.19872312 | N20: =+scotiavar!N20+cbnavar!N20+sgbelvar!N20+capitalbkvar!N20+unibkvar!N20+bphvar!N20+sogebkvar!N20+bncvar!N20+buhvar!N20 -> 51860166 | O20: =+(N20-P20)/ABS(P20) -> 0.34014931 | P20: =+scotiavar!P20+cbnavar!P20+sgbelvar!P20+capitalbkvar!P20+unibkvar!P20+bphvar!P20+sogebkvar!P20+bncvar!P20+buhvar!P20 -> 38697304
A21: Immobilisations | B21: =+scotiavar!B21+cbnavar!B21+sgbelvar!B21+capitalbkvar!B21+unibkvar!B21+bphvar!B21+sogebkvar!B21+bncvar!B21+buhvar!B21 -> 6435815.6 | C21: 0 | D21: =+scotiavar!D21+cbnavar!D21+sgbelvar!D21+capitalbkvar!D21+unibkvar!D21+bphvar!D21+sogebkvar!D21+bncvar!D21+buhvar!D21 -> 0 | E21: 0 | F21: =+scotiavar!F21+cbnavar!F21+sgbelvar!F21+capitalbkvar!F21+unibkvar!F21+bphvar!F21+sogebkvar!F21+bncvar!F21+buhvar!F21 -> 0 | G21: 0 | H21: =+scotiavar!H21+cbnavar!H21+sgbelvar!H21+capitalbkvar!H21+unibkvar!H21+bphvar!H21+sogebkvar!H21+bncvar!H21+buhvar!H21 -> 0 | I21: =+(B21-J21)/ABS(J21) -> 0.02964037 | J21: =+scotiavar!J21+cbnavar!J21+sgbelvar!J21+capitalbkvar!J21+unibkvar!J21+bphvar!J21+sogebkvar!J21+bncvar!J21+buhvar!J21 -> 6250547.1 | K21: =+(J21-L21)/ABS(L21) -> 0.15426309 | L21: =+scotiavar!L21+cbnavar!L21+sgbelvar!L21+capitalbkvar!L21+unibkvar!L21+bphvar!L21+sogebkvar!L21+bncvar!L21+buhvar!L21 -> 5415184.1 | M21: =+(L21-N21)/ABS(N21) -> 0.094233128 | N21: =+scotiavar!N21+cbnavar!N21+sgbelvar!N21+capitalbkvar!N21+unibkvar!N21+bphvar!N21+sogebkvar!N21+bncvar!N21+buhvar!N21 -> 4948839.4 | O21: =+(N21-P21)/ABS(P21) -> 0.13353849 | P21: =+scotiavar!P21+cbnavar!P21+sgbelvar!P21+capitalbkvar!P21+unibkvar!P21+bphvar!P21+sogebkvar!P21+bncvar!P21+buhvar!P21 -> 4365832.7
A22: Autres actifs | B22: =+scotiavar!B22+cbnavar!B22+sgbelvar!B22+capitalbkvar!B22+unibkvar!B22+bphvar!B22+sogebkvar!B22+bncvar!B22+buhvar!B22 -> 6089818.3 | C22: 0 | D22: =+scotiavar!D22+cbnavar!D22+sgbelvar!D22+capitalbkvar!D22+unibkvar!D22+bphvar!D22+sogebkvar!D22+bncvar!D22+buhvar!D22 -> 0 | E22: 0 | F22: =+scotiavar!F22+cbnavar!F22+sgbelvar!F22+capitalbkvar!F22+unibkvar!F22+bphvar!F22+sogebkvar!F22+bncvar!F22+buhvar!F22 -> 0 | G22: 0 | H22: =+scotiavar!H22+cbnavar!H22+sgbelvar!H22+capitalbkvar!H22+unibkvar!H22+bphvar!H22+sogebkvar!H22+bncvar!H22+buhvar!H22 -> 0 | I22: =+(B22-J22)/ABS(J22) -> 0.1062278 | J22: =+scotiavar!J22+cbnavar!J22+sgbelvar!J22+capitalbkvar!J22+unibkvar!J22+bphvar!J22+sogebkvar!J22+bncvar!J22+buhvar!J22 -> 5505031 | K22: =+(J22-L22)/ABS(L22) -> 0.1743398 | L22: =+scotiavar!L22+cbnavar!L22+sgbelvar!L22+capitalbkvar!L22+unibkvar!L22+bphvar!L22+sogebkvar!L22+bncvar!L22+buhvar!L22 -> 4687766.7 | M22: =+(L22-N22)/ABS(N22) -> -0.20200038 | N22: =+scotiavar!N22+cbnavar!N22+sgbelvar!N22+capitalbkvar!N22+unibkvar!N22+bphvar!N22+sogebkvar!N22+bncvar!N22+buhvar!N22 -> 5874397.1 | O22: =+(N22-P22)/ABS(P22) -> 0.18058756 | P22: =+scotiavar!P22+cbnavar!P22+sgbelvar!P22+capitalbkvar!P22+unibkvar!P22+bphvar!P22+sogebkvar!P22+bncvar!P22+buhvar!P22 -> 4975825
B23: =SUM(B15:B22) -> 1.9480072e+08 | C23: 0 | D23: =SUM(D15:D22) -> 0 | E23: 0 | F23: =SUM(F15:F22) -> 0 | G23: 0 | H23: =SUM(H15:H22) -> 0 | I23: =+(B23-J23)/ABS(J23) -> 0.0015373904 | J23: =SUM(J15:J22) -> 1.945017e+08 | K23: =+(J23-L23)/ABS(L23) -> 0.10555024 | L23: =SUM(L15:L22) -> 1.7593203e+08 | M23: =+(L23-N23)/ABS(N23) -> 0.031522379 | N23: =SUM(N15:N22) -> 1.7055571e+08 | O23: =+(N23-P23)/ABS(P23) -> 0.10753835 | P23: =SUM(P15:P22) -> 1.539953e+08
A25: PASSIF
A26: Dépôts
A27: À vue | B27: =+scotiavar!B27+cbnavar!B27+sgbelvar!B27+capitalbkvar!B27+unibkvar!B27+bphvar!B27+sogebkvar!B27+bncvar!B27+buhvar!B27 -> 74442959 | C27: 0 | D27: =+scotiavar!D27+cbnavar!D27+sgbelvar!D27+capitalbkvar!D27+unibkvar!D27+bphvar!D27+sogebkvar!D27+bncvar!D27+buhvar!D27 -> 0 | E27: 0 | F27: =+scotiavar!F27+cbnavar!F27+sgbelvar!F27+capitalbkvar!F27+unibkvar!F27+bphvar!F27+sogebkvar!F27+bncvar!F27+buhvar!F27 -> 0 | G27: 0 | H27: =+scotiavar!H27+cbnavar!H27+sgbelvar!H27+capitalbkvar!H27+unibkvar!H27+bphvar!H27+sogebkvar!H27+bncvar!H27+buhvar!H27 -> 0 | I27: =+(B27-J27)/ABS(J27) -> -0.018523416 | J27: =+scotiavar!J27+cbnavar!J27+sgbelvar!J27+capitalbkvar!J27+unibkvar!J27+bphvar!J27+sogebkvar!J27+bncvar!J27+buhvar!J27 -> 75847921 | K27: =+(J27-L27)/ABS(L27) -> 0.061399502 | L27: =+scotiavar!L27+cbnavar!L27+sgbelvar!L27+capitalbkvar!L27+unibkvar!L27+bphvar!L27+sogebkvar!L27+bncvar!L27+buhvar!L27 -> 71460295 | M27: =+(L27-N27)/ABS(N27) -> -0.067939872 | N27: =+scotiavar!N27+cbnavar!N27+sgbelvar!N27+capitalbkvar!N27+unibkvar!N27+bphvar!N27+sogebkvar!N27+bncvar!N27+buhvar!N27 -> 76669190 | O27: =+(N27-P27)/ABS(P27) -> 0.1198895 | P27: =+scotiavar!P27+cbnavar!P27+sgbelvar!P27+capitalbkvar!P27+unibkvar!P27+bphvar!P27+sogebkvar!P27+bncvar!P27+buhvar!P27 -> 68461388
A28: Épargne | B28: =+scotiavar!B28+cbnavar!B28+sgbelvar!B28+capitalbkvar!B28+unibkvar!B28+bphvar!B28+sogebkvar!B28+bncvar!B28+buhvar!B28 -> 56283905 | C28: 0 | D28: =+scotiavar!D28+cbnavar!D28+sgbelvar!D28+capitalbkvar!D28+unibkvar!D28+bphvar!D28+sogebkvar!D28+bncvar!D28+buhvar!D28 -> 0 | E28: 0 | F28: =+scotiavar!F28+cbnavar!F28+sgbelvar!F28+capitalbkvar!F28+unibkvar!F28+bphvar!F28+sogebkvar!F28+bncvar!F28+buhvar!F28 -> 0 | G28: 0 | H28: =+scotiavar!H28+cbnavar!H28+sgbelvar!H28+capitalbkvar!H28+unibkvar!H28+bphvar!H28+sogebkvar!H28+bncvar!H28+buhvar!H28 -> 0 | I28: =+(B28-J28)/ABS(J28) -> 0.018698745 | J28: =+scotiavar!J28+cbnavar!J28+sgbelvar!J28+capitalbkvar!J28+unibkvar!J28+bphvar!J28+sogebkvar!J28+bncvar!J28+buhvar!J28 -> 55250785 | K28: =+(J28-L28)/ABS(L28) -> 0.0625063 | L28: =+scotiavar!L28+cbnavar!L28+sgbelvar!L28+capitalbkvar!L28+unibkvar!L28+bphvar!L28+sogebkvar!L28+bncvar!L28+buhvar!L28 -> 52000430 | M28: =+(L28-N28)/ABS(N28) -> 0.032053534 | N28: =+scotiavar!N28+cbnavar!N28+sgbelvar!N28+capitalbkvar!N28+unibkvar!N28+bphvar!N28+sogebkvar!N28+bncvar!N28+buhvar!N28 -> 50385400 | O28: =+(N28-P28)/ABS(P28) -> 0.049764573 | P28: =+scotiavar!P28+cbnavar!P28+sgbelvar!P28+capitalbkvar!P28+unibkvar!P28+bphvar!P28+sogebkvar!P28+bncvar!P28+buhvar!P28 -> 47996857
A29: À terme | B29: =+scotiavar!B29+cbnavar!B29+sgbelvar!B29+capitalbkvar!B29+unibkvar!B29+bphvar!B29+sogebkvar!B29+bncvar!B29+buhvar!B29 -> 27834232 | C29: 0 | D29: =+scotiavar!D29+cbnavar!D29+sgbelvar!D29+capitalbkvar!D29+unibkvar!D29+bphvar!D29+sogebkvar!D29+bncvar!D29+buhvar!D29 -> 0 | E29: 0 | F29: =+scotiavar!F29+cbnavar!F29+sgbelvar!F29+capitalbkvar!F29+unibkvar!F29+bphvar!F29+sogebkvar!F29+bncvar!F29+buhvar!F29 -> 0 | G29: 0 | H29: =+scotiavar!H29+cbnavar!H29+sgbelvar!H29+capitalbkvar!H29+unibkvar!H29+bphvar!H29+sogebkvar!H29+bncvar!H29+buhvar!H29 -> 0 | I29: =+(B29-J29)/ABS(J29) -> 0.052317346 | J29: =+scotiavar!J29+cbnavar!J29+sgbelvar!J29+capitalbkvar!J29+unibkvar!J29+bphvar!J29+sogebkvar!J29+bncvar!J29+buhvar!J29 -> 26450416 | K29: =+(J29-L29)/ABS(L29) -> 0.1922539 | L29: =+scotiavar!L29+cbnavar!L29+sgbelvar!L29+capitalbkvar!L29+unibkvar!L29+bphvar!L29+sogebkvar!L29+bncvar!L29+buhvar!L29 -> 22185221 | M29: =+(L29-N29)/ABS(N29) -> 0.12139993 | N29: =+scotiavar!N29+cbnavar!N29+sgbelvar!N29+capitalbkvar!N29+unibkvar!N29+bphvar!N29+sogebkvar!N29+bncvar!N29+buhvar!N29 -> 19783505 | O29: =+(N29-P29)/ABS(P29) -> 0.036287424 | P29: =+scotiavar!P29+cbnavar!P29+sgbelvar!P29+capitalbkvar!P29+unibkvar!P29+bphvar!P29+sogebkvar!P29+bncvar!P29+buhvar!P29 -> 19090751
B30: =SUM(B27:B29) -> 1.585611e+08 | C30: 0 | D30: =SUM(D27:D29) -> 0 | E30: 0 | F30: =SUM(F27:F29) -> 0 | G30: 0 | H30: =SUM(H27:H29) -> 0 | I30: =+(B30-J30)/ABS(J30) -> 0.0064232242 | J30: =SUM(J27:J29) -> 1.5754912e+08 | K30: =+(J30-L30)/ABS(L30) -> 0.081726794 | L30: =SUM(L27:L29) -> 1.4564595e+08 | M30: =+(L30-N30)/ABS(N30) -> -0.008118797 | N30: =SUM(N27:N29) -> 1.4683809e+08 | O30: =+(N30-P30)/ABS(P30) -> 0.083284268 | P30: =SUM(P27:P29) -> 1.35549e+08
A32: Obligations à vue
A33: Banques locales | B33: =+scotiavar!B33+cbnavar!B33+sgbelvar!B33+capitalbkvar!B33+unibkvar!B33+bphvar!B33+sogebkvar!B33+bncvar!B33+buhvar!B33 -> 300000 | C33: 0 | D33: =+scotiavar!D33+cbnavar!D33+sgbelvar!D33+capitalbkvar!D33+unibkvar!D33+bphvar!D33+sogebkvar!D33+bncvar!D33+buhvar!D33 -> 0 | E33: 0 | F33: =+scotiavar!F33+cbnavar!F33+sgbelvar!F33+capitalbkvar!F33+unibkvar!F33+bphvar!F33+sogebkvar!F33+bncvar!F33+buhvar!F33 -> 0 | G33: 0 | H33: =+scotiavar!H33+cbnavar!H33+sgbelvar!H33+capitalbkvar!H33+unibkvar!H33+bphvar!H33+sogebkvar!H33+bncvar!H33+buhvar!H33 -> 0 | I33: =+(B33-J33)/ABS(J33) -> 0 | J33: =+scotiavar!J33+cbnavar!J33+sgbelvar!J33+capitalbkvar!J33+unibkvar!J33+bphvar!J33+sogebkvar!J33+bncvar!J33+buhvar!J33 -> 300000 | K33: =+(J33-L33)/ABS(L33) -> 0.5 | L33: =+scotiavar!L33+cbnavar!L33+sgbelvar!L33+capitalbkvar!L33+unibkvar!L33+bphvar!L33+sogebkvar!L33+bncvar!L33+buhvar!L33 -> 200000 | M33: =+(L33-N33)/ABS(N33) -> 0 | N33: =+scotiavar!N33+cbnavar!N33+sgbelvar!N33+capitalbkvar!N33+unibkvar!N33+bphvar!N33+sogebkvar!N33+bncvar!N33+buhvar!N33 -> 200000 | O33: =+(N33-P33)/ABS(P33) -> -0.375 | P33: =+scotiavar!P33+cbnavar!P33+sgbelvar!P33+capitalbkvar!P33+unibkvar!P33+bphvar!P33+sogebkvar!P33+bncvar!P33+buhvar!P33 -> 320000
A34: Banques à l'étranger | B34: =+scotiavar!B34+cbnavar!B34+sgbelvar!B34+capitalbkvar!B34+unibkvar!B34+bphvar!B34+sogebkvar!B34+bncvar!B34+buhvar!B34 -> 140243 | C34: 0 | D34: =+scotiavar!D34+cbnavar!D34+sgbelvar!D34+capitalbkvar!D34+unibkvar!D34+bphvar!D34+sogebkvar!D34+bncvar!D34+buhvar!D34 -> 0 | E34: 0 | F34: =+scotiavar!F34+cbnavar!F34+sgbelvar!F34+capitalbkvar!F34+unibkvar!F34+bphvar!F34+sogebkvar!F34+bncvar!F34+buhvar!F34 -> 0 | G34: 0 | H34: =+scotiavar!H34+cbnavar!H34+sgbelvar!H34+capitalbkvar!H34+unibkvar!H34+bphvar!H34+sogebkvar!H34+bncvar!H34+buhvar!H34 -> 0 | I34: 0 | J34: =+scotiavar!J34+cbnavar!J34+sgbelvar!J34+capitalbkvar!J34+unibkvar!J34+bphvar!J34+sogebkvar!J34+bncvar!J34+buhvar!J34 -> 0 | K34: 0 | L34: =+scotiavar!L34+cbnavar!L34+sgbelvar!L34+capitalbkvar!L34+unibkvar!L34+bphvar!L34+sogebkvar!L34+bncvar!L34+buhvar!L34 -> 0 | M34: 0 | N34: =+scotiavar!N34+cbnavar!N34+sgbelvar!N34+capitalbkvar!N34+unibkvar!N34+bphvar!N34+sogebkvar!N34+bncvar!N34+buhvar!N34 -> 0 | O34: 0 | P34: =+scotiavar!P34+cbnavar!P34+sgbelvar!P34+capitalbkvar!P34+unibkvar!P34+bphvar!P34+sogebkvar!P34+bncvar!P34+buhvar!P34 -> 0
A35: Autres | B35: =+scotiavar!B35+cbnavar!B35+sgbelvar!B35+capitalbkvar!B35+unibkvar!B35+bphvar!B35+sogebkvar!B35+bncvar!B35+buhvar!B35 -> 7093867.5 | C35: 0 | D35: =+scotiavar!D35+cbnavar!D35+sgbelvar!D35+capitalbkvar!D35+unibkvar!D35+bphvar!D35+sogebkvar!D35+bncvar!D35+buhvar!D35 -> 0 | E35: 0 | F35: =+scotiavar!F35+cbnavar!F35+sgbelvar!F35+capitalbkvar!F35+unibkvar!F35+bphvar!F35+sogebkvar!F35+bncvar!F35+buhvar!F35 -> 0 | G35: 0 | H35: =+scotiavar!H35+cbnavar!H35+sgbelvar!H35+capitalbkvar!H35+unibkvar!H35+bphvar!H35+sogebkvar!H35+bncvar!H35+buhvar!H35 -> 0 | I35: =+(B35-J35)/ABS(J35) -> 0.0072739302 | J35: =+scotiavar!J35+cbnavar!J35+sgbelvar!J35+capitalbkvar!J35+unibkvar!J35+bphvar!J35+sogebkvar!J35+bncvar!J35+buhvar!J35 -> 7042639.9 | K35: =+(J35-L35)/ABS(L35) -> 0.28123686 | L35: =+scotiavar!L35+cbnavar!L35+sgbelvar!L35+capitalbkvar!L35+unibkvar!L35+bphvar!L35+sogebkvar!L35+bncvar!L35+buhvar!L35 -> 5496750.9 | M35: =+(L35-N35)/ABS(N35) -> 0.13800035 | N35: =+scotiavar!N35+cbnavar!N35+sgbelvar!N35+capitalbkvar!N35+unibkvar!N35+bphvar!N35+sogebkvar!N35+bncvar!N35+buhvar!N35 -> 4830183.8 | O35: =+(N35-P35)/ABS(P35) -> 0.20811886 | P35: =+scotiavar!P35+cbnavar!P35+sgbelvar!P35+capitalbkvar!P35+unibkvar!P35+bphvar!P35+sogebkvar!P35+bncvar!P35+buhvar!P35 -> 3998103.2
B36: =SUM(B33:B35) -> 7534110.5 | C36: 0 | D36: =SUM(D33:D35) -> 0 | E36: 0 | F36: =SUM(F33:F35) -> 0 | G36: 0 | H36: =SUM(H33:H35) -> 0 | I36: =+(B36-J36)/ABS(J36) -> 0.026076544 | J36: =SUM(J33:J35) -> 7342639.9 | K36: =+(J36-L36)/ABS(L36) -> 0.28891714 | L36: =SUM(L33:L35) -> 5696750.9 | M36: =+(L36-N36)/ABS(N36) -> 0.13251346 | N36: =SUM(N33:N35) -> 5030183.8 | O36: =+(N36-P36)/ABS(P36) -> 0.1649059 | P36: =SUM(P33:P35) -> 4318103.2
A38: Obligations à terme
A39: Banques locales | B39: =+scotiavar!B39+cbnavar!B39+sgbelvar!B39+capitalbkvar!B39+unibkvar!B39+bphvar!B39+sogebkvar!B39+bncvar!B39+buhvar!B39 -> 1065132.5 | C39: 0 | D39: =+scotiavar!D39+cbnavar!D39+sgbelvar!D39+capitalbkvar!D39+unibkvar!D39+bphvar!D39+sogebkvar!D39+bncvar!D39+buhvar!D39 -> 0 | E39: 0 | F39: =+scotiavar!F39+cbnavar!F39+sgbelvar!F39+capitalbkvar!F39+unibkvar!F39+bphvar!F39+sogebkvar!F39+bncvar!F39+buhvar!F39 -> 0 | G39: 0 | H39: =+scotiavar!H39+cbnavar!H39+sgbelvar!H39+capitalbkvar!H39+unibkvar!H39+bphvar!H39+sogebkvar!H39+bncvar!H39+buhvar!H39 -> 0 | I39: =+(B39-J39)/ABS(J39) -> -0.36124371 | J39: =+scotiavar!J39+cbnavar!J39+sgbelvar!J39+capitalbkvar!J39+unibkvar!J39+bphvar!J39+sogebkvar!J39+bncvar!J39+buhvar!J39 -> 1667510 | K39: =+(J39-L39)/ABS(L39) -> -0.0344582 | L39: =+scotiavar!L39+cbnavar!L39+sgbelvar!L39+capitalbkvar!L39+unibkvar!L39+bphvar!L39+sogebkvar!L39+bncvar!L39+buhvar!L39 -> 1727020 | M39: =+(L39-N39)/ABS(N39) -> 0.46168104 | N39: =+scotiavar!N39+cbnavar!N39+sgbelvar!N39+capitalbkvar!N39+unibkvar!N39+bphvar!N39+sogebkvar!N39+bncvar!N39+buhvar!N39 -> 1181530 | O39: =+(N39-P39)/ABS(P39) -> 1.9318362 | P39: =+scotiavar!P39+cbnavar!P39+sgbelvar!P39+capitalbkvar!P39+unibkvar!P39+bphvar!P39+sogebkvar!P39+bncvar!P39+buhvar!P39 -> 403000
A40: Banque à l'étranger | B40: =+scotiavar!B40+cbnavar!B40+sgbelvar!B40+capitalbkvar!B40+unibkvar!B40+bphvar!B40+sogebkvar!B40+bncvar!B40+buhvar!B40 -> 3075243.6 | C40: 0 | D40: =+scotiavar!D40+cbnavar!D40+sgbelvar!D40+capitalbkvar!D40+unibkvar!D40+bphvar!D40+sogebkvar!D40+bncvar!D40+buhvar!D40 -> 0 | E40: 0 | F40: =+scotiavar!F40+cbnavar!F40+sgbelvar!F40+capitalbkvar!F40+unibkvar!F40+bphvar!F40+sogebkvar!F40+bncvar!F40+buhvar!F40 -> 0 | G40: 0 | H40: =+scotiavar!H40+cbnavar!H40+sgbelvar!H40+capitalbkvar!H40+unibkvar!H40+bphvar!H40+sogebkvar!H40+bncvar!H40+buhvar!H40 -> 0 | I40: =+(B40-J40)/ABS(J40) -> -0.27533104 | J40: =+scotiavar!J40+cbnavar!J40+sgbelvar!J40+capitalbkvar!J40+unibkvar!J40+bphvar!J40+sogebkvar!J40+bncvar!J40+buhvar!J40 -> 4243653 | K40: =+(J40-L40)/ABS(L40) -> 1.3807961 | L40: =+scotiavar!L40+cbnavar!L40+sgbelvar!L40+capitalbkvar!L40+unibkvar!L40+bphvar!L40+sogebkvar!L40+bncvar!L40+buhvar!L40 -> 1782451.2 | M40: 0 | N40: =+scotiavar!N40+cbnavar!N40+sgbelvar!N40+capitalbkvar!N40+unibkvar!N40+bphvar!N40+sogebkvar!N40+bncvar!N40+buhvar!N40 -> 634833 | O40: 0 | P40: =+scotiavar!P40+cbnavar!P40+sgbelvar!P40+capitalbkvar!P40+unibkvar!P40+bphvar!P40+sogebkvar!P40+bncvar!P40+buhvar!P40 -> -0.04578
A41: Autres | B41: =+scotiavar!B41+cbnavar!B41+sgbelvar!B41+capitalbkvar!B41+unibkvar!B41+bphvar!B41+sogebkvar!B41+bncvar!B41+buhvar!B41 -> 4608097.9 | C41: 0 | D41: =+scotiavar!D41+cbnavar!D41+sgbelvar!D41+capitalbkvar!D41+unibkvar!D41+bphvar!D41+sogebkvar!D41+bncvar!D41+buhvar!D41 -> 0 | E41: 0 | F41: =+scotiavar!F41+cbnavar!F41+sgbelvar!F41+capitalbkvar!F41+unibkvar!F41+bphvar!F41+sogebkvar!F41+bncvar!F41+buhvar!F41 -> 0 | G41: 0 | H41: =+scotiavar!H41+cbnavar!H41+sgbelvar!H41+capitalbkvar!H41+unibkvar!H41+bphvar!H41+sogebkvar!H41+bncvar!H41+buhvar!H41 -> 0 | I41: =+(B41-J41)/ABS(J41) -> 0.0062950674 | J41: =+scotiavar!J41+cbnavar!J41+sgbelvar!J41+capitalbkvar!J41+unibkvar!J41+bphvar!J41+sogebkvar!J41+bncvar!J41+buhvar!J41 -> 4579271 | K41: =+(J41-L41)/ABS(L41) -> 0.17483616 | L41: =+scotiavar!L41+cbnavar!L41+sgbelvar!L41+capitalbkvar!L41+unibkvar!L41+bphvar!L41+sogebkvar!L41+bncvar!L41+buhvar!L41 -> 3897795.4 | M41: =+(L41-N41)/ABS(N41) -> 0.31843726 | N41: =+scotiavar!N41+cbnavar!N41+sgbelvar!N41+capitalbkvar!N41+unibkvar!N41+bphvar!N41+sogebkvar!N41+bncvar!N41+buhvar!N41 -> 2956375.4 | O41: =+(N41-P41)/ABS(P41) -> 0.52449069 | P41: =+scotiavar!P41+cbnavar!P41+sgbelvar!P41+capitalbkvar!P41+unibkvar!P41+bphvar!P41+sogebkvar!P41+bncvar!P41+buhvar!P41 -> 1939254.5
B42: =SUM(B39:B41) -> 8748474 | C42: 0 | D42: =SUM(D39:D41) -> 0 | E42: 0 | F42: =SUM(F39:F41) -> 0 | G42: 0 | H42: =SUM(H39:H41) -> 0 | I42: =+(B42-J42)/ABS(J42) -> -0.16605224 | J42: =SUM(J39:J41) -> 10490434 | K42: =+(J42-L42)/ABS(L42) -> 0.4162355 | L42: =SUM(L39:L41) -> 7407266.7 | M42: =+(L42-N42)/ABS(N42) -> 0.55199512 | N42: =SUM(N39:N41) -> 4772738.4 | O42: =+(N42-P42)/ABS(P42) -> 1.0376686 | P42: =SUM(P39:P41) -> 2342254.4
A44: Autres passifs | B44: =+scotiavar!B44+cbnavar!B44+sgbelvar!B44+capitalbkvar!B44+unibkvar!B44+bphvar!B44+sogebkvar!B44+bncvar!B44+buhvar!B44 -> 4445986.3 | C44: 0 | D44: =+scotiavar!D44+cbnavar!D44+sgbelvar!D44+capitalbkvar!D44+unibkvar!D44+bphvar!D44+sogebkvar!D44+bncvar!D44+buhvar!D44 -> 0 | E44: 0 | F44: =+scotiavar!F44+cbnavar!F44+sgbelvar!F44+capitalbkvar!F44+unibkvar!F44+bphvar!F44+sogebkvar!F44+bncvar!F44+buhvar!F44 -> 0 | G44: 0 | H44: =+scotiavar!H44+cbnavar!H44+sgbelvar!H44+capitalbkvar!H44+unibkvar!H44+bphvar!H44+sogebkvar!H44+bncvar!H44+buhvar!H44 -> 0 | I44: =+(B44-J44)/ABS(J44) -> 0.017617999 | J44: =+scotiavar!J44+cbnavar!J44+sgbelvar!J44+capitalbkvar!J44+unibkvar!J44+bphvar!J44+sogebkvar!J44+bncvar!J44+buhvar!J44 -> 4369013 | K44: =+(J44-L44)/ABS(L44) -> 0.060916606 | L44: =+scotiavar!L44+cbnavar!L44+sgbelvar!L44+capitalbkvar!L44+unibkvar!L44+bphvar!L44+sogebkvar!L44+bncvar!L44+buhvar!L44 -> 4118149.3 | M44: =+(L44-N44)/ABS(N44) -> 0.37386989 | N44: =+scotiavar!N44+cbnavar!N44+sgbelvar!N44+capitalbkvar!N44+unibkvar!N44+bphvar!N44+sogebkvar!N44+bncvar!N44+buhvar!N44 -> 2997481.3 | O44: =+(N44-P44)/ABS(P44) -> 0.31381104 | P44: =+scotiavar!P44+cbnavar!P44+sgbelvar!P44+capitalbkvar!P44+unibkvar!P44+bphvar!P44+sogebkvar!P44+bncvar!P44+buhvar!P44 -> 2281516.3
B45: =+B30+B36+B42+B44 -> 1.7928967e+08 | C45: 0 | D45: =+D30+D36+D42+D44 -> 0 | E45: 0 | F45: =+F30+F36+F42+F44 -> 0 | G45: 0 | H45: =+H30+H36+H42+H44 -> 0 | I45: =+(B45-J45)/ABS(J45) -> -0.0025676757 | J45: =+J30+J36+J42+J44 -> 1.7975121e+08 | K45: =+(J45-L45)/ABS(L45) -> 0.10366115 | L45: =+L30+L36+L42+L44 -> 1.6286811e+08 | M45: =+(L45-N45)/ABS(N45) -> 0.020230801 | N45: =+N30+N36+N42+N44 -> 1.596385e+08 | O45: =+(N45-P45)/ABS(P45) -> 0.1048345 | P45: =+P30+P36+P42+P44 -> 1.4449087e+08
A47: AVOIR DES ACTIONNAIRES
A48: Capital versé | B48: =+scotiavar!B48+cbnavar!B48+sgbelvar!B48+capitalbkvar!B48+unibkvar!B48+bphvar!B48+sogebkvar!B48+bncvar!B48+buhvar!B48 -> 6024513 | C48: 0 | D48: =+scotiavar!D48+cbnavar!D48+sgbelvar!D48+capitalbkvar!D48+unibkvar!D48+bphvar!D48+sogebkvar!D48+bncvar!D48+buhvar!D48 -> 0 | E48: 0 | F48: =+scotiavar!F48+cbnavar!F48+sgbelvar!F48+capitalbkvar!F48+unibkvar!F48+bphvar!F48+sogebkvar!F48+bncvar!F48+buhvar!F48 -> 0 | G48: 0 | H48: =+scotiavar!H48+cbnavar!H48+sgbelvar!H48+capitalbkvar!H48+unibkvar!H48+bphvar!H48+sogebkvar!H48+bncvar!H48+buhvar!H48 -> 0 | I48: =+(B48-J48)/ABS(J48) -> -8.6313286e-06 | J48: =+scotiavar!J48+cbnavar!J48+sgbelvar!J48+capitalbkvar!J48+unibkvar!J48+bphvar!J48+sogebkvar!J48+bncvar!J48+buhvar!J48 -> 6024565 | K48: =+(J48-L48)/ABS(L48) -> 0.025160881 | L48: =+scotiavar!L48+cbnavar!L48+sgbelvar!L48+capitalbkvar!L48+unibkvar!L48+bphvar!L48+sogebkvar!L48+bncvar!L48+buhvar!L48 -> 5876702 | M48: =+(L48-N48)/ABS(N48) -> 0.42745652 | N48: =+scotiavar!N48+cbnavar!N48+sgbelvar!N48+capitalbkvar!N48+unibkvar!N48+bphvar!N48+sogebkvar!N48+bncvar!N48+buhvar!N48 -> 4116904.4 | O48: =+(N48-P48)/ABS(P48) -> 0.023237246 | P48: =+scotiavar!P48+cbnavar!P48+sgbelvar!P48+capitalbkvar!P48+unibkvar!P48+bphvar!P48+sogebkvar!P48+bncvar!P48+buhvar!P48 -> 4023411.4
A49: Réserves | B49: =+scotiavar!B49+cbnavar!B49+sgbelvar!B49+capitalbkvar!B49+unibkvar!B49+bphvar!B49+sogebkvar!B49+bncvar!B49+buhvar!B49 -> 3053147.8 | C49: 0 | D49: =+scotiavar!D49+cbnavar!D49+sgbelvar!D49+capitalbkvar!D49+unibkvar!D49+bphvar!D49+sogebkvar!D49+bncvar!D49+buhvar!D49 -> 0 | E49: 0 | F49: =+scotiavar!F49+cbnavar!F49+sgbelvar!F49+capitalbkvar!F49+unibkvar!F49+bphvar!F49+sogebkvar!F49+bncvar!F49+buhvar!F49 -> 0 | G49: 0 | H49: =+scotiavar!H49+cbnavar!H49+sgbelvar!H49+capitalbkvar!H49+unibkvar!H49+bphvar!H49+sogebkvar!H49+bncvar!H49+buhvar!H49 -> 0 | I49: =+(B49-J49)/ABS(J49) -> 0.054824442 | J49: =+scotiavar!J49+cbnavar!J49+sgbelvar!J49+capitalbkvar!J49+unibkvar!J49+bphvar!J49+sogebkvar!J49+bncvar!J49+buhvar!J49 -> 2894460.6 | K49: =+(J49-L49)/ABS(L49) -> 0.18552813 | L49: =+scotiavar!L49+cbnavar!L49+sgbelvar!L49+capitalbkvar!L49+unibkvar!L49+bphvar!L49+sogebkvar!L49+bncvar!L49+buhvar!L49 -> 2441494.7 | M49: =+(L49-N49)/ABS(N49) -> 0.23717728 | N49: =+scotiavar!N49+cbnavar!N49+sgbelvar!N49+capitalbkvar!N49+unibkvar!N49+bphvar!N49+sogebkvar!N49+bncvar!N49+buhvar!N49 -> 1973439.7 | O49: =+(N49-P49)/ABS(P49) -> 0.15464002 | P49: =+scotiavar!P49+cbnavar!P49+sgbelvar!P49+capitalbkvar!P49+unibkvar!P49+bphvar!P49+sogebkvar!P49+bncvar!P49+buhvar!P49 -> 1709138.4
A50: Surplus d'apport | B50: =+scotiavar!B50+cbnavar!B50+sgbelvar!B50+capitalbkvar!B50+unibkvar!B50+bphvar!B50+sogebkvar!B50+bncvar!B50+buhvar!B50 -> 208035.66 | C50: 0 | D50: =+scotiavar!D50+cbnavar!D50+sgbelvar!D50+capitalbkvar!D50+unibkvar!D50+bphvar!D50+sogebkvar!D50+bncvar!D50+buhvar!D50 -> 0 | E50: 0 | F50: =+scotiavar!F50+cbnavar!F50+sgbelvar!F50+capitalbkvar!F50+unibkvar!F50+bphvar!F50+sogebkvar!F50+bncvar!F50+buhvar!F50 -> 0 | G50: 0 | H50: =+scotiavar!H50+cbnavar!H50+sgbelvar!H50+capitalbkvar!H50+unibkvar!H50+bphvar!H50+sogebkvar!H50+bncvar!H50+buhvar!H50 -> 0 | I50: =+(B50-J50)/ABS(J50) -> 7.2103042e-10 | J50: =+scotiavar!J50+cbnavar!J50+sgbelvar!J50+capitalbkvar!J50+unibkvar!J50+bphvar!J50+sogebkvar!J50+bncvar!J50+buhvar!J50 -> 208035.66 | K50: =+(J50-L50)/ABS(L50) -> -0.073386813 | L50: =+scotiavar!L50+cbnavar!L50+sgbelvar!L50+capitalbkvar!L50+unibkvar!L50+bphvar!L50+sogebkvar!L50+bncvar!L50+buhvar!L50 -> 224511.87 | M50: =+(L50-N50)/ABS(N50) -> 0.022776353 | N50: =+scotiavar!N50+cbnavar!N50+sgbelvar!N50+capitalbkvar!N50+unibkvar!N50+bphvar!N50+sogebkvar!N50+bncvar!N50+buhvar!N50 -> 219512.18 | O50: =+(N50-P50)/ABS(P50) -> 0 | P50: =+scotiavar!P50+cbnavar!P50+sgbelvar!P50+capitalbkvar!P50+unibkvar!P50+bphvar!P50+sogebkvar!P50+bncvar!P50+buhvar!P50 -> 219512.18
A51: BNR | B51: =+scotiavar!B51+cbnavar!B51+sgbelvar!B51+capitalbkvar!B51+unibkvar!B51+bphvar!B51+sogebkvar!B51+bncvar!B51+buhvar!B51 -> 6225357.1 | C51: 0 | D51: =+scotiavar!D51+cbnavar!D51+sgbelvar!D51+capitalbkvar!D51+unibkvar!D51+bphvar!D51+sogebkvar!D51+bncvar!D51+buhvar!D51 -> 0 | E51: 0 | F51: =+scotiavar!F51+cbnavar!F51+sgbelvar!F51+capitalbkvar!F51+unibkvar!F51+bphvar!F51+sogebkvar!F51+bncvar!F51+buhvar!F51 -> 0 | G51: 0 | H51: =+scotiavar!H51+cbnavar!H51+sgbelvar!H51+capitalbkvar!H51+unibkvar!H51+bphvar!H51+sogebkvar!H51+bncvar!H51+buhvar!H51 -> 0 | I51: =+(B51-J51)/ABS(J51) -> 0.10704024 | J51: =+scotiavar!J51+cbnavar!J51+sgbelvar!J51+capitalbkvar!J51+unibkvar!J51+bphvar!J51+sogebkvar!J51+bncvar!J51+buhvar!J51 -> 5623424.4 | K51: =+(J51-L51)/ABS(L51) -> 0.24378882 | L51: =+scotiavar!L51+cbnavar!L51+sgbelvar!L51+capitalbkvar!L51+unibkvar!L51+bphvar!L51+sogebkvar!L51+bncvar!L51+buhvar!L51 -> 4521205.1 | M51: =+(L51-N51)/ABS(N51) -> -0.018697371 | N51: =+scotiavar!N51+cbnavar!N51+sgbelvar!N51+capitalbkvar!N51+unibkvar!N51+bphvar!N51+sogebkvar!N51+bncvar!N51+buhvar!N51 -> 4607350.4 | O51: =+(N51-P51)/ABS(P51) -> 0.29697843 | P51: =+scotiavar!P51+cbnavar!P51+sgbelvar!P51+capitalbkvar!P51+unibkvar!P51+bphvar!P51+sogebkvar!P51+bncvar!P51+buhvar!P51 -> 3552372.4
B52: =SUM(B48:B51) -> 15511054 | C52: 0 | D52: =SUM(D48:D51) -> 0 | E52: 0 | F52: =SUM(F48:F51) -> 0 | G52: 0 | H52: =SUM(H48:H51) -> 0 | I52: =+(B52-J52)/ABS(J52) -> 0.051562227 | J52: =SUM(J48:J51) -> 14750486 | K52: =+(J52-L52)/ABS(L52) -> 0.12910159 | L52: =SUM(L48:L51) -> 13063914 | M52: =+(L52-N52)/ABS(N52) -> 0.19663519 | N52: =SUM(N48:N51) -> 10917207 | O52: =+(N52-P52)/ABS(P52) -> 0.14864348 | P52: =SUM(P48:P51) -> 9504434.4
B53: =(+B30+B36+B42+B44+B52) -> 1.9480072e+08 | C53: 0 | D53: =(+D30+D36+D42+D44+D52) -> 0 | E53: 0 | F53: =(+F30+F36+F42+F44+F52) -> 0 | G53: 0 | H53: =(+H30+H36+H42+H44+H52) -> 0 | I53: =+(B53-J53)/ABS(J53) -> 0.0015373906 | J53: =(+J30+J36+J42+J44+J52) -> 1.945017e+08 | K53: =+(J53-L53)/ABS(L53) -> 0.10555024 | L53: =(+L30+L36+L42+L44+L52) -> 1.7593203e+08 | M53: =+(L53-N53)/ABS(N53) -> 0.03152238 | N53: =(+N30+N36+N42+N44+N52) -> 1.7055571e+08 | O53: =+(N53-P53)/ABS(P53) -> 0.10753835 | P53: =(+P30+P36+P42+P44+P52) -> 1.539953e+08
A56: Hors-bilan
A57: Effets à l'encaissement | B57: =+scotiavar!B57+cbnavar!B57+sgbelvar!B57+capitalbkvar!B57+unibkvar!B57+bphvar!B57+sogebkvar!B57+bncvar!B57+buhvar!B57 -> 67629.883 | D57: =+scotiavar!D57+cbnavar!D57+sgbelvar!D57+capitalbkvar!D57+unibkvar!D57+bphvar!D57+sogebkvar!D57+bncvar!D57+buhvar!D57 -> 0 | F57: =+scotiavar!F57+cbnavar!F57+sgbelvar!F57+capitalbkvar!F57+unibkvar!F57+bphvar!F57+sogebkvar!F57+bncvar!F57+buhvar!F57 -> 0 | H57: =+scotiavar!H57+cbnavar!H57+sgbelvar!H57+capitalbkvar!H57+unibkvar!H57+bphvar!H57+sogebkvar!H57+bncvar!H57+buhvar!H57 -> 0 | J57: =+scotiavar!J57+cbnavar!J57+sgbelvar!J57+capitalbkvar!J57+unibkvar!J57+bphvar!J57+sogebkvar!J57+bncvar!J57+buhvar!J57 -> 95422.989 | L57: =+scotiavar!L57+cbnavar!L57+sgbelvar!L57+capitalbkvar!L57+unibkvar!L57+bphvar!L57+sogebkvar!L57+bncvar!L57+buhvar!L57 -> 95041.617 | N57: =+scotiavar!N57+cbnavar!N57+sgbelvar!N57+capitalbkvar!N57+unibkvar!N57+bphvar!N57+sogebkvar!N57+bncvar!N57+buhvar!N57 -> 88153.82 | P57: =+scotiavar!P57+cbnavar!P57+sgbelvar!P57+capitalbkvar!P57+unibkvar!P57+bphvar!P57+sogebkvar!P57+bncvar!P57+buhvar!P57 -> 219823.68
A58: Crédit documentaire | B58: =+scotiavar!B58+cbnavar!B58+sgbelvar!B58+capitalbkvar!B58+unibkvar!B58+bphvar!B58+sogebkvar!B58+bncvar!B58+buhvar!B58 -> 1726530.6 | D58: =+scotiavar!D58+cbnavar!D58+sgbelvar!D58+capitalbkvar!D58+unibkvar!D58+bphvar!D58+sogebkvar!D58+bncvar!D58+buhvar!D58 -> 0 | F58: =+scotiavar!F58+cbnavar!F58+sgbelvar!F58+capitalbkvar!F58+unibkvar!F58+bphvar!F58+sogebkvar!F58+bncvar!F58+buhvar!F58 -> 0 | H58: =+scotiavar!H58+cbnavar!H58+sgbelvar!H58+capitalbkvar!H58+unibkvar!H58+bphvar!H58+sogebkvar!H58+bncvar!H58+buhvar!H58 -> 0 | J58: =+scotiavar!J58+cbnavar!J58+sgbelvar!J58+capitalbkvar!J58+unibkvar!J58+bphvar!J58+sogebkvar!J58+bncvar!J58+buhvar!J58 -> 1734232.8 | L58: =+scotiavar!L58+cbnavar!L58+sgbelvar!L58+capitalbkvar!L58+unibkvar!L58+bphvar!L58+sogebkvar!L58+bncvar!L58+buhvar!L58 -> 1396251.1 | N58: =+scotiavar!N58+cbnavar!N58+sgbelvar!N58+capitalbkvar!N58+unibkvar!N58+bphvar!N58+sogebkvar!N58+bncvar!N58+buhvar!N58 -> 1532939.7 | P58: =+scotiavar!P58+cbnavar!P58+sgbelvar!P58+capitalbkvar!P58+unibkvar!P58+bphvar!P58+sogebkvar!P58+bncvar!P58+buhvar!P58 -> 1442347.3
A59: Autres | B59: =+scotiavar!B59+cbnavar!B59+sgbelvar!B59+capitalbkvar!B59+unibkvar!B59+bphvar!B59+sogebkvar!B59+bncvar!B59+buhvar!B59 -> 13165090 | D59: =+scotiavar!D59+cbnavar!D59+sgbelvar!D59+capitalbkvar!D59+unibkvar!D59+bphvar!D59+sogebkvar!D59+bncvar!D59+buhvar!D59 -> 0 | F59: =+scotiavar!F59+cbnavar!F59+sgbelvar!F59+capitalbkvar!F59+unibkvar!F59+bphvar!F59+sogebkvar!F59+bncvar!F59+buhvar!F59 -> 0 | H59: =+scotiavar!H59+cbnavar!H59+sgbelvar!H59+capitalbkvar!H59+unibkvar!H59+bphvar!H59+sogebkvar!H59+bncvar!H59+buhvar!H59 -> 0 | J59: =+scotiavar!J59+cbnavar!J59+sgbelvar!J59+capitalbkvar!J59+unibkvar!J59+bphvar!J59+sogebkvar!J59+bncvar!J59+buhvar!J59 -> 12483175 | L59: =+scotiavar!L59+cbnavar!L59+sgbelvar!L59+capitalbkvar!L59+unibkvar!L59+bphvar!L59+sogebkvar!L59+bncvar!L59+buhvar!L59 -> 8409571.3 | N59: =+scotiavar!N59+cbnavar!N59+sgbelvar!N59+capitalbkvar!N59+unibkvar!N59+bphvar!N59+sogebkvar!N59+bncvar!N59+buhvar!N59 -> 6828553.3 | P59: =+scotiavar!P59+cbnavar!P59+sgbelvar!P59+capitalbkvar!P59+unibkvar!P59+bphvar!P59+sogebkvar!P59+bncvar!P59+buhvar!P59 -> 23358815
A61: Portefeuille brut | B61: =+scotiavar!B61+cbnavar!B61+sgbelvar!B61+capitalbkvar!B61+unibkvar!B61+bphvar!B61+sogebkvar!B61+bncvar!B61+buhvar!B61 -> 71462876 | C61: 0 | D61: =+scotiavar!D61+cbnavar!D61+sgbelvar!D61+capitalbkvar!D61+unibkvar!D61+bphvar!D61+sogebkvar!D61+bncvar!D61+buhvar!D61 -> 0 | E61: 0 | F61: =+scotiavar!F61+cbnavar!F61+sgbelvar!F61+capitalbkvar!F61+unibkvar!F61+bphvar!F61+sogebkvar!F61+bncvar!F61+buhvar!F61 -> 0 | G61: 0 | H61: =+scotiavar!H61+cbnavar!H61+sgbelvar!H61+capitalbkvar!H61+unibkvar!H61+bphvar!H61+sogebkvar!H61+bncvar!H61+buhvar!H61 -> 0 | I61: =+(B61-J61)/ABS(J61) -> 0.025538361 | J61: =+scotiavar!J61+cbnavar!J61+sgbelvar!J61+capitalbkvar!J61+unibkvar!J61+bphvar!J61+sogebkvar!J61+bncvar!J61+buhvar!J61 -> 69683280 | K61: =+(J61-L61)/ABS(L61) -> 0.10122079 | L61: =+scotiavar!L61+cbnavar!L61+sgbelvar!L61+capitalbkvar!L61+unibkvar!L61+bphvar!L61+sogebkvar!L61+bncvar!L61+buhvar!L61 -> 63278209 | M61: =+(L61-N61)/ABS(N61) -> 0.19162822 | N61: =+scotiavar!N61+cbnavar!N61+sgbelvar!N61+capitalbkvar!N61+unibkvar!N61+bphvar!N61+sogebkvar!N61+bncvar!N61+buhvar!N61 -> 53102308 | O61: =+(N61-P61)/ABS(P61) -> 0.32505368 | P61: =+scotiavar!P61+cbnavar!P61+sgbelvar!P61+capitalbkvar!P61+unibkvar!P61+bphvar!P61+sogebkvar!P61+bncvar!P61+buhvar!P61 -> 40075590
A62: Provisions pour créances douteuses | B62: =+scotiavar!B62+cbnavar!B62+sgbelvar!B62+capitalbkvar!B62+unibkvar!B62+bphvar!B62+sogebkvar!B62+bncvar!B62+buhvar!B62 -> 1670287.7 | C62: 0 | D62: =+scotiavar!D62+cbnavar!D62+sgbelvar!D62+capitalbkvar!D62+unibkvar!D62+bphvar!D62+sogebkvar!D62+bncvar!D62+buhvar!D62 -> 0 | E62: 0 | F62: =+scotiavar!F62+cbnavar!F62+sgbelvar!F62+capitalbkvar!F62+unibkvar!F62+bphvar!F62+sogebkvar!F62+bncvar!F62+buhvar!F62 -> 0 | G62: 0 | H62: =+scotiavar!H62+cbnavar!H62+sgbelvar!H62+capitalbkvar!H62+unibkvar!H62+bphvar!H62+sogebkvar!H62+bncvar!H62+buhvar!H62 -> 0 | I62: =+(B62-J62)/ABS(J62) -> 0.10980262 | J62: =+scotiavar!J62+cbnavar!J62+sgbelvar!J62+capitalbkvar!J62+unibkvar!J62+bphvar!J62+sogebkvar!J62+bncvar!J62+buhvar!J62 -> 1505031.3 | K62: =+(J62-L62)/ABS(L62) -> 0.35316649 | L62: =+scotiavar!L62+cbnavar!L62+sgbelvar!L62+capitalbkvar!L62+unibkvar!L62+bphvar!L62+sogebkvar!L62+bncvar!L62+buhvar!L62 -> 1112229.2 | M62: =+(L62-N62)/ABS(N62) -> -0.10458776 | N62: =+scotiavar!N62+cbnavar!N62+sgbelvar!N62+capitalbkvar!N62+unibkvar!N62+bphvar!N62+sogebkvar!N62+bncvar!N62+buhvar!N62 -> 1242142.1 | O62: =+(N62-P62)/ABS(P62) -> -0.098777572 | P62: =+scotiavar!P62+cbnavar!P62+sgbelvar!P62+capitalbkvar!P62+unibkvar!P62+bphvar!P62+sogebkvar!P62+bncvar!P62+buhvar!P62 -> 1378285.8
A63: Portefeuille de crédit improductif | B63: =+scotiavar!B63+cbnavar!B63+sgbelvar!B63+capitalbkvar!B63+unibkvar!B63+bphvar!B63+sogebkvar!B63+bncvar!B63+buhvar!B63 -> 3043320.3 | C63: 0 | D63: =+scotiavar!D63+cbnavar!D63+sgbelvar!D63+capitalbkvar!D63+unibkvar!D63+bphvar!D63+sogebkvar!D63+bncvar!D63+buhvar!D63 -> 0 | E63: 0 | F63: =+scotiavar!F63+cbnavar!F63+sgbelvar!F63+capitalbkvar!F63+unibkvar!F63+bphvar!F63+sogebkvar!F63+bncvar!F63+buhvar!F63 -> 0 | G63: 0 | H63: =+scotiavar!H63+cbnavar!H63+sgbelvar!H63+capitalbkvar!H63+unibkvar!H63+bphvar!H63+sogebkvar!H63+bncvar!H63+buhvar!H63 -> 0 | I63: =+(B63-J63)/ABS(J63) -> 0.45756663 | J63: =+scotiavar!J63+cbnavar!J63+sgbelvar!J63+capitalbkvar!J63+unibkvar!J63+bphvar!J63+sogebkvar!J63+bncvar!J63+buhvar!J63 -> 2087945.9 | K63: =+(J63-L63)/ABS(L63) -> 0.35518198 | L63: =+scotiavar!L63+cbnavar!L63+sgbelvar!L63+capitalbkvar!L63+unibkvar!L63+bphvar!L63+sogebkvar!L63+bncvar!L63+buhvar!L63 -> 1540712.6 | M63: =+(L63-N63)/ABS(N63) -> 0.19891103 | N63: =+scotiavar!N63+cbnavar!N63+sgbelvar!N63+capitalbkvar!N63+unibkvar!N63+bphvar!N63+sogebkvar!N63+bncvar!N63+buhvar!N63 -> 1285093.4 | O63: =+(N63-P63)/ABS(P63) -> -0.13190282 | P63: =+scotiavar!P63+cbnavar!P63+sgbelvar!P63+capitalbkvar!P63+unibkvar!P63+bphvar!P63+sogebkvar!P63+bncvar!P63+buhvar!P63 -> 1480356.6
A68: Graphe Dépots US | B68: 89648769 | D68: 0 | F68: 0 | H68: 0 | I68: =+(B68-J68)/ABS(J68) -> -0.0077642073 | J68: 90350267 | K68: =+(J68-L68)/ABS(L68) -> 0.12490638 | L68: 80318033 | M68: =+(L68-N68)/ABS(N68) -> -0.1309992 | N68: 92425730 | O68: =+(N68-P68)/ABS(P68) -> 0.094194535 | P68: 84469193
D71: Graphe Bons BRH | F71: Sept. 11 | G71: Sept. 12 | H71: Sept. 13 | I71: Sept. 14 | J71: Déc. 14
F73: =+P17 -> 6327919.5 | G73: =+N17 -> 6269459.7 | H73: =+L17 -> 5944985 | I73: =+J17 -> 4508555 | J73: =+B17 -> 6608224 | K73: 0 | M73: =+H17 -> 0

Sheet sofibilcompsys
A1: SYSTÈME BANCAIRE
A2: SOMMAIRE FINANCIER
A3: BILAN - ANALYSE DE LA COMPOSITION
A4: (En milliers de gourdes)
J5: SEPTEMBRE
B6: =+somfinbilsys!B7 -> Déc. 14 | C6: Comp. | D6: =+somfinbilsys!D7 -> Mars 15 | E6: Comp. | F6: =+somfinbilsys!F7 -> Juin 15 | G6: Comp. | H6: =+somfinbilsys!H7 -> Sept. 15 | I6: Comp. | J6: =+somfinbilsys!J7 -> 2014 | K6: Comp. | L6: =+somfinbilsys!L7 -> 2013 | M6: Comp. | N6: =+somfinbilsys!N7 -> 2012 | O6: Comp. | P6: =+somfinbilsys!P7 -> 2011 | Q6: Comp.
A7: ACTIF
A8: Disponibilités
A9: Encaisse | B9: =+somfinbilsys!B10 -> 9932553.4 | C9: =+B9/$B$22 -> 0.050988278 | D9: =+somfinbilsys!D10 -> 0 | E9: 0 | F9: =+somfinbilsys!F10 -> 0 | G9: 0 | H9: =+somfinbilsys!H10 -> 0 | I9: 0 | J9: =+somfinbilsys!J10 -> 7997285.3 | K9: =+J9/$J$22 -> 0.041952599 | L9: =+somfinbilsys!L10 -> 6230349.4 | M9: =+L9/$L$22 -> 0.03541339 | N9: =+somfinbilsys!N10 -> 5061573.1 | O9: =+N9/$N$22 -> 0.02967695 | P9: =+somfinbilsys!P10 -> 4341463.5 | Q9: =+P9/$P$22 -> 0.028192181
A10: Avoirs à la BRH | B10: =+somfinbilsys!B11 -> 53570134 | C10: =+B10/$B$22 -> 0.27499967 | D10: =+somfinbilsys!D11 -> 0 | E10: 0 | F10: =+somfinbilsys!F11 -> 0 | G10: 0 | H10: =+somfinbilsys!H11 -> 0 | I10: 0 | J10: =+somfinbilsys!J11 -> 55151419 | K10: =+J10/$J$22 -> 0.28931635 | L10: =+somfinbilsys!L11 -> 52101132 | M10: =+L10/$L$22 -> 0.29614353 | N10: =+somfinbilsys!N11 -> 54214410 | O10: =+N10/$N$22 -> 0.31786922 | P10: =+somfinbilsys!P11 -> 50750276 | Q10: =+P10/$P$22 -> 0.32955729
A11: Avoirs à l'étranger | B11: =+somfinbilsys!B12 -> 4771613.9 | C11: =+B11/$B$22 -> 0.024494847 | D11: =+somfinbilsys!D12 -> 0 | E11: 0 | F11: =+somfinbilsys!F12 -> 0 | G11: 0 | H11: =+somfinbilsys!H12 -> 0 | I11: 0 | J11: =+somfinbilsys!J12 -> 7258935.9 | K11: =+J11/$J$22 -> 0.038079325 | L11: =+somfinbilsys!L12 -> 6223831.1 | M11: =+L11/$L$22 -> 0.035376339 | N11: =+somfinbilsys!N12 -> 8130941.5 | O11: =+N11/$N$22 -> 0.047673231 | P11: =+somfinbilsys!P12 -> 11555470 | Q11: =+P11/$P$22 -> 0.075037808
A12: Avoirs dans les banques locales | B12: =+somfinbilsys!B13 -> 1954192.9 | C12: =+B12/$B$22 -> 0.010031754 | D12: =+somfinbilsys!D13 -> 0 | E12: 0 | F12: =+somfinbilsys!F13 -> 0 | G12: 0 | H12: =+somfinbilsys!H13 -> 0 | I12: 0 | J12: =+somfinbilsys!J13 -> 1671053 | K12: =+J12/$J$22 -> 0.0087661015 | L12: =+somfinbilsys!L13 -> 1162866.5 | M12: =+L12/$L$22 -> 0.0066097487 | N12: =+somfinbilsys!N13 -> 1749377.1 | O12: =+N12/$N$22 -> 0.010256925 | P12: =+somfinbilsys!P13 -> 1779544.4 | Q12: =+P12/$P$22 -> 0.011555836
A13: Autres liquidités | B13: =+somfinbilsys!B14 -> 1075726.7 | C13: =+B13/$B$22 -> 0.0055221907 | D13: =+somfinbilsys!D14 -> 0 | E13: 0 | F13: =+somfinbilsys!F14 -> 0 | G13: 0 | H13: =+somfinbilsys!H14 -> 0 | I13: 0 | J13: =+somfinbilsys!J14 -> 1245656.8 | K13: =+J13/$J$22 -> 0.0065345349 | L13: =+somfinbilsys!L14 -> 1447962.7 | M13: =+L13/$L$22 -> 0.0082302392 | N13: =+somfinbilsys!N14 -> 2127818.5 | O13: =+N13/$N$22 -> 0.012475798 | P13: =+somfinbilsys!P14 -> 1535110.8 | Q13: =+P13/$P$22 -> 0.009968556
B14: =SUM(B9:B13) -> 71304220 | C14: =+B14/$B$22 -> 0.36603674 | D14: =SUM(D9:D13) -> 0 | E14: 0 | F14: =SUM(F9:F13) -> 0 | G14: 0 | H14: =SUM(H9:H13) -> 0 | I14: 0 | J14: =SUM(J9:J13) -> 73324350 | K14: =+J14/$J$22 -> 0.38464891 | L14: =SUM(L9:L13) -> 67166141 | M14: =+L14/$L$22 -> 0.38177325 | N14: =SUM(N9:N13) -> 71284120 | O14: =+N14/$N$22 -> 0.41795213 | P14: =SUM(P9:P13) -> 69961865 | Q14: =+P14/$P$22 -> 0.45431167
A16: Bons B.R.H. | B16: =+somfinbilsys!B17 -> 6608224 | C16: =+B16/$B$22 -> 0.033922996 | D16: =+somfinbilsys!D17 -> 0 | E16: 0 | F16: =+somfinbilsys!F17 -> 0 | G16: 0 | H16: =+somfinbilsys!H17 -> 0 | I16: 0 | J16: =+somfinbilsys!J17 -> 4508555 | K16: =+J16/$J$22 -> 0.023651226 | L16: =+somfinbilsys!L17 -> 5944985 | M16: =+L16/$L$22 -> 0.033791374 | N16: =+somfinbilsys!N17 -> 6269459.7 | O16: =+N16/$N$22 -> 0.036759015 | P16: =+somfinbilsys!P17 -> 6327919.5 | Q16: =+P16/$P$22 -> 0.041091639
A17: Bons du Trésor / M.E.F. | B17: =+somfinbilsys!B18 -> 2875000 | C17: =+B17/$B$22 -> 0.014758672 | D17: =+somfinbilsys!D18 -> 0 | E17: 0 | F17: =+somfinbilsys!F18 -> 0 | G17: 0 | H17: =+somfinbilsys!H18 -> 0 | I17: 0 | J17: 0 | K17: 0 | L17: 0 | M17: 0 | N17: 0 | O17: 0 | P17: 0 | Q17: 0
A18: Autres Placements | B18: =+somfinbilsys!B19 -> 31695053 | C18: =+B18/$B$22 -> 0.16270501 | D18: =+somfinbilsys!D19 -> 0 | E18: 0 | F18: =+somfinbilsys!F19 -> 0 | G18: 0 | H18: =+somfinbilsys!H19 -> 0 | I18: 0 | J18: =+somfinbilsys!J19 -> 32859965 | K18: =+J18/$J$22 -> 0.17237861 | L18: =+somfinbilsys!L19 -> 30551970 | M18: =+L18/$L$22 -> 0.17365781 | N18: =+somfinbilsys!N19 -> 30318723 | O18: =+N18/$N$22 -> 0.17776434 | P18: =+somfinbilsys!P19 -> 29666558 | Q18: =+P18/$P$22 -> 0.19264586
A19: Portefeuille net | B19: =+somfinbilsys!B20 -> 69792589 | C19: =+B19/$B$22 -> 0.35827685 | D19: =+somfinbilsys!D20 -> 0 | E19: 0 | F19: =+somfinbilsys!F20 -> 0 | G19: 0 | H19: =+somfinbilsys!H20 -> 0 | I19: 0 | J19: =+somfinbilsys!J20 -> 68178247 | K19: =+J19/$J$22 -> 0.3576532 | L19: =+somfinbilsys!L20 -> 62165980 | M19: =+L19/$L$22 -> 0.35335226 | N19: =+somfinbilsys!N20 -> 51860166 | O19: =+N19/$N$22 -> 0.30406585 | P19: =+somfinbilsys!P20 -> 38697304 | Q19: =+P19/$P$22 -> 0.25128886
A20: Immobilisations | B20: =+somfinbilsys!B21 -> 6435815.6 | C20: =+B20/$B$22 -> 0.033037946 | D20: =+somfinbilsys!D21 -> 0 | E20: 0 | F20: =+somfinbilsys!F21 -> 0 | G20: 0 | H20: =+somfinbilsys!H21 -> 0 | I20: 0 | J20: =+somfinbilsys!J21 -> 6250547.1 | K20: =+J20/$J$22 -> 0.032789464 | L20: =+somfinbilsys!L21 -> 5415184.1 | M20: =+L20/$L$22 -> 0.030779979 | N20: =+somfinbilsys!N21 -> 4948839.4 | O20: =+N20/$N$22 -> 0.029015971 | P20: =+somfinbilsys!P21 -> 4365832.7 | Q20: =+P20/$P$22 -> 0.028350428
A21: Autres actifs | B21: =+somfinbilsys!B22 -> 6089818.3 | C21: =+B21/$B$22 -> 0.031261785 | D21: =+somfinbilsys!D22 -> 0 | E21: 0 | F21: =+somfinbilsys!F22 -> 0 | G21: 0 | H21: =+somfinbilsys!H22 -> 0 | I21: 0 | J21: =+somfinbilsys!J22 -> 5505031 | K21: =+J21/$J$22 -> 0.028878594 | L21: =+somfinbilsys!L22 -> 4687766.7 | M21: =+L21/$L$22 -> 0.026645329 | N21: =+somfinbilsys!N22 -> 5874397.1 | O21: =+N21/$N$22 -> 0.034442689 | P21: =+somfinbilsys!P22 -> 4975825 | Q21: =+P21/$P$22 -> 0.032311537
B22: =SUM(B14:B21) -> 1.9480072e+08 | C22: =+B22/$B$22 -> 1 | D22: =SUM(D14:D21) -> 0 | E22: 0 | F22: =SUM(F14:F21) -> 0 | G22: 0 | H22: =SUM(H14:H21) -> 0 | I22: 0 | J22: =SUM(J14:J21) -> 1.906267e+08 | K22: =+J22/$J$22 -> 1 | L22: =SUM(L14:L21) -> 1.7593203e+08 | M22: =+L22/$L$22 -> 1 | N22: =SUM(N14:N21) -> 1.7055571e+08 | O22: =+N22/$N$22 -> 1 | P22: =SUM(P14:P21) -> 1.539953e+08 | Q22: =+P22/$P$22 -> 1
A24: PASSIF
A25: Dépôts
A26: À vue | B26: =+somfinbilsys!B27 -> 74442959 | C26: =+B26/$B$22 -> 0.3821493 | D26: =+somfinbilsys!D27 -> 0 | E26: 0 | F26: =+somfinbilsys!F27 -> 0 | G26: 0 | H26: =+somfinbilsys!H27 -> 0 | I26: 0 | J26: =+somfinbilsys!J27 -> 75847921 | K26: =+J26/$J$22 -> 0.3978872 | L26: =+somfinbilsys!L27 -> 71460295 | M26: =+L26/$L$22 -> 0.40618128 | N26: =+somfinbilsys!N27 -> 76669190 | O26: =+N26/$N$22 -> 0.4495258 | P26: =+somfinbilsys!P27 -> 68461388 | Q26: =+P26/$P$22 -> 0.44456802
A27: Épargne | B27: =+somfinbilsys!B28 -> 56283905 | C27: =+B27/$B$22 -> 0.28893068 | D27: =+somfinbilsys!D28 -> 0 | E27: 0 | F27: =+somfinbilsys!F28 -> 0 | G27: 0 | H27: =+somfinbilsys!H28 -> 0 | I27: 0 | J27: =+somfinbilsys!J28 -> 55250785 | K27: =+J27/$J$22 -> 0.2898376 | L27: =+somfinbilsys!L28 -> 52000430 | M27: =+L27/$L$22 -> 0.29557114 | N27: =+somfinbilsys!N28 -> 50385400 | O27: =+N27/$N$22 -> 0.29541902 | P27: =+somfinbilsys!P28 -> 47996857 | Q27: =+P27/$P$22 -> 0.31167741
A28: À terme | B28: =+somfinbilsys!B29 -> 27834232 | C28: =+B28/$B$22 -> 0.14288567 | D28: =+somfinbilsys!D29 -> 0 | E28: 0 | F28: =+somfinbilsys!F29 -> 0 | G28: 0 | H28: =+somfinbilsys!H29 -> 0 | I28: 0 | J28: =+somfinbilsys!J29 -> 26450416 | K28: =+J28/$J$22 -> 0.13875505 | L28: =+somfinbilsys!L29 -> 22185221 | M28: =+L28/$L$22 -> 0.12610109 | N28: =+somfinbilsys!N29 -> 19783505 | O28: =+N28/$N$22 -> 0.11599439 | P28: =+somfinbilsys!P29 -> 19090751 | Q28: =+P28/$P$22 -> 0.12396969
B29: =SUM(B26:B28) -> 1.585611e+08 | C29: =+B29/$B$22 -> 0.81396566 | D29: =SUM(D26:D28) -> 0 | E29: 0 | F29: =SUM(F26:F28) -> 0 | G29: 0 | H29: =SUM(H26:H28) -> 0 | I29: 0 | J29: =SUM(J26:J28) -> 1.5754912e+08 | K29: =+J29/$J$22 -> 0.82647985 | L29: =SUM(L26:L28) -> 1.4564595e+08 | M29: =+L29/$L$22 -> 0.82785351 | N29: =SUM(N26:N28) -> 1.4683809e+08 | O29: =+N29/$N$22 -> 0.86093922 | P29: =SUM(P26:P28) -> 1.35549e+08 | Q29: =+P29/$P$22 -> 0.88021512
A31: Obligations à vue
A32: Banques locales | B32: =+somfinbilsys!B33 -> 300000 | C32: =+B32/$B$22 -> 0.0015400354 | D32: =+somfinbilsys!D33 -> 0 | E32: 0 | F32: =+somfinbilsys!F33 -> 0 | G32: 0 | H32: =+somfinbilsys!H33 -> 0 | I32: 0 | J32: =+somfinbilsys!J33 -> 300000 | K32: =+J32/$J$22 -> 0.0015737565 | L32: =+somfinbilsys!L33 -> 200000 | M32: =+L32/$L$22 -> 0.0011368027 | N32: =+somfinbilsys!N33 -> 200000 | O32: =+N32/$N$22 -> 0.0011726374 | P32: =+somfinbilsys!P33 -> 320000 | Q32: =+P32/$P$22 -> 0.0020779854
A33: Banques à l'étranger | B33: =+somfinbilsys!B34 -> 140243 | C33: =+B33/$B$22 -> 0.0007199306 | D33: =+somfinbilsys!D34 -> 0 | E33: 0 | F33: =+somfinbilsys!F34 -> 0 | G33: 0 | H33: =+somfinbilsys!H34 -> 0 | I33: 0 | J33: =+somfinbilsys!J34 -> 0 | K33: =+J33/$J$22 -> 0 | L33: =+somfinbilsys!L34 -> 0 | M33: =+L33/$L$22 -> 0 | N33: =+somfinbilsys!N34 -> 0 | O33: =+N33/$N$22 -> 0 | P33: =+somfinbilsys!P34 -> 0 | Q33: =+P33/$P$22 -> 0
A34: Autres | B34: =+somfinbilsys!B35 -> 7093867.5 | C34: =+B34/$B$22 -> 0.036416023 | D34: =+somfinbilsys!D35 -> 0 | E34: 0 | F34: =+somfinbilsys!F35 -> 0 | G34: 0 | H34: =+somfinbilsys!H35 -> 0 | I34: 0 | J34: =+somfinbilsys!J35 -> 7042639.9 | K34: =+J34/$J$22 -> 0.036944668 | L34: =+somfinbilsys!L35 -> 5496750.9 | M34: =+L34/$L$22 -> 0.031243606 | N34: =+somfinbilsys!N35 -> 4830183.8 | O34: =+N34/$N$22 -> 0.028320271 | P34: =+somfinbilsys!P35 -> 3998103.2 | Q34: =+P34/$P$22 -> 0.0259625
B35: =SUM(B32:B34) -> 7534110.5 | C35: =+B35/$B$22 -> 0.038675989 | D35: =SUM(D32:D34) -> 0 | E35: 0 | F35: =SUM(F32:F34) -> 0 | G35: 0 | H35: =SUM(H32:H34) -> 0 | I35: 0 | J35: =SUM(J32:J34) -> 7342639.9 | K35: =+J35/$J$22 -> 0.038518424 | L35: =SUM(L32:L34) -> 5696750.9 | M35: =+L35/$L$22 -> 0.032380408 | N35: =SUM(N32:N34) -> 5030183.8 | O35: =+N35/$N$22 -> 0.029492909 | P35: =SUM(P32:P34) -> 4318103.2 | Q35: =+P35/$P$22 -> 0.028040486
A37: Obligations à terme
A38: Banques locales | B38: =+somfinbilsys!B39 -> 1065132.5 | C38: =+B38/$B$22 -> 0.0054678058 | D38: =+somfinbilsys!D39 -> 0 | E38: 0 | F38: =+somfinbilsys!F39 -> 0 | G38: 0 | H38: =+somfinbilsys!H39 -> 0 | I38: 0 | J38: =+somfinbilsys!J39 -> 1667510 | K38: =+J38/$J$22 -> 0.0087475157 | L38: =+somfinbilsys!L39 -> 1727020 | M38: =+L38/$L$22 -> 0.0098164048 | N38: =+somfinbilsys!N39 -> 1181530 | O38: =+N38/$N$22 -> 0.0069275314 | P38: =+somfinbilsys!P39 -> 403000 | Q38: =+P38/$P$22 -> 0.0026169629
A39: Banque à l'étranger | B39: =+somfinbilsys!B40 -> 3075243.6 | C39: =+B39/$B$22 -> 0.015786613 | D39: =+somfinbilsys!D40 -> 0 | E39: 0 | F39: =+somfinbilsys!F40 -> 0 | G39: 0 | H39: =+somfinbilsys!H40 -> 0 | I39: 0 | J39: =+somfinbilsys!J40 -> 4243653 | K39: =+J39/$J$22 -> 0.022261588 | L39: =+somfinbilsys!L40 -> 1782451.2 | M39: =+L39/$L$22 -> 0.010131477 | N39: =+somfinbilsys!N40 -> 634833 | O39: =+N39/$N$22 -> 0.0037221446 | P39: =+somfinbilsys!P40 -> -0.04578 | Q39: =+P39/$P$22 -> -2.9728179e-10
A40: Autres | B40: =+somfinbilsys!B41 -> 4608097.9 | C40: =+B40/$B$22 -> 0.023655446 | D40: =+somfinbilsys!D41 -> 0 | E40: 0 | F40: =+somfinbilsys!F41 -> 0 | G40: 0 | H40: =+somfinbilsys!H41 -> 0 | I40: 0 | J40: =+somfinbilsys!J41 -> 4579271 | K40: =+J40/$J$22 -> 0.024022192 | L40: =+somfinbilsys!L41 -> 3897795.4 | M40: =+L40/$L$22 -> 0.022155122 | N40: =+somfinbilsys!N41 -> 2956375.4 | O40: =+N40/$N$22 -> 0.017333782 | P40: =+somfinbilsys!P41 -> 1939254.5 | Q40: =+P40/$P$22 -> 0.012592945
B41: =SUM(B38:B40) -> 8748474 | C41: =+B41/$B$22 -> 0.044909865 | D41: =SUM(D38:D40) -> 0 | E41: 0 | F41: =SUM(F38:F40) -> 0 | G41: 0 | H41: =SUM(H38:H40) -> 0 | I41: 0 | J41: =SUM(J38:J40) -> 10490434 | K41: =+J41/$J$22 -> 0.055031296 | L41: =SUM(L38:L40) -> 7407266.7 | M41: =+L41/$L$22 -> 0.042103003 | N41: =SUM(N38:N40) -> 4772738.4 | O41: =+N41/$N$22 -> 0.027983458 | P41: =SUM(P38:P40) -> 2342254.4 | Q41: =+P41/$P$22 -> 0.015209908
A43: Autres passifs | B43: =+somfinbilsys!B44 -> 4445986.3 | C43: =+B43/$B$22 -> 0.022823254 | D43: =+somfinbilsys!D44 -> 0 | E43: 0 | F43: =+somfinbilsys!F44 -> 0 | G43: 0 | H43: =+somfinbilsys!H44 -> 0 | I43: 0 | J43: =+somfinbilsys!J44 -> 4369013 | K43: =+J43/$J$22 -> 0.022919209 | L43: =+somfinbilsys!L44 -> 4118149.3 | M43: =+L43/$L$22 -> 0.023407616 | N43: =+somfinbilsys!N44 -> 2997481.3 | O43: =+N43/$N$22 -> 0.017574794 | P43: =+somfinbilsys!P44 -> 2281516.3 | Q43: =+P43/$P$22 -> 0.014815493
B44: =+B29+B35+B41+B43 -> 1.7928967e+08 | C44: =+B44/$B$22 -> 0.92037476 | D44: =+D29+D35+D41+D43 -> 0 | E44: 0 | F44: =+F29+F35+F41+F43 -> 0 | G44: 0 | H44: =+H29+H35+H41+H43 -> 0 | I44: 0 | J44: =+J29+J35+J41+J43 -> 1.7975121e+08 | K44: =+J44/$J$22 -> 0.94294878 | L44: =+L29+L35+L41+L43 -> 1.6286811e+08 | M44: =+L44/$L$22 -> 0.92574454 | N44: =+N29+N35+N41+N43 -> 1.596385e+08 | O44: =+N44/$N$22 -> 0.93599038 | P44: =+P29+P35+P41+P43 -> 1.4449087e+08 | Q44: =+P44/$P$22 -> 0.93828101
A46: AVOIR DES ACTIONNAIRES
A47: Capital versé | B47: =+somfinbilsys!B48 -> 6024513 | C47: =+B47/$B$22 -> 0.030926544 | D47: =+somfinbilsys!D48 -> 0 | E47: 0 | F47: =+somfinbilsys!F48 -> 0 | G47: 0 | H47: =+somfinbilsys!H48 -> 0 | I47: 0 | J47: =+somfinbilsys!J48 -> 6024565 | K47: =+J47/$J$22 -> 0.031603994 | L47: =+somfinbilsys!L48 -> 5876702 | M47: =+L47/$L$22 -> 0.033403253 | N47: =+somfinbilsys!N48 -> 4116904.4 | O47: =+N47/$N$22 -> 0.02413818 | P47: =+somfinbilsys!P48 -> 4023411.4 | Q47: =+P47/$P$22 -> 0.026126845
A48: Réserves | B48: =+somfinbilsys!B49 -> 3053147.8 | C48: =+B48/$B$22 -> 0.015673186 | D48: =+somfinbilsys!D49 -> 0 | E48: 0 | F48: =+somfinbilsys!F49 -> 0 | G48: 0 | H48: =+somfinbilsys!H49 -> 0 | I48: 0 | J48: =+somfinbilsys!J49 -> 2894460.6 | K48: =+J48/$J$22 -> 0.015183921 | L48: =+somfinbilsys!L49 -> 2441494.7 | M48: =+L48/$L$22 -> 0.013877489 | N48: =+somfinbilsys!N49 -> 1973439.7 | O48: =+N48/$N$22 -> 0.011570646 | P48: =+somfinbilsys!P49 -> 1709138.4 | Q48: =+P48/$P$22 -> 0.01109864
A49: Surplus d'apport | B49: =+somfinbilsys!B50 -> 208035.66 | C49: =+B49/$B$22 -> 0.0010679409 | D49: =+somfinbilsys!D50 -> 0 | E49: 0 | F49: =+somfinbilsys!F50 -> 0 | G49: 0 | H49: =+somfinbilsys!H50 -> 0 | I49: 0 | J49: =+somfinbilsys!J50 -> 208035.66 | K49: 0 | L49: =+somfinbilsys!L50 -> 224511.87 | M49: 0 | N49: =+somfinbilsys!N50 -> 219512.18 | O49: 0 | P49: =+somfinbilsys!P50 -> 219512.18 | Q49: 0
A50: BNR | B50: =+somfinbilsys!B51 -> 6225357.1 | C50: =+B50/$B$22 -> 0.031957567 | D50: =+somfinbilsys!D51 -> 0 | E50: 0 | F50: =+somfinbilsys!F51 -> 0 | G50: 0 | H50: =+somfinbilsys!H51 -> 0 | I50: 0 | J50: =+somfinbilsys!J51 -> 5623424.4 | K50: =+J50/$J$22 -> 0.029499669 | L50: =+somfinbilsys!L51 -> 4521205.1 | M50: =+L50/$L$22 -> 0.02569859 | N50: =+somfinbilsys!N51 -> 4607350.4 | O50: =+N50/$N$22 -> 0.027013757 | P50: =+somfinbilsys!P51 -> 3552372.4 | Q50: =+P50/$P$22 -> 0.023068057
B51: =SUM(B47:B50) -> 15511054 | C51: =+B51/$B$22 -> 0.079625237 | D51: =SUM(D47:D50) -> 0 | E51: 0 | F51: =SUM(F47:F50) -> 0 | G51: 0 | H51: =SUM(H47:H50) -> 0 | I51: 0 | J51: =SUM(J47:J50) -> 14750486 | K51: =+J51/$J$22 -> 0.077378909 | L51: =SUM(L47:L50) -> 13063914 | M51: =+L51/$L$22 -> 0.07425546 | N51: =SUM(N47:N50) -> 10917207 | O51: =+N51/$N$22 -> 0.064009624 | P51: =SUM(P47:P50) -> 9504434.4 | Q51: =+P51/$P$22 -> 0.061718989
B52: =(+B29+B35+B41+B43+B51) -> 1.9480072e+08 | C52: =+B52/$B$22 -> 1 | D52: =(+D29+D35+D41+D43+D51) -> 0 | E52: 0 | F52: =+F29+F35+F41+F43+F51 -> 0 | G52: 0 | H52: =+H29+H35+H41+H43+H51 -> 0 | I52: 0 | J52: =+J29+J35+J41+J43+J51 -> 1.945017e+08 | K52: =+J52/$J$22 -> 1.0203277 | L52: =+L29+L35+L41+L43+L51 -> 1.7593203e+08 | M52: =+L52/$L$22 -> 1 | N52: =+N29+N35+N41+N43+N51 -> 1.7055571e+08 | O52: =+N52/$N$22 -> 1 | P52: =+P29+P35+P41+P43+P51 -> 1.539953e+08 | Q52: =+P52/$P$22 -> 1

Sheet sofibilgdes&$ 
A1: SYSTÈME BANCAIRE
A2: SOMMAIRE FINANCIER
A3: BILAN
A4: DEVISES ET GOURDES
A5: (En milliers de gourdes)
B7: Décembre 14 | H7: Septembre 14
A8: ACTIF | B8: Devises converties * | C8: Gourdes | D8: Total | E8: % devises/total | H8: Devises converties * | I8: Gourdes | J8: Total | K8: % devises/total
A9: Disponibilités
A10: Encaisse | B10: =+'bilsysbandéc. 14$'!N10 -> 5841221.2 | C10: =+'bilsysbandéc, 14gdes '!N10 -> 4091332.1 | D10: =SUM(B10:C10) -> 9932553.4 | E10: =+B10/D10 -> 0.58808858 | H10: =+'unibkgdes&$'!H10+'sgbelgdes&$'!H10+'sogebkgdes&$ '!H10+'scotiagdes&$'!H10+'cbnagdes&$'!H10+'capitalbkgdes&$'!H10+'buhgdes&$'!H10+'bphgdes&$'!H10+'bncgdes&$ '!H10 -> 4668040.6 | I10: =+'unibkgdes&$'!I10+'sgbelgdes&$'!I10+'sogebkgdes&$ '!I10+'scotiagdes&$'!I10+'cbnagdes&$'!I10+'capitalbkgdes&$'!I10+'buhgdes&$'!I10+'bphgdes&$'!I10+'bncgdes&$ '!I10 -> 3329244.7 | J10: =SUM(H10:I10) -> 7997285.3 | K10: =+H10/J10 -> 0.58370315
A11: Avoirs à la BRH | B11: =+'bilsysbandéc. 14$'!N11 -> 33172527 | C11: =+'bilsysbandéc, 14gdes '!N11 -> 20397607 | D11: =SUM(B11:C11) -> 53570134 | E11: =+B11/D11 -> 0.61923547 | H11: =+'unibkgdes&$'!H11+'sgbelgdes&$'!H11+'sogebkgdes&$ '!H11+'scotiagdes&$'!H11+'cbnagdes&$'!H11+'capitalbkgdes&$'!H11+'buhgdes&$'!H11+'bphgdes&$'!H11+'bncgdes&$ '!H11 -> 33506099 | I11: =+'unibkgdes&$'!I11+'sgbelgdes&$'!I11+'sogebkgdes&$ '!I11+'scotiagdes&$'!I11+'cbnagdes&$'!I11+'capitalbkgdes&$'!I11+'buhgdes&$'!I11+'bphgdes&$'!I11+'bncgdes&$ '!I11 -> 21645320 | J11: =SUM(H11:I11) -> 55151419 | K11: =+H11/J11 -> 0.60752922
A12: Avoirs à l'étranger | B12: =+'bilsysbandéc. 14$'!N12 -> 4771613.9 | C12: =+'bilsysbandéc, 14gdes '!N12 -> 0 | D12: =SUM(B12:C12) -> 4771613.9 | E12: =+B12/D12 -> 1 | H12: =+'unibkgdes&$'!H12+'sgbelgdes&$'!H12+'sogebkgdes&$ '!H12+'scotiagdes&$'!H12+'cbnagdes&$'!H12+'capitalbkgdes&$'!H12+'buhgdes&$'!H12+'bphgdes&$'!H12+'bncgdes&$ '!H12 -> 7258935.9 | I12: =+'unibkgdes&$'!I12+'sgbelgdes&$'!I12+'sogebkgdes&$ '!I12+'scotiagdes&$'!I12+'cbnagdes&$'!I12+'capitalbkgdes&$'!I12+'buhgdes&$'!I12+'bphgdes&$'!I12+'bncgdes&$ '!I12 -> 0 | J12: =SUM(H12:I12) -> 7258935.9 | K12: =+H12/J12 -> 1
A13: Avoirs dans les banques locales | B13: =+'bilsysbandéc. 14$'!N13 -> 1481647 | C13: =+'bilsysbandéc, 14gdes '!N13 -> 472545.92 | D13: =SUM(B13:C13) -> 1954192.9 | E13: =+B13/D13 -> 0.7581887 | H13: =+'unibkgdes&$'!H13+'sgbelgdes&$'!H13+'sogebkgdes&$ '!H13+'scotiagdes&$'!H13+'cbnagdes&$'!H13+'capitalbkgdes&$'!H13+'buhgdes&$'!H13+'bphgdes&$'!H13+'bncgdes&$ '!H13 -> 1265176.2 | I13: =+'unibkgdes&$'!I13+'sgbelgdes&$'!I13+'sogebkgdes&$ '!I13+'scotiagdes&$'!I13+'cbnagdes&$'!I13+'capitalbkgdes&$'!I13+'buhgdes&$'!I13+'bphgdes&$'!I13+'bncgdes&$ '!I13 -> 405876.82 | J13: =SUM(H13:I13) -> 1671053 | K13: =+H13/J13 -> 0.75711314
A14: Autres liquidités | B14: =+'bilsysbandéc. 14$'!N14 -> 334288.7 | C14: =+'bilsysbandéc, 14gdes '!N14 -> 741438.02 | D14: =SUM(B14:C14) -> 1075726.7 | E14: =+B14/D14 -> 0.31075615 | H14: =+'unibkgdes&$'!H14+'sgbelgdes&$'!H14+'sogebkgdes&$ '!H14+'scotiagdes&$'!H14+'cbnagdes&$'!H14+'capitalbkgdes&$'!H14+'buhgdes&$'!H14+'bphgdes&$'!H14+'bncgdes&$ '!H14 -> 593457 | I14: =+'unibkgdes&$'!I14+'sgbelgdes&$'!I14+'sogebkgdes&$ '!I14+'scotiagdes&$'!I14+'cbnagdes&$'!I14+'capitalbkgdes&$'!I14+'buhgdes&$'!I14+'bphgdes&$'!I14+'bncgdes&$ '!I14 -> 652199.78 | J14: =SUM(H14:I14) -> 1245656.8 | K14: =+H14/J14 -> 0.47642096
B15: =SUM(B10:B14) -> 45601298 | C15: =SUM(C10:C14) -> 25702923 | D15: =SUM(B15:C15) -> 71304220 | E15: =+B15/D15 -> 0.63953154 | H15: =SUM(H10:H14) -> 47291709 | I15: =SUM(I10:I14) -> 26032642 | J15: =SUM(H15:I15) -> 73324350 | K15: =+H15/J15 -> 0.64496594
